Workbook

Sheet 0 - CRITERIOS
D3: FORMA | F3: MAPA DE RIESGOS DE GESTIÓN | N3: CÓDIGO | P3: DEST-F-001
D4: ACTIVIDAD | F4: GESTIÓN DE RIESGOS Y OPORTUNIDADES | N4: VERSIÓN | P4: 2
D5: PROCESO | F5: DIRECCIONAMIENTO ESTRATÉGICO | N5: FECHA | P5: 43776
B6: MAPA DE CALOR Y NIVELES DE EXPOSICIÓN AL RIESGO
B7: La presente Forma se debe usar como instrumento que facilita la sistematización de la información resultante de implementar el procedimiento DEST-P-001 ADMINISTRACIÓN DE RIESGOS DE GESTIÓN, cuyo objetivo es evaluar y tratar los riesgos de gestión que pueden afectar el logro de los objetivos de procesos y planes establecidos por la Dirección General para el cumplimiento de las funciones asignadas a la Agencia Nacional de Tierras.
C9: Probabilidad de ocurrencia | D9: Casi Seguro | K9: IMPACTO | M9: PROBABILIDAD | O9: NIVEL
D10: Probable | K10: Catastrófico | M10: Casi seguro | O10: EXTREMO
D11: Posible | K11: Catastrófico | M11: Probable | O11: EXTREMO
D12: Improbable | K12: Catastrófico | M12: Posible | O12: EXTREMO
D13: Rara Vez | K13: Catastrófico | M13: Improbable | O13: EXTREMO
E14: Insignificante | F14: Menor | G14: Moderado | H14: Mayor | I14: Catastrófico | K14: Catastrófico | M14: Rara Vez | O14: EXTREMO
E15: Impacto | K15: Mayor | M15: Casi seguro | O15: EXTREMO
K16: Mayor | M16: Probable | O16: EXTREMO
C17: TIPOLOGÍA DE RIESGOS | K17: Mayor | M17: Posible | O17: EXTREMO
C18: Estratégicos | D18: Posibilidad de ocurrencia de eventos que afecten los objetivos estratégicos de la organización pública y por tanto impactan toda la entidad | K18: Mayor | M18: Improbable | O18: ALTO
C19: Gerenciales | D19: Posibilidad de ocurrencia de eventos que afecten los procesos gerenciales y/o la alta dirección | K19: Mayor | M19: Rara Vez | O19: ALTO
C20: Operativos | D20: posibilidad de ocurrencia de eventos que afecten los procesos misionales de la entidad | K20: Moderado | M20: Casi seguro | O20: EXTREMO
C21: Financieros | D21: posibilidad de ocurrencia de eventos que afecten los estados financieros y todas aquellas áreas involucradas con el proceso financiero como presupuesto, tesorería, contabilidad, cartera, central de cuentas, costos, etc. | K21: Moderado | M21: Probable | O21: ALTO
C22: Tecnológicos | D22: posibilidad de ocurrencia de eventos que afecten la totalidad o parte de la infraestructura tecnológica (hardware, software, redes, etc.) de una entidad. | K22: Moderado | M22: Posible | O22: ALTO
C23: De Cumplimiento | D23: posibilidad de ocurrencia de eventos que afecten la situación jurídica o contractual de la organización debido a su incumplimiento o desacato a la normatividad legal y las obligaciones contractuales | K23: Moderado | M23: Improbable | O23: MODERADO
C24: De imagen o reputacional | D24: posibilidad de ocurrencia de un evento que afecte la imagen, buen nombre o reputación de una organización ante sus clientes y partes interesadas | K24: Moderado | M24: Rara Vez | O24: MODERADO
C25: Satisfacción del cliente | D25: Posibilidad de ocurrencia de un servicio o producto afecte la integridad, bienestar o seguridad de un cliente o usuario | K25: Menor | M25: Casi seguro | O25: ALTO
C26: Otro | D26: Otro | K26: Menor | M26: Probable | O26: ALTO
K27: Menor | M27: Posible | O27: MODERADO
C28: NOTA IMPORTANTE: Cuanto la solidez del conjunto de los controles es débil, en el cálculo del riesgo residual no se disminuirá ningún cuadrante de impacto o probabilidad.n cuadrante de impacto o probabilidad.0 | K28: Menor | M28: Improbable | O28: BAJO
C29: 1 | K29: Menor | M29: Rara Vez | O29: BAJO
C30: 2 | K30: Insignificante | M30: Casi seguro | O30: ALTO
C31: 3 | K31: Insignificante | M31: Probable | O31: MODERADO
C32: 4 | K32: Insignificante | M32: Posible | O32: BAJO
C33: 5 | K33: Insignificante | M33: Improbable | O33: BAJO
C34: 6 | K34: Insignificante | M34: Rara Vez | O34: BAJO
B37: MATRICES PARA VALORACIÓN DEL IMPACTO Y PROBABILIDAD DEL RIESGO DE GESTIÓN
C39: Valoración de probabilidad de ocurrencia del riesgo | I39: Valoración del impacto del riesgo
C40: Nivel | D40: Descriptor | E40: Descripción | G40: Frecuencia | I40: Nivel | J40: Descriptor | K40: (CONSECUENCIAS) CUANTITATIVO | M40: (CONSECUENCIAS) CUALITATIVO
C41: 5 | D41: Casi seguro | E41: Se espera que el evento ocurra en la mayoría de las circunstancias. | G41: Más de 1 vez al año. | I41: 5 | J41: Catastrófico | K41: Impacto que afecte la ejecución presupuestal en un valor ≥50%. Pérdida de cobertura en la prestación de los servicios de la entidad ≥50%. Pago de indemnizaciones a terceros por acciones legales que pueden afectar el presupuesto total de la entidad en un valor ≥50%. Pago de sanciones económicas por incumplimiento en la normatividad aplicable ante un ente regulador, las cuales afectan en un valor ≥50% del presupuesto general de la entidad. | M41: Interrupción de las operaciones de la entidad por más de cinco (5) días. Intervención por parte de un ente de control u otro ente regulador. Pérdida de información crítica para la entidad que no se puede recuperar. Incumplimiento en las metas y objetivos institucionales afectando de forma grave la ejecución presupuestal. Imagen institucional afectada en el orden nacional o regional por actos o hechos de corrupción comprobados.
C42: 4 | D42: Probable | E42: Es viable que el evento ocurra en la mayoría de las circunstancias. | G42: Al menos 1 vez en el último año. | I42: 4 | J42: Mayor | K42: Impacto que afecte la ejecución presupuestal en un valor ≥20% Pérdida de cobertura en la prestación de los servicios de la entidad ≥20% Pago de indemnizaciones a terceros por acciones legales que pueden afectar el presupuesto total de la entidad en un valor ≥20% Pago de sanciones económicas por incumplimiento en la normatividad aplicable ante un ente regulador, las cuales afectan en un valor ≥20% del presupuesto general de la entidad | M42: Interrupción de las operaciones de la entidad por más de dos (2) días. Pérdida de información crítica que puede ser recuperada de forma parcial o incompleta. Sanción por parte del ente de control u otro ente regulador. Incumplimiento en las metas y objetivos institucionales afectando el cumplimiento en las metas de gobierno. Imagen institucional afectada en el orden nacional o regional por incumplimientos en la prestación del servicio a los usuarios o ciudadanos.
C43: 3 | D43: Posible | E43: El evento podrá ocurrir en algún momento. | G43: Al menos 1 vez en los últimos 2 años. | I43: 3 | J43: Moderado | K43: Impacto que afecte la ejecución presupuestal en un valor ≥5% Pérdida de cobertura en la prestación de los servicios de la entidad ≥10% Pago de indemnizaciones a terceros por acciones legales que pueden afectar el presupuesto total de la entidad en un valor ≥5% Pago de sanciones económicas por incumplimiento en la normatividad aplicable ante un ente regulador, las cuales afectan en un valor ≥5% del presupuesto general de la entidad | M43: Interrupción de las operaciones de la entidad por un (1) día Reclamaciones o quejas de los usuarios que podrían implicar una denuncia ante los entes reguladores o una demanda de largo alcance para la entidad Inoportunidad en la información, ocasionando retrasos en la atención a los usuarios Reproceso de actividades y aumento de carga operativa Imagen institucional afectada en el orden nacional o regional por retrasos en la prestación del servicio a los usuarios o ciudadanos Investigaciones penales, fiscales o disciplinarias
C44: 2 | D44: Improbable | E44: El evento puede ocurrir en algún momento. | G44: Al menos 1 vez en los últimos 5 años. | I44: 2 | J44: Menor | K44: Impacto que afecte la ejecución presupuestal en un valor ≥1%. Pérdida de cobertura en la prestación de los servicios de la entidad ≥5% Pago de indemnizaciones a terceros por acciones legales que pueden afectar el presupuesto total de la entidad en un valor ≥1% Pago de sanciones económicas por incumplimiento en la normatividad aplicable ante un ente regulador, las cuales afectan en un valor ≥1% del presupuesto general de la entidad | M44: Interrupción de las operaciones de la entidad por algunas horas Reclamaciones o quejas de los usuarios, que implican investigaciones internas disciplinarias Imagen institucional afectada localmente por retrasos en la prestación del servicio a los usuarios o ciudadanos.
C45: 1 | D45: Rara Vez | E45: El evento puede ocurrir solo en circunstancias excepcionales (poco comunes o anormales). | G45: No se ha presentado en los últimos 5 años. | I45: 1 | J45: Insignificante | K45: Impacto que afecte la ejecución presupuestal en un valor ≥0,5% Pérdida de cobertura en la prestación de los servicios de la entidad ≥1% Pago de indemnizaciones a terceros por acciones legales que pueden afectar el presupuesto total de la entidad en un valor ≥0,5% Pago de sanciones económicas por incumplimiento en la normatividad aplicable ante un ente regulador, las cuales afectan en un valor ≥0,5% del presupuesto general de la entidad | M45: No hay interrupción de las operaciones de la entidad No se generan sanciones económicas o administrativas No se afecta la imagen institucional de forma significativa
C48: Tratamiento del Riesgo
C49: Tratamiento | D49: Descripción | H49: Aplicación
C50: Aceptar | D50: No se adopta ninguna medida que afecte la probabilidad o el impacto del riesgo. (Ningún riesgo de corrupción podrá ser aceptado). | H50: Aplicar para riesgos inherentes y residuales en la zona de calificación de riesgo bajo.
C51: Reducir | D51: Se adoptan medidas para reducir la probabilidad o el impacto del riesgo, o ambos; por lo general conlleva a la implementación de controles. | H51: Aplica para riesgos residuales moderados, altos y extremos que pueden ser administrado mediante el diseño de nuevos controles o el fortalecimiento de los controles existentes, de modo que en el futuro el riesgo residual se pueda reevaluar como aceptable.
C52: Evitar | D52: Se abandonan las actividades que dan lugar al riesgo, es decir, no iniciar o no continuar con la actividad que lo provoca. | H52: Cuando los escenarios de riesgo identificado se consideran demasiado extremos y las actividades no están establecidas por la ley.
C53: Compartir | D53: Se reduce la probabilidad o el impacto del riesgo transfiriendo o compartiendo una parte de este. Los riesgos de corrupción se pueden compartir pero no se puede transferir su responsabilidad. | H53: Cuando es muy difícil reducir el riesgo a un nivel aceptable o se carece de conocimientos necesarios para gestionarlo, este puede ser compartido con otra parte interesada que pueda gestionarlo con más eficacia, generalmente por medio de seguros o de tercerización.
B57: MATRICES PARA VALORACIÓN DEL DISEÑO Y EJECUCIÓN DE LOS CONTROLES
C59: Valoración de la EJECUCIÓN del control | I59: Valoración del DISEÑO del control
C60: Rango de calificación de la ejecución | D60: Peso de la ejecución del control | I60: Criterio de evaluación | K60: Opción de respuesta al criterio de evaluación | L60: Peso en la evaluación del diseño del control
C61: Fuerte | D61: El control se ejecuta de manera consistente por parte del responsable. | I61: 1.1 Asignación del responsable | K61: Asignado | L61: 15
C62: Moderado | D62: El control se ejecuta algunas veces por parte del responsable. | K62: No Asignado | L62: 0
C63: Débil | D63: El control no se ejecuta por parte del responsable. | I63: 1.2 Segregación y autoridad del responsable | K63: Adecuado | L63: 15
K64: Inadecuado | L64: 0
I65: 2. Periodicidad | K65: Oportuna | L65: 15
K66: Inoportuna | L66: 0
I67: 3. Propósito | K67: Prevenir | L67: 15
K68: Detectar | L68: 10
C69: DIARIO | K69: No es un control | L69: 0
C70: SEMANAL | I70: 4. Cómo se realiza la actividad de control | K70: Confiable | L70: 15
C71: MENSUAL | K71: No confiable | L71: 0
C72: TRIMESTRAL | I72: 5.Qué pasa con las observaciones o desviaciones | K72: Se investigan oportunamente | L72: 15
C73: SEMESTRAL | K73: No se investigan oportunamente | L73: 0
C74: ANUAL | I74: Evidencia de la ejecución del control | K74: Completa | L74: 10
K75: Incompleta | L75: 5
K76: No existe | L76: 0
I77: Fuerte | J77: Si su calificación es entre 96 y 100
I78: Moderado | J78: Si su calificación es entre 86 y 95
I79: Débil | J79: si su calificación es entre 0 y 85
B81: MATRICES PARA VALORACIÓN DE SOLIDEZ INDIVIDUAL Y DEL CONJUNTO DE LOS CONTROLES
C83: VALORACIÓN SOLIDEZ INDIVIDUAL DEL CONTROL | I83: VALORACIÓN SOLIDEZ DEL CONJUNTO DE LOS CONTROLES
C84: DISEÑO | D84: EJECUCIÓN | E84: SOLIDEZ INDIVIDUAL
C85: Fuerte | D85: Fuerte | E85: Fuerte | I85: Fuerte | J85: El promedio de la solidez individual de cada control al sumarlos y ponderarlos es igual a 100
C86: Fuerte | D86: Moderado | E86: Moderado | I86: Moderado | J86: El promedio de la solidez individual de cada control al sumarlos y ponderarlos está entre 50 y 99
C87: Fuerte | D87: Débil | E87: Débil | I87: Débil | J87: El promedio de la solidez individual de cada control al sumarlos y ponderarlos es menor a 50
C88: Moderado | D88: Fuerte | E88: Moderado
C89: Moderado | D89: Moderado | E89: Moderado | I89: CANTIDAD DE CONTROLES AL RIESGO
C90: Moderado | D90: Débil | E90: Débil | I90: 0
C91: Débil | D91: Fuerte | E91: Débil | I91: 1
C92: Débil | D92: Moderado | E92: Débil | I92: 2
C93: Débil | D93: Débil | E93: Débil | I93: 3
I94: 4
I95: 5
B98: MATRIZ PARA CALCULO DE RIESGO RESIDUAL
C100: SOLIDEZ DEL CONJUNTO DE LOS CONTROLES | E100: CONTROLES AYUDAN A DISMINUIR LA PROBABILIDAD | G100: CONTROLES AYUDAN A DISMINUIR EL IMPACTO | I100: # COLUMNAS EN LA MATRIZ DE RIESGO QUE SE DESPLAZA EN EL EJE DE PROBABILIDAD | K100: # COLUMNAS EN LA MATRIZ DE RIESGO QUE SE DESPLAZA EN EL EJE DE IMPACTO
C101: Fuerte | E101: Directamente | G101: Directamente | I101: 2 | K101: 2
C102: Fuerte | E102: Directamente | G102: Indirectamente | I102: 2 | K102: 1 | N102: Directamente
C103: Fuerte | E103: Directamente | G103: No disminuye | I103: 2 | K103: 0 | N103: No disminuye
C104: Fuerte | E104: No disminuye | G104: Directamente | I104: 0 | K104: 2
C105: Moderado | E105: Directamente | G105: Directamente | I105: 1 | K105: 1 | N105: Directamente
C106: Moderado | E106: Directamente | G106: Indirectamente | I106: 1 | K106: 0 | N106: Indirectamente
C107: Moderado | E107: Directamente | G107: No disminuye | I107: 1 | K107: 0 | N107: No disminuye
C108: Moderado | E108: No disminuye | G108: Directamente | I108: 0 | K108: 1
E110: Anexo 1 . Tipo de solicitud de modificación
E111: INCLUSIÓN
E112: ELIMINACIÓN
E113: ACTUALIZACIÓN

Sheet POLÍTICA
D3: FORMA | F3: MAPA DE RIESGOS DE GESTIÓN | M3: CÓDIGO | O3: DEST-F-001
D4: ACTIVIDAD | F4: GESTIÓN DE RIESGOS Y OPORTUNIDADES | M4: VERSIÓN | O4: 2
D5: PROCESO | F5: DIRECCIONAMIENTO ESTRATÉGICO | M5: FECHA | O5: 43776
B6: POLÍTICA DE ADMINISTRACIÓN DE RIESGOS
B7: "El Modelo Integrado de Planeación y Gestión - MIPG, establece que desde el ejercicio del “Direccionamiento estratégico y planeación” la Alta Dirección debe emitir los lineamientos precisos para el tratamiento, manejo y seguimiento a los riesgos que afectan el logro de los objetivos institucionales. FUNCIÓN PÚBLICA 2018.
B8: La versión completa de la POLITICA DE RIESGO INSTITUCIONAL puede ser consulta en el siguiente Link: Política de Riesgo Institucional ANT
B11: POLÍTICA | D11: La Alta Dirección de la Agencia Nacional de Tierras está comprometida con la ejecución efectiva y transparente de sus actividades y en la realización de acciones de control, seguimiento y monitoreo necesarias, para mitigar los eventos de riesgos que puedan impedir el cumplimiento de la misión y objetivos institucionales.
B12: OBJETIVO | D12: La presente política tiene como finalidad establecer los lineamientos para la administración del riesgo en la Entidad, a partir de los cuales se definirán los procedimientos y mecanismos de verificación y evaluación encaminados a la búsqueda de la eficiencia y eficacia de los procesos.
B13: ALCANCE | D13: La presente política considera los riesgos propios de los procesos y actividades desarrolladas al interior de la ANT, en donde se hace necesario el entendimiento, compromiso y disposición de todas las dependencias y personal de la Entidad, en forma independiente de su nivel jerárquico, función o localización. El alcance definido para la Administración del Riesgo en la ANT se basará en los siguientes aspectos claves: a) La Administración del Riesgo es responsabilidad de todo el personal de la ANT, tanto de la Alta Dirección como de los demás servidores públicos. Los líderes de proceso o el enlace del Modelo Integrado de Planeación y Gestión – MIPG en cada dependencia, son los encargados de asegurar la aplicación y seguimiento de las distintas políticas, normas y procedimientos definidos para el cumplimiento de los objetivos de cada proceso, en concordancia con la Oficina de Planeación. b) La Administración del Riesgo estará integrada dentro de todas las actividades y sistemas de la Entidad, formando parte también en el proceso de planificación general de la gestión. c) La Administración del Riesgo se integrará a los planes, programas, procesos y actividades diarias que realizan las dependencias de la ANT dentro del alcance definido en el marco estratégico y organizacional. d) La aplicación sistemática de la Administración del Riesgo se hará sobre análisis fundados, haciendo uso efectivo y eficiente de los recursos de la Entidad. e) Aquellos riesgos que resulten en un nivel de riesgo extremo, luego de ser valorados mediante la metodología definida, serán monitoreados continuamente y en forma especial por la Oficina de Planeación y la Oficina del Inspector de la Gestión de Tierras, en relación con los riesgos de corrupción.
B14: NIVELES DE ACEPTACIÓN DEL RIESGO Y TRATAMIENTO | D14: La Agencia Nacional de Tierras acepta, solamente, los riesgos residuales en el nivel de exposición de riesgo "Bajo". En estos casos, no será necesaria la formulación de acciones preventivas para el diseño o fortalecimiento de controles. Los riesgos aceptados estarán sujetos a monitoreo por parte de la dependencia responsable del proceso. Cuando se materialice un Riesgo que fue previamente aceptado, se debe proceder según las siguientes dos opciones: 1. Cuando el número de materializaciones y el momento en que ocurren se ajustan a los criterios de la probabilidad residual determinada, se considera que el resultado de la evaluación del riesgo continúa siendo adecuado y por lo tanto, no será necesario revisarlo o ajustarlo. En el marco del seguimiento a la Administración de Riesgos de Gestión las dependencias responsables del proceso deben reportar a la Oficina de Planeación todas las materializaciones y los soportes correspondientes. 2. Cuando el número de materializaciones y el momento en que ocurren superan los criterios de la probabilidad residual determinada, se considera que el resultado de la evaluación del riesgo dejó de ser adecuado y, por lo tanto, se debe recalcular en nivel de exposición del riesgo en el Mapa de Calor. Cuando el nuevo nivel de exposición calculado se ubica en los niveles: Moderado, Alto o extremo, se deben fortalecer las actividades de control, mediante el diseño o la formulación de Acciones Preventivas. En el marco del seguimiento a la Administración de Riesgos de Gestión se deben reportar a la Oficina de Planeación todas las materializaciones, los soportes y la propuesta de actualización de las Acciones preventivas.
B15: PROCEDIMIENTO | D15: La entidad cuenta con el procedimiento documentado DEST-P-001 ADMINISTRACIÓN DE RIESGOS DE GESTIÓN, cuyo objetivo es determinar los fundamentos y las tareas para facilitar la evaluación y el tratamiento de los riesgos de gestión que pueden afectar el logro de los objetivos de procesos y planes establecidos por la Dirección General para el cumplimiento de las funciones asignadas a la Agencia Nacional de Tierras. El procedimiento presenta un alcance desde el establecimiento del contexto de la organización como base para la identificación de los riesgos de gestión, hasta el seguimiento y evaluación de las acciones planificadas y de los controles establecidos para tratarlos.

Sheet 2 - CONTEXTO
D2: FORMA | F2: MAPA DE RIESGOS DE GESTIÓN | K2: CÓDIGO | M2: DEST-F-001
D3: ACTIVIDAD | F3: GESTIÓN DE RIESGOS Y OPORTUNIDADES | K3: VERSIÓN | M3: 2
D4: PROCESO | F4: DIRECCIONAMIENTO ESTRATÉGICO | K4: FECHA | M4: 43776
B5: CONTEXTO
B6: "Como herramienta básica para el análisis del contexto del proceso se sugiere utilizar las caracterizaciones de estos, donde es posible contar con este panorama. Función Pública 2018.
B7: ANALISIS DEL CONTEXTO INSTITUCIONAL
B8: CONTEXTO EXTERNO | E8: POLÍTICOS: cambios de gobierno, legislación, políticas públicas, regulación. | G8: 1. Las determinaciones que en temas de tierra viene tomando el Nuevo Gobierno Nacional, de alguna manera afectan positiva o negativamente el accionar de la ANT 2. Las posiciones asumidas por el Nuevo Gobierno Nacional respecto al Proceso de Paz, en temas de tierras (Punto 1 del Acuerdo de la Habana) 3. Las marcadas diferencias, de tipo ideológico, entre los integrantes del Congreso de la República, en temas de tierras 4. Injerencia de grupos económicos (gremios, etc.) en las determinaciones que en materia de tierras y de reforma agraria, deba tomar las autoridades legislativas 5. Influencia de actores externos (políticos, gremios) en las determinaciones de la Entidad.
E10: ECONÓMICOS Y FINANCIEROS: disponibilidad de capital, liquidez, mercados financieros, desempleo, competencia. | G10: 1. La limitación se recursos financieros, por parte del Gobierno Nacional, para compras de predios para atender la alta demanda de tierras de las comunidades rurales. 2. Lo costoso que resulta la visita a gran parte del territorio nacional para hacer presencia institucional (distancias, topografías, medios de transporte, etc.) 3. Concentración en la ejecución de recursos, en ciertas regiones del País, para adjudicación de tierras y proyectos productivos. 4. Influencia de actores externos (políticos, gremios) en la determinación de recursos para la Entidad.
E12: SOCIALES Y CULTURALES: demografía, responsabilidad social, orden público. | G12: 1. Las políticas con Enfoque Diferencial definidas por el Estado que influencian la actuación de la Entidad 2. Las exigencias de los grupos étnicos y comunidades campesinas en materia de adjudicación de tierras 3. El paro indefinido decretado por las comunidades indígenas del departamento del Cauca, motivado por adjudicación de tierras, proyectos productivos, etc. 4. Las movilizaciones campesinas de tipo reivindicativas en materia de tierras y proyectos productivos
E14: TECNOLÓGICOS: avances en tecnología, acceso a sistemas de información externos, gobierno en línea. | G14: 1. Grandes avances tecnológicos existentes en el mercado para asuntos relacionados con mediciones y demás, en materia rural 2. Las normas que en materia de avance digital ha venido implementando el Gobierno Nacional, que han favorecido al sector rural colombiano
E16: AMBIENTALES: emisiones y residuos, energía, catástrofes naturales, desarrollo sostenible. | G16: 1. Las políticas y normas sobre cambios de uso o usos indebidos a los suelos rurales 2. Las frecuentes afectaciones al suelo rural por la minería ilegal y cultivos ilícitos. 3. La aplicación de fungicidas y herbicidas en fumigaciones, sean de tipo legal (prevención de siembras ilícitas) o ilegal (para siembras de cultivos ilícitos), que afectan negativamente el suelo rural.
E18: LEGALES Y REGLAMENTARIOS: Normatividad externa (leyes, decretos, ordenanzas y acuerdos). | G18: 1. Las limitaciones, que de tipo legal, existen relacionados con los usos del suelo rural. 2. Los frecuentes cambios normativos, en materia de desarrollo rural y de reforma agraria. 3. Prevalencia de intereses personales o de pequeños grupos económicos en materia de legislación rural.
B20: CONTEXTO INTERNO | E20: FINANCIEROS: presupuesto de funcionamiento, recursos de inversión, infraestructura, capacidad instalada. | G20: 1. La limitación se recursos financieros para compras de predios para atender la alta demanda de tierras de las comunidades rurales. 2. Lo costoso que resulta la visita a gran parte del territorio nacional para hacer presencia institucional (distancias, topográficas, transporte, etc.). 3. Limitación de recursos para tener mayor presencia institucional en las regiones.
E22: PERSONAL: competencia del personal, disponibilidad del personal, seguridad y salud ocupacional. | G22: 1. Subutilización de funcionarios con grandes experiencias y competencias en temas rurales 2. Contratación de personal sin las calidades y cualidades profesionales para la atención del sector rural 3. Inadecuada distribución de funcionarios, en las dependencias, contratistas y planta, según competencias 4. Inducción y reinducción a funcionarios en conocimientos del funcionamiento general de la ANT 5. Subjetividad en materia de toma de decisiones por los funcionarios
E24: PROCESOS: capacidad, diseño, ejecución, proveedores, entradas, salidas, gestión del conocimiento. | G24: 1. Mapa de procesos y procedimientos institucional bien estructurados 2. Dispersión entre dependencias en las toma de decisiones, en materia de procesos y procedimientos 3. Subjetividad en materia de toma de decisiones, tanto de directivos, como de funcionarios 4. Inducción y reinducción a funcionarios en conocimientos del funcionamiento general de la ANT y sus procesos y procedimientos.
E26: TECNOLOGÍA: integridad de datos, disponibilidad de datos y sistemas, desarrollo, producción, mantenimiento de sistemas de información. | G26: 1. Se cuenta con plataformas tecnológicas, ágiles y de fácil acceso, al servicio de los pobladores rurales (FISO) y grupos de interés 2. Por la escasa presencia institucional en las regiones se subutiliza las bondades de la Plataforma tecnológica, ante las limitaciones de los pobladores rurales en materia de uso de las TICs 3. A pesar de contar con las tecnologías no hay unificación de los datos de avances en la gestión institucional entre dependencias. 4. Escasa coordinación, entre dependencias, para el mejor aprovechamiento de las tecnologías existentes en la Entidad
E28: ESTRATÉGICOS: direccionamiento estratégico, planeación institucional, liderazgo, trabajo en equipo. | G28: 1. La ANT cuenta con una serie de documentos que definen su estructura legal, contexto y actuación a corto, mediano y largo plazo 2. Sus planes, programas y proyectos son revisados y ajustados con frecuencia, acordes con las exigencias del contexto, sea éste interno o externo 3. Su actuación está orientada a responder las exigencias de los Planes de Desarrollo Nacional, las normatividades de Sector Agricultura, y su propia estructura, misión y visión. 4. A pesar de que la Entidad se encuentra bien constituida estratégicamente, falta mayor dinámica en su implementación. 5. Los equipos de trabajo internos, en muchas ocasiones no se coordinan entre si en su desempeño institucional 6. Escasa coordinación, entre dependencias, para el logro de los objetivos de planes, programas y proyectos.
E30: COMUNICACIÓN INTERNA: canales utilizados y su efectividad, flujo de la información necesaria para el desarrollo de las operaciones. | G30: 1. Existencia de varios canales informativos y de comunicación internos que se actualizan con frecuencia 2. A pesar de la existencia de canales informativos y de comunicación internos, la información interna no es fluida 3. Escasa o baja presencia de funcionarios en jornadas de capacitación, como en eventos masivos que se programan 4. Poca o baja coordinación, entre dependencias, para una comunicación ágil y fluida 5. Se generen nuevas o mucho más ágiles estrategias de comunicación e información.
B32: CONTEXTO DEL PROCESO | E32: PROCESO | G32: DISEÑO DEL PROCESO: claridad en la descripción del alcance y objetivo del proceso. | H32: INTERACCIONES CON OTROS PROCESOS: relación precisa con otros procesos en cuanto a insumos, proveedores, productos, usuarios o clientes. | I32: TRANSVERSALIDAD: procesos que determinan lineamientos necesarios para el desarrollo de todos los procesos de la entidad. | J32: PROCEDIMIENTOS ASOCIADOS: pertinencia en los procedimientos que desarrollan los procesos. | K32: RESPONSABLES DEL PROCESO: grado de autoridad y responsabilidad de los funcionarios frente al proceso. | L32: COMUNICACIÓN ENTRE LOS PROCESOS: efectividad en los flujos de información determinados en la interacción de los procesos. | M32: ACTIVOS DE SEGURIDAD DIGITAL DEL PROCESO: información, aplicaciones, hardware entre otros, que se deben proteger para garantizar el funcionamiento interno de cada proceso, como de cara al ciudadano. Ver conceptos básicos relacionados con el riesgo páginas 8 y 9.
E33: Direccionamiento Estratégico | G33: ALCANCE: Desde la comprensión del contexto interno y externo, hasta la formulación de Planes, programas y proyectos relacionados con el cumplimiento de las funciones de la entidad. OBJETIVO: Establecer los lineamientos estratégicos y el esquema de operación de la Agencia Nacional de Tierras, asegurando la disponibilidad de los recursos necesarios para su aplicación. | J33: 1. DEST-P-002 FORMULACIÓN DEL PLAN ESTRATÉGICO. 2. DEST-P-003 FORMULACIÓN DEL PLAN DE ACCIÓN ANUAL 3. DEST-P-005 FORMULACIÓN DE PROYECTOS DE INVERSIÓN 4. DEST-P-007 GESTIÓN DE INDICADORES ANT. 5. DEST-P-008 FORMULACIÓN DE LA POLÍTICA Y ESTRATEGIA DE TRANSPARENCIA Y ANTICORRUPCIÓN | K33: 1. Oficina del Planeación.
E34: Comunicación y Gestión con Grupos de Interés. | G34: ALCANCE: Desde la formulación de lineamientos de comunicación interna y externa, hasta la articulación con los grupos de interés y organismos de control. OBJETIVO: Establecer lineamientos para la comunicación y coordinación intra e interinstitucional, que proporcione a los grupos de interés información veraz, objetiva y oportuna de la misión, objetivos y gestión de la Agencia Nacional de Tierras. | J34: 1. COGGI-P-001 ATENCIÓN Y SEGUIMIENTO A DENUNCIAS DE HECHOS ASOCIADOS A CORRUPCIÓN. 2. COGGI-P-002 DIRECCIONAMIENTO LEGAL. 3. COGGI-P-004 COMUNICACIÓN EXTERNA. 4. COGGI-P-005 ELABORACIÓN DE PLAN ANTICORRUPCIÓN Y DE ATENCIÓN AL CIUDADANO. 5. COGGI-P-006 ATENCIÓN A ORGANIZACIONES Y PROCESOS DE DIÁLOGO SOCIAL. 6. COOGI-P-007 CARACTERIZACIÓN DE CIUDADANOS, USUARIOS O GRUPOS DE INTERÉS. | K34: 1. Dirección General. 2. Secretaría General. 3. Oficina de Planeación. 4. Oficina Jurídica. 5. Oficina del Inspector de la Gestión de Tierras. 6. Oficina de Control Interno.
E35: Inteligencia de la información. | G35: ALCANCE: Desde el entendimiento estratégico (planes de acción GEL e Institucional PETIC), la definición, diseño e implementación de arquitectura de TIC en sus diferentes dominios, hasta el análisis de información y producción de conocimiento, el control de la información documentada, el esquema de gobierno de TIC (políticas lineamientos, diseño de servicios, seguridad de la información) y monitoreo y control de TIC. OBJETIVO: Definir e implementar políticas, lineamientos, modelos y estándares de gestión, manejo, control y análisis de la Información, asegurando su confiabilidad y alineación de los objetivos estratégicos de TI con los objetivos estratégicos institucionales y sectoriales para el logro del ordenamiento social de la propiedad rural. | J35: 1. INTI-P-001 CONTROL DE LA INFORMACIÓN DOCUMENTADA. 2. INTI-P-002 GESTIÓN DEL CONOCIMIENTO. 3. INTI-P-003 ARQUITECTURA TIC. 4. INTI-P-004 GOBIERNO DE TIC. 5. INTI-P-005 PLANEACIÓN ESTRATÉGICA DE TECNOLOGÍAS DE LA INFORMACIÓN Y COMUNICACIONES. 6. INTI-P-006 PRODUCCIÓN ESTADÍSTICA PARA EL OBSERVATORIO DE TIERRAS. | K35: 1. Dirección de Gestión del Ordenamiento Social de la Propiedad. 2. Oficina de Planeación.
E36: Gestión del Modelo de Atención. | G36: ALCANCE: Inicia con la recepción del rezago documental y finaliza con la identificación y respuesta de las Peticiones, Quejas, Reclamos, Denuncias y Felicitaciones que recibe la Agencia Nacional de Tierras. OBJETIVO: Asegurar la atención al ciudadano, mediante los modelos de atención por oferta, demanda y descongestión, que permita detectar las necesidades de ordenamiento social de la propiedad rural. | J36: 1. GEMA-P-002 RECEPCIÓN DE PQRSD | K36: 1. Secretaría General. 2. Dirección de Gestión del Ordenamiento social de la Propiedad. 3. Dirección Acceso a Tierras. 4. Dirección Gestión Jurídica de Tierras. 5. Dirección Asuntos Étnicos.
E37: Planificación del Ordenamiento Social de la Propiedad | G37: ALCANCE: Desde el análisis de la información proveniente del proceso de gestión del modelo de atención hasta la aprobación de los planes de ordenamiento social de la propiedad rural y la planificación de las acciones para la demanda y rezago como también los planes de atención a comunidades étnicas. OBJETIVO: Determinar las acciones necesarias a cargo de la Entidad para consolidar el Ordenamiento Social de la Propiedad Rural considerando los modelos de atención por oferta, demanda y descongestión. | J37: 1. POSPR-P-001 FORMULACIÓN PLAN DE ATENCIÓN A COMUNIDADES ÉTNICAS. 2. POSPR-P-002 FORMULACIÓN DE POSPR. 3. POSPR-P-003 MONITOREO Y SEGUIMIENTO A LA FORMULACIÓN E IMPLEMENTACIÓN DE LOS POSPR. 4. POSPR-P-004 IMPLEMENTACIÓN Y ACTUALIZACIÓN DE LOS POSPR. 5. POSPR-P-005 REGISTRO DE SUJETOS DE ORDENAMIENTO SOCIAL. 6. POSPR-P-006 PROCEDIMIENTO ÚNICO DE ORDENAMIENTO SOCIAL DE LA PROPIEDAD. | K37: 1. Dirección General. 2. Dirección de Gestión del Ordenamiento Social de Propiedad. 3. Subdirección de Planeación Operativa. 4. Subdirección de Sistemas de Información. 5. Dirección de Acceso a Tierras. 6. Dirección de Gestión Jurídica de Tierras. 7. Dirección de Asuntos Étnicos.
E38: Seguridad Jurídica sobre la Titularidad de la Tierra y los Territorios | G38: ALCANCE: Inicia con los planes de ordenamiento social de la propiedad (oferta), solicitudes por demanda y por descongestión y finaliza con el acto administrativo final de los diferentes procedimientos administrativos especiales agrarios o con el registro del título ante la ORIP y entrega del mismo. OBJETIVO: Adelantar los procedimientos administrativos especiales agrarios y acompañar la formalización de los bienes privados, para establecer la naturaleza jurídica y la relación con la tierra. | J38: 1. SEJUT-P-001 PROCEDIMIENTOS ADMIN. AGRARIOS ESPECIALES. 2. SEJUT-P-002 DESLINDE Y CLARIFICACIÓN DE TIERRAS DE ASUNTOS ÉTNICOS. 3. SEJUT-P-003 REVERSIÓN DE ADJUDICACIÓN DE BALDÍO. 4. SEJUT-P-004 GESTIÓN DE LA FORMALIZACIÓN DE LA PROPIEDAD RURAL. | K38: 1. Dirección de Gestión Jurídica de Tierras. 2. Subdirección de procesos Agrarios y Gestión Jurídica. 3. Subdirección de seguridad Jurídica. 4. Dirección Asuntos Étnicos. 5. Subdirección Asuntos Étnicos.
E39: Acceso a la Propiedad de la Tierra y los Territorios | G39: ALCANCE: Inicia con el análisis de la ruta jurídica y termina con la decisión final del expediente. OBJETIVO: Ejecutar los procedimientos administrativos de adjudicación de baldíos, adjudicación de bienes fiscales patrimoniales, constitución, ampliación, saneamiento o restructuración de resguardos indígenas, titulación colectiva a comunidades negras, asignación de subsidios integrales de reforma agraria, e iniciativas comunitarias como mecanismos de acceso a tierras. | J39: 1. ACCTI-P-001 ADJUDICACIÓN DE BALDÍOS A ENTIDADES DE DERECHO PÚBLICO. 2. ACCTI-P-002 ADJUDI. PREDIOS ORDEN JUDICIAL-RES. LEY 1448 DE 2011. 3. ACCTI-P-003 ADJUDICACIÓN DE BALDÍOS A PERSONAS NATURALES. 4. ACCTI-P-004 SELECCIÓN DE BENEFICIARIOS Y ADJUDICACIÓN DE PREDIOS NO OCUPADOS. 5. ACCTI-P-005 REVOCATORIA DEL ACTO DE ADJUDICACIÓN. 6. ACCTI-P-006 FRACCIONAMIENTO DE PREDIOS RURALES POR DEBAJO DE LA UAF. 7. ACCTI-P-007 TITULACIÓN COLECTIVA A COMUNIDADES NEGRAS. 8. ACCTI-P-008 CONSTIT, AMPLIAC, SANEAM O REESTRUCT DE RESG INDÍGENAS. 9. ACCTI-P-009 IMPLEM. INICIATIVAS COMUNIT. CON ENFO. DIFER. ÉTNICO ASOC. AL COMPON. DE LEGALIZ. 10. ACCTI-P-010 COMPRA DIRECTA DE PREDIOS. 11. ACCTI-P-011 ADJUDICACIÓN DEL SUBSIDIO INTEGRAL DE REFORMA AGRARIA – SIRA. 12. ACCTI-P-012 INGRESO DE PREDIOS AL REGISTRO DE INMUEBLES RURALES – RIR. 13. ACCTI-P-013 ADJUDICACIÓN DE PREDIOS OCUPADOS – REGULARIZACIÓN. 14. ACCTI-P-014 REVOCAT. TITULACIÓN DE BALDÍOS EN EL MARCO DEL PROCE. ÚNICO DE OSPR. 15. ACCTI-P-015 TRÁMITE ESPECIAL EN CASO DE OCUPACIÓN DE HECHO DE PREDIOS. 16. ACCTI-P-016-ADQUISICIÓN DEL PREDIO. 17. ACCTI-P-017-MATER. SUBS. – APOYO PARA CUBRIR LOS REQUER. FINANC. IMPLEM PROY. PRODUC SIT, SIDRA, SIRA. 18. ACCTI-P-018 COMPRA DIRECTA DE PREDIOS PARA REINCORPORACIÓN Y NORMALIZACIÓN. | K39: 1. Dirección de Acceso a Tierras. 2. Subdirección de Acceso a Tierras por Demanda y Descongestión. 3. Subdirección de Acceso a Tierras en Zonas Focalizadas. 4. Subdirección de Administración de Tierras de la Nación. 5. Dirección de Asuntos Étnicos. 6. Subdirección de Asuntos Étnicos.
E40: Administración de Tierras. | G40: ALCANCE: Inicia con la información recibida por los diferentes modelos de atención e informes de seguimiento de las distintas adjudicaciones realizadas y finaliza con la administración del Fondo Nacional Agrario y baldíos, realización de mecanismos de administración, constitución y delimitación de zonas de reservas, protección de territorios encestarles de comunidades indígenas, revocatoria del acto de adjudicación y limitaciones a la propiedad. OBJETIVO: Adelantar las diferentes acciones necesarias para la administración de los bienes fiscales patrimoniales de la Agencia y las tierras baldías de la Nación, conforme a la vocación productiva y uso del suelo, promoviendo las condiciones socioeconómicas y ambientales del territorio. | J40: 1. ADMTI-P-001 CONSTITUCIÓN DE ZONAS DE RESERVA CAMPESINA. 2. ADMTI-P-002 PROTECCIÓN TERRITORIOS ANCESTRALES DE COMUNIDADES INDÍGENAS. 3. ADMTI-P-003 RECIBO DE LOS PREDIOS RURALES CON EXTINCIÓN JUDICIAL DE DOMINIO. 4. ADMTI-P-004 ADMINISTRACIÓN DE PREDIOS FISCALES PATRIMONIALES. 5. ADMTI-P-005 APERTURA DE FOLIO DE MATRÍCULA INMOBILIARIA DE PREDIOS BALDÍOS A NOMBRE DE LA NACIÓN. 6. ADMTI-P-006 LIMITACIONES DE LA PROPIEDAD. 7. ADMTI-P-007 ADMINISTRACIÓN DE PREDIOS BALDÍOS. 8. ADMTI-P-008 PROCESO ADMINISTRATIVO. 9. ADMTI-P-009 EXPROPIACIÓN DE TIERRAS. 10. ADMTI-P-010 REALIZACIÓN DE ESTUDIOS TÉCNICOS. 11. ADMTI-P-011 SOLICITUDES DE SUSTRACCIÓN EN ZONAS DE RESERVA FORESTAL DE LEY 2ª DE 1959. 12. ADMTI-P-012 ASIGNACIÓN DERECHOS DE USO. 13. ADMTI-P-014 INTEGRACIONES AL PATRIMONIO. | K40: 1. Dirección de Acceso a Tierras. 2. Subdirección de Administración de Tierras de la Nación. 3. Dirección de Asuntos Étnicos.
E41: Evaluación del Impacto del Ordenamiento Social de la Propiedad Rural | G41: ALCANCE: Desde la identificación de variables a evaluar hasta la presentación de los resultados del Impacto del Ordenamiento Social de la Propiedad Rural. OBJETIVO: Evaluar el impacto de las acciones que realiza la Agencia Nacional de Tierras para la implementación de la política de Ordenamiento Social de la Propiedad Rural. | K41: 1. Oficina del Planeación.
E42: Gestión de la Información | G42: ALCANCE: Desde la conceptualización de los servicios de tecnología de información y comunicaciones, y gestión de la información de geografía y topografía de la Entidad hasta el uso, administración y soporte. OBJETIVO: Prestar servicios de tecnologías de información y comunicaciones, y geografía y topografía oportunos para la operación y la toma de decisiones de la Agencia. | J42: 1. GINFO-P-002 DISPOSICIÓN DE LA INFORMACIÓN. 2. GINFO-P-003 CONSTRUCCIÓN DE SOFTWARE. 3. GINFO-P-005 PUBLICACIÓN DE INFORMACIÓN PÁGINA WEB. 4. GINFO-P-006 SOLICITUDES DE INFORMACIÓN A OTRAS ENTIDADES. 5.GINFO-P-007-LEVANTAMIENTO TOPOGRÁFICO. | K42: 1. Dirección General (Comunicaciones, Topografía). 2.Secretaria General. 3. Dirección de Gestión del Ordenamiento Social de la Propiedad. 4. Subdirección de Sistemas de Información de Tierras.
E43: Gestión del Talento Humano | G43: ALCANCE: Inicia con la planeación, selección y vinculación del personal idóneo, competente y con las habilidades requeridas; y termina con el retiro del servidor público. OBJETIVO: Administrar el Talento Humano de la Agencia y promover su desarrollo; a través del diseño y ejecución de políticas, programas y procedimientos que contribuyan a la optimización de las competencias de los servidores públicos, promoviendo su capacitación y valoración en condiciones de bienestar, salud y seguridad social. | J43: 1. GTHU-P-001 FORMACIÓN Y CAPACITACIÓN. 2. GTHU-P-002 SISTEMA DE ESTÍMULOS. 3. GTHU-P-003 SISTEMA DE GESTIÓN DE LA SEGURIDAD Y SALUD EN EL TRABAJO. 4. GTHU-P-004 CONTROL DEL CUMPLIMIENTO DE LA JORNADA LABORAL Y HORARIO DE TRABAJO. 5. GTHU-P-005 PRESTACIÓN DEL SERVICIO DE AUXILIAR JURÍDICO AD HONÓREM O PASANTE. 6. GTHU-P-006 SELECCIÓN DEL PERSONAL. 7. GTHU-P-007 PROYECTOS DE APRENDIZAJE EN EQUIPOS. 8. GTHU-P-008 VINCULACIÓN DEL PERSONAL. 9. GTHU-P-009 DESVINCULACIÓN DE PERSONAL. 10. GTHU-P-010 SUSCRIPCIÓN ACUERDOS DE GESTIÓN. 11. GTHU-P-011 TRÁMITE DE LICENCIAS POR ENFERMEDAD, MATERNIDAD, PATERNIDAD O LUTO. 12. GTHU-P-012 TRÁMITE DE COMISIONES DE SERVICIOS AL EXTERIOR PARA FUNCIONARIOS. 13.GTHU-P-013 AUTORIZACIÓN DE PERMISOS. 14. GTHU-P-014 PROGRAMACIÓN Y FORMALIZACIÓN DE VACACIONES. 15. GTHU-P-015 TRÁMITE DE LICENCIAS NO REMUNERADAS. 16. GTHU-P-016 CONTROL INTERNO DISCIPLINARIO-PROCESO ORDINARIO. 17. GTHU-P-017 INDUCCIÓN, REINDUCCIÓN Y ENTRENAMIENTO ESPECÍFICO EN EL PUESTO DE TRABAJO. 18. GTHU-P-018 CONTROL INTERNO DISCIPLINARIO – PROCESO VERBAL. 19. GTHU-P-019 EVALUACIÓN DEL DESEMPEÑO LABORAL. | K43: 1. Subdirección de Talento Humano. 2. Secretaría General.
E44: Apoyo Jurídico | G44: ALCANCE: Desde la asesoría jurídica al Director y demás dependencias, hasta las actuaciones judiciales tendientes a la debida defensa de los intereses de la entidad. OBJETIVO: Asesorar y dar soporte jurídico a las diferentes dependencias, a través de la emisión de conceptos y demás soportes legales que sean necesarios, así como realizar todas las actuaciones tendientes a la debida defensa de los intereses de la entidad. | J44: 1. APJUR-P-002 REPRESENTACIÓN JURÍDICA. 2. APJUR-P-003 VIABILIDAD DE DOCUMENTO PARA FIRMA DEL DIRECTOR DE LA AGENCIA NACIONAL DE TIERRAS. 3. APJUR-P-004 GESTIÓN DE COBRO COACTIVO. 4. APJUR-P-005 ADMINISTRACIÓN DEL NORMOGRAMA DE LA AGENCIA NACIONAL DE TIERRAS. | K44: 1. Oficina Jurídica
E45: Adquisición de Bienes y Servicios | G45: ALCANCE: Desde la programación y análisis de las necesidades de la Agencia hasta la terminación y/o liquidación del contrato. OBJETIVO: Adelantar la adquisición de bienes y/o servicios de la Agencia a través de los mecanismos definidos para la selección, elaboración, celebración, formalización, ejecución, terminación y/o liquidación de los contratos. | J45: 1. ADQBS-P-001 GESTIÓN PRE CONTRACTUAL – GENERALIDADES. 2. ADQBS-P-002 LIQUIDACIÓN BILATERAL DE CONVENIOS O CONTRATOS. 3. ADQBS-P-003 PROGRAMACIÓN ADMINISTRACIÓN, MODIFICACIÓN Y SEGUIMIENTO DEL PAABS. 4. ADQBS-P-004 GESTIÓN CONTRACTUAL. 5. ADQBS-P-005 LIQUIDACIÓN UNILATERAL DE CONVENIOS O CONTRATOS. 6. ADQBS-P-006 CONTRATACIÓN DIRECTA. 7. ADQBS-P-007 CONTRATACIÓN DE MÍNIMA CUANTÍA. | K45: 1. Subdirección Administrativa y Financiera. 2. Secretaría General.
E46: Administración de Bienes y Servicios | G46: ALCANCE: Desde la recepción de los bienes y servicios, hasta la disposición final de los bienes y el recibido a satisfacción de los servicios. OBJETIVO: Gestionar la Administración y mantenimiento de bienes y servicios necesarios para la ejecución de los procesos de la entidad. | J46: 1. ADMBS-P-001 NUMERACIÓN NOTIFICACIÓN COMUNICACIÓN Y PUBLICACIÓN DE RESOLUCIONES Y AUTOS. 2. ADMBS-P-002 TRÁMITE DE DESPLAZAMIENTOS AL EXTERIOR PARA CONTRATISTAS. 3. ADMBS-P-003 SOLICITUD DE BACKUP DE EQUIPOS DE USUARIO FINAL. 4. ADMBS-P-004 SOLICITUD SERVICIO DE TRANSPORTE TERRESTRE SEDES Y BOGOTÁ. 5. ADMBS-P-005 GESTIÓN DE REQUERIMIENTOS. 6. ADMBS-P-006 SOLICITUD AUTORIZACIÓN LEGALIZACIÓN Y PAGO DE DESPLAZAMIENTOS AL INTERIOR. 7. ADMBS-P-007 RECONSTRUCCIÓN DE EXPEDIENTES. 8. ADMBS-P-008 ENTRADA DE ALMACÉN. 9. ADMBS-P-009 BÚSQUEDA Y ATENCIÓN DE SOLICITUDES DEL ARCHIVO CENTRALIZADO. 10. ADMBS-P-010 PRÉSTAMO Y SUMINISTRO DE DOCUMENTOS UBICADOS EN EL ARCHIVO CENTRALIZADO. 11. ADMBS-P-011 TRANSFERENCIAS DOCUMENTALES PRIMARIAS. | K46: 1. Subdirección Administrativa y Financiera. 2. Secretaría General.
E47: Gestión Financiera | G47: ALCANCE: Desde la elaboración del anteproyecto de presupuesto de la ANT, hasta la presentación de los estados financieros. OBJETIVO: Administrar los recursos e información financiera con base en las necesidades de las dependencias de la Agencia y organismos estatales requirentes, a través de mecanismos de dirección, registro, ejecución, control y seguimiento de los recursos. | J47: 1. GEFIN-P-001 FORMULACIÓN DE ANTEPROYECTO DE PRESUPUESTO DE LA ANT. 2. GEFIN-P-002 PAGO ACREEDORES VARIOS. 3. GEFIN-P-003 SOLICITUD EXPEDICIÓN Y MODIFICACIÓN DE CERTIFICADOS DE DISPONIBILIDAD PRESUPUESTAL. 4. GEFIN-P-004 GESTIÓN DE PAGOS. 5. GEFIN-P-005 GESTIÓN DE ADMINISTRACIÓN DEL PAC. 6. GEFIN-P-006 PREPARACIÓN Y PRESENTACIÓN DE ESTADOS FINANCIEROS. 7. GEFIN-P-007 REGISTRO DE INGRESOS. 8. GEFIN-P-008 CAJA MENOR. | K47: 1. Secretaría General. 2. Subdirección Administrativa y Financiera. 3. Subdirección de Administración de Tierras de la Nación. 4. Oficina de Planeación
E48: Seguimiento, Evaluación y Mejora | G48: ALCANCE: Desde el reporte y análisis de información y datos, la determinación de las causas probables de los incumplimientos y tendencias negativas hasta la formulación de acciones correctivas, preventivas y de mejora. OBJETIVO: Analizar la información proveniente de la retroalimentación del desempeño de procesos, planes, programas y proyectos, para la toma de decisiones y formulación de nuevas acciones orientadas a elevar el nivel de cumplimiento, transparencia y mejora institucional. | J48: 1. SEYM-P-002 GESTIÓN DEL PLAN DE MEJORAMIENTO. 2. SEYM-P-003 CONTROL DE SALIDAS NO CONFORMES. 3. SEYM-P-005 SEGUIMIENTO AL DESEMPEÑO. 4. SEYM-P-006 SEGUIMIENTO A LA EJECUCIÓN PRESUPUESTAL Y DE METAS. 5. SEYM-P-007 REALIZACIÓN DE AUDITORÍAS, INFORMES OBLIGATORIOS Y-O SEGUIMIENTOS. | K48: 1. Oficina de Control Interno. 2. Oficina de Planeación. 3. Oficina del Inspector de Gestión de Tierras. 4. Secretaría General

Sheet 3-IDENTIFICACIÓN DEL RIESGO
D3: FORMA | E3: MAPA DE RIESGOS DE GESTIÓN | L3: CÓDIGO | N3: DEST-F-001
D4: ACTIVIDAD | E4: GESTIÓN DE RIESGOS Y OPORTUNIDADES | L4: VERSIÓN | N4: 2
D5: PROCESO | E5: DIRECCIONAMIENTO ESTRATÉGICO | L5: FECHA | N5: 43776
B6: IDENTIFICACIÓN DEL RIESGO
B7: "Definición de riesgo de gestión: Probabilidad de ocurrencia de un evento que afecte el cumplimiento de objetivos y metas institucionales. FUNCIÓN PÚBLICA 2018.
B8: FICHA DE IDENTIFICACIÓN DEL RIESGO
B9: PROCESO | D9: OBJETIVO DEL PROCESO | E9: RESPONSABLES DEL PROCESO | F9: # | G9: ¿QUÉ PUEDE SUCEDER? Identificar la afectación del cumplimiento del objetivo estratégico o del proceso según sea el caso. | H9: ¿CÓMO O POR QUÉ PUEDE SUCEDER? Establecer las causas a partir de los factores determinados en el contexto. | J9: CUÁL ES LA ACTIVIDADES DEL PROCESO EN LA QUE PUEDE SUCEDER? De acuerdo con el desarrollo del proceso. | L9: ¿QUÉ CONSECUENCIAS TENDRÍA SU MATERIALIZACIÓN? Determinar los posibles efectos por la materialización del riesgo | N9: TIPOLOGÍA DEL RIESGO
B11: Direccionamiento Estratégico | D11: ALCANCE: Desde la comprensión del contexto interno y externo, hasta la formulación de Planes, programas y proyectos relacionados con el cumplimiento de las funciones de la entidad. OBJETIVO: Establecer los lineamientos estratégicos y el esquema de operación de la Agencia Nacional de Tierras, asegurando la disponibilidad de los recursos necesarios para su aplicación. | E11: 1. Oficina del Planeación. | F11: 1 | G11: Aprobar planes no pertinentes a la entidad. | H11: Desconocimiento y/o interpretación inadecuada de la política pública para el sector rural. Desconocimiento del contexto, del entorno y de la situación de la Agencia. Desconocimiento de la normativa vigente relacionada con la Agencia. | J11: Planeación estratégica Institucional | L11: Reprocesos. Retrasos en la entrega de resultados, informes y reportes. Incumplimiento de metas. | N11: Estratégicos
B12: Direccionamiento Estratégico | D12: ALCANCE: Desde la comprensión del contexto interno y externo, hasta la formulación de Planes, programas y proyectos relacionados con el cumplimiento de las funciones de la entidad. OBJETIVO: Establecer los lineamientos estratégicos y el esquema de operación de la Agencia Nacional de Tierras, asegurando la disponibilidad de los recursos necesarios para su aplicación. | E12: 1. Oficina del Planeación. | F12: 2 | G12: Inscribir proyectos de inversión no adecuados a las necesidades de la entidad. | H12: Desconocimiento de los cambios en las normas y procesos de MinHacienda y DNP relacionados con la planeación presupuestal Desconocimiento de los cambios en las normas y procesos del MADR relacionados con parámetros sectoriales para la presentación de proyectos Desconocimiento del procedimiento y de los instrumentos establecidos en la ANT para la formulación de proyectos de inversión por parte de las dependencias Inadecuada definición de necesidades presupuestales por parte de las dependencias de la ANT Inadecuada programación presupuestal de acuerdo al principio de especialidad presupuestal y el manual de clasificación de la inversión pública (Inversión-funcionamiento) Desconocimiento del comportamiento de ejecución física y financiera de los proyectos para la proyección de recursos solicitados para vigencias posteriores Exclusión de compromisos con comunidades en la estructuración del proyecto Desarticulación de las metas e indicadores del proyecto con las metas e indicadores del PND y Plan Marco de Implementación | J12: Formulación de Proyectos de Inversión | L12: Dificultad por retrasos y devoluciones en el proceso verificación, viabilización y aprobación de los proyectos de inversión por parte del Ministerio de Agricultura y Desarrollo Rural y DNP. Recursos financieros insuficientes para el cumplimiento de los objetivos y metas Limitación en la ejecución y alcance de los proyectos Incorrecta destinación y ejecución de recursos de inversión Programación presupuestal y de metas en desacuerdo con la capacidad de ejecución de la entidad. Incumplimiento de compromisos y metas sectoriales y nacionales | N12: Gerenciales
B13: Direccionamiento Estratégico | D13: ALCANCE: Desde la comprensión del contexto interno y externo, hasta la formulación de Planes, programas y proyectos relacionados con el cumplimiento de las funciones de la entidad. OBJETIVO: Establecer los lineamientos estratégicos y el esquema de operación de la Agencia Nacional de Tierras, asegurando la disponibilidad de los recursos necesarios para su aplicación. | E13: 1. Oficina del Planeación. | F13: 3 | G13: Planeación inoportuna de cada vigencia | H13: Falta de coordinación de la oficina de planeación con los responsables de la planeación de cada dependencia. Documentación de referencia desactualizada. Herramientas tecnológicas inadecuadas. Diferencia en interpretaciones de lineamientos. | J13: Formulación del Plan de Acción Anual | L13: Retrasos en las metas y compromisos institucionales. Retrasos en la ejecución de los proyectos. Pérdida de imagen institucional. | N13: Gerenciales
B14: Direccionamiento Estratégico | D14: ALCANCE: Desde la comprensión del contexto interno y externo, hasta la formulación de Planes, programas y proyectos relacionados con el cumplimiento de las funciones de la entidad. OBJETIVO: Establecer los lineamientos estratégicos y el esquema de operación de la Agencia Nacional de Tierras, asegurando la disponibilidad de los recursos necesarios para su aplicación. | E14: 1. Oficina del Planeación. | F14: 4 | G14: Reporte de información no pertinente a las necesidades de la Dirección General. | H14: Desconocimiento de las dependencias en metodologías para reporte de indicadores. Sistemas de información no unificados Falta definición de roles y responsabilidades entre las dependencias para el reporte de indicadores Falta de criterios explícitos para el reporte de los indicadores | J14: Administración de indicadores | L14: Uso de información no pertinente o inconsistente para la toma de decisiones. Reprocesos en el reporte de indicadores. Recepción negativa de entes externos frente a la confiabilidad de las cifras. | N14: Gerenciales
B15: Comunicación y Gestión con Grupos de Interés. | D15: ALCANCE: Desde la formulación de lineamientos de comunicación interna y externa, hasta la articulación con los grupos de interés y organismos de control. OBJETIVO: Establecer lineamientos para la comunicación y coordinación intra e interinstitucional, que proporcione a los grupos de interés información veraz, objetiva y oportuna de la misión, objetivos y gestión de la Agencia Nacional de Tierras. | E15: 1. Dirección General. 2. Secretaría General. 3. Oficina de Planeación. 4. Oficina Jurídica. 5. Oficina del Inspector de la Gestión de Tierras. 6. Oficina de Control Interno. | F15: 5 | G15: Dar información imprecisa o errónea a la ciudadanía a través de cualquier medio de comunicación por parte de personas autorizadas y NO autorizadas. | H15: Deficiente generación de información interna. Deficiencia en la elaboración y consolidación de los informes de gestión. Falta de directrices sobre canal único de comunicación. | J15: Gestión de la comunicación interna y externa | L15: Pérdida de credibilidad y mala imagen institucional | N15: De imagen o reputacional
B16: Comunicación y Gestión con Grupos de Interés. | D16: ALCANCE: Desde la formulación de lineamientos de comunicación interna y externa, hasta la articulación con los grupos de interés y organismos de control. OBJETIVO: Establecer lineamientos para la comunicación y coordinación intra e interinstitucional, que proporcione a los grupos de interés información veraz, objetiva y oportuna de la misión, objetivos y gestión de la Agencia Nacional de Tierras. | E16: 1. Dirección General. 2. Secretaría General. 3. Oficina de Planeación. 4. Oficina Jurídica. 5. Oficina del Inspector de la Gestión de Tierras. 6. Oficina de Control Interno. | F16: 6 | G16: Inadecuada utilización de la imagen institucional | H16: Desconocimiento en el uso de las insignias de la entidad. Falta de definición de los formatos oficiales de la entidad con sus símbolos. Mal manejo de la imagen institucional (símbolos, nombre, colores, entre otros)Desconocimiento en el uso de las insignias de la entidad. Falta de definición de los formatos oficiales de la entidad con sus símbolos. Mal manejo de la imagen institucional (símbolos, nombre, colores, entre otros) | J16: Gestión de la comunicación interna y externa | L16: Pérdida de identidad institucional | N16: De imagen o reputacional
B17: Comunicación y Gestión con Grupos de Interés. | D17: ALCANCE: Desde la formulación de lineamientos de comunicación interna y externa, hasta la articulación con los grupos de interés y organismos de control. OBJETIVO: Establecer lineamientos para la comunicación y coordinación intra e interinstitucional, que proporcione a los grupos de interés información veraz, objetiva y oportuna de la misión, objetivos y gestión de la Agencia Nacional de Tierras. | E17: 1. Dirección General. 2. Secretaría General. 3. Oficina de Planeación. 4. Oficina Jurídica. 5. Oficina del Inspector de la Gestión de Tierras. 6. Oficina de Control Interno. | F17: 7 | G17: Información de la ANT no llega al público objetivo | H17: Los canales de comunicación no son efectivos. La población campesina y de los grupos étnicos no tiene acceso a la información de la agencia por medios electrónicos. | J17: Gestión de la comunicación interna y externa | L17: Quejas de los ciudadanos por desconocimiento de la Entidad. Pérdida de imagen institucional. Espacio a tramitadores para que se aprovechen de la población objetivo de la Agencia. | N17: De imagen o reputacional
B18: Comunicación y Gestión con Grupos de Interés. | D18: ALCANCE: Desde la formulación de lineamientos de comunicación interna y externa, hasta la articulación con los grupos de interés y organismos de control. OBJETIVO: Establecer lineamientos para la comunicación y coordinación intra e interinstitucional, que proporcione a los grupos de interés información veraz, objetiva y oportuna de la misión, objetivos y gestión de la Agencia Nacional de Tierras. | E18: 1. Dirección General. 2. Secretaría General. 3. Oficina de Planeación. 4. Oficina Jurídica. 5. Oficina del Inspector de la Gestión de Tierras. 6. Oficina de Control Interno. | F18: 8 | G18: Omitir la gestión y/o respuesta a las denuncias por posibles hechos de corrupción. | H18: Desorganización en el registro, gestión y tramite de denuncias. | J18: Gestión para la transparencia | L18: Incumplimiento normativo de la Ley 1755 de 2015 con sus implicaciones disciplinarias | N18: Operativos
B19: Inteligencia de la información. | D19: ALCANCE: Desde el entendimiento estratégico (planes de acción GEL e Institucional PETIC), la definición, diseño e implementación de arquitectura de TIC en sus diferentes dominios, hasta el análisis de información y producción de conocimiento, el control de la información documentada, el esquema de gobierno de TIC (políticas lineamientos, diseño de servicios, seguridad de la información) y monitoreo y control de TIC. OBJETIVO: Definir e implementar políticas, lineamientos, modelos y estándares de gestión, manejo, control y análisis de la Información, asegurando su confiabilidad y alineación de los objetivos estratégicos de TI con los objetivos estratégicos institucionales y sectoriales para el logro del ordenamiento social de la propiedad rural. | E19: 1. Dirección de Gestión del Ordenamiento Social de la Propiedad. 2. Oficina de Planeación. | F19: 9 | G19: Incumplimiento en la implementación del PETIC. | H19: Desconocimiento de las directrices planteadas en el PETIC. Falta de apropiación e implementación del esquema de gobierno definido en la ANT. | J19: Estrategia de TIC | L19: Priorización inadecuada de proyectos. Adquisición de bienes y servicios no priorizados en el PETIC. Falta de capacidad tecnológica para soportar la operación de los procesos de la Entidad. Obsolescencia tecnológica. Estimaciones imprecisas en cuanto a presupuesto, capacidad tecnológica, administrativa (recursos humanos),etc. Descentralización de los sistemas de información. Incumplimiento de objetivos institucionales. | N19: Estratégicos
B20: Inteligencia de la información. | D20: ALCANCE: Desde el entendimiento estratégico (planes de acción GEL e Institucional PETIC), la definición, diseño e implementación de arquitectura de TIC en sus diferentes dominios, hasta el análisis de información y producción de conocimiento, el control de la información documentada, el esquema de gobierno de TIC (políticas lineamientos, diseño de servicios, seguridad de la información) y monitoreo y control de TIC. OBJETIVO: Definir e implementar políticas, lineamientos, modelos y estándares de gestión, manejo, control y análisis de la Información, asegurando su confiabilidad y alineación de los objetivos estratégicos de TI con los objetivos estratégicos institucionales y sectoriales para el logro del ordenamiento social de la propiedad rural. | E20: 1. Dirección de Gestión del Ordenamiento Social de la Propiedad. 2. Oficina de Planeación. | F20: 10 | G20: Definición y evolución de la arquitectura empresarial institucional que no responda a las necesidades de la entidad. | H20: Falta de recursos para la implementación de la arquitectura. Falta de recurso humano calificado e idóneo para el desarrollo de las fases y los componentes de arquitectura empresarial. Adquisiciones o inversiones en tecnologías de Información que no estan aprobadas por la DOSPR y la Secretaría General, por medio de la Mesa Técnica. Desarrollos o implementaciones de software o infraestructura tecnológica que no cumplen los lineamientos de arquitectura. | J20: Arquitectura de TIC | L20: Definición incorrecta de las líneas estratégicas en tecnologías de la información y las comunicaciones. Afectación sobre el alcance, tiempo y costo de las operaciones en los procesos de la ANT. Afectación directa o indirecta a los beneficiarios de programas de la ANT. Sobrecostos en componentes de tecnologías de la información. Compras o adquisiciones de infraestructura y plataformas tecnológicas de la organización, no planeadas. Falta de optimización y automatización de procesos de la entidad. Sobredimensionar la infraestructura de la ANT Hallazgos de entes de control y requerimientos de planes de mejoramiento. | N20: Estratégicos
B21: Inteligencia de la información. | D21: ALCANCE: Desde el entendimiento estratégico (planes de acción GEL e Institucional PETIC), la definición, diseño e implementación de arquitectura de TIC en sus diferentes dominios, hasta el análisis de información y producción de conocimiento, el control de la información documentada, el esquema de gobierno de TIC (políticas lineamientos, diseño de servicios, seguridad de la información) y monitoreo y control de TIC. OBJETIVO: Definir e implementar políticas, lineamientos, modelos y estándares de gestión, manejo, control y análisis de la Información, asegurando su confiabilidad y alineación de los objetivos estratégicos de TI con los objetivos estratégicos institucionales y sectoriales para el logro del ordenamiento social de la propiedad rural. | E21: 1. Dirección de Gestión del Ordenamiento Social de la Propiedad. 2. Oficina de Planeación. | F21: 11 | G21: Incumplimiento en la implementación del Modelo de Seguridad y Privacidad de la información de la estrategia de Gobierno Digital. | H21: Inadecuada priorización de las tareas necesarias para planificar e implementar el componente de seguridad digital de la estrategia de gobierno digital. Ausencia de recursos para una implementación efectiva del modelo de seguridad digital. | J21: Gobierno de TIC | L21: Incumplimiento de directrices de la estrategia de Gobierno Digital. Bajas calificaciones en el autodiagnóstico FURAG. Hallazgos de entes de control. Incumplimiento de metas institucionales | N21: Estratégicos
B22: Inteligencia de la información. | D22: ALCANCE: Desde el entendimiento estratégico (planes de acción GEL e Institucional PETIC), la definición, diseño e implementación de arquitectura de TIC en sus diferentes dominios, hasta el análisis de información y producción de conocimiento, el control de la información documentada, el esquema de gobierno de TIC (políticas lineamientos, diseño de servicios, seguridad de la información) y monitoreo y control de TIC. OBJETIVO: Definir e implementar políticas, lineamientos, modelos y estándares de gestión, manejo, control y análisis de la Información, asegurando su confiabilidad y alineación de los objetivos estratégicos de TI con los objetivos estratégicos institucionales y sectoriales para el logro del ordenamiento social de la propiedad rural. | E22: 1. Dirección de Gestión del Ordenamiento Social de la Propiedad. 2. Oficina de Planeación. | F22: 12 | G22: Pérdida parcial o completa del conocimiento de la Entidad | H22: No existe, en el talento humano de la entidad, una cultura que promueva generación y mejoramiento del conocimiento explícito de la misma. La falta de herramientas para la utilización y apropiación del conocimiento que favorezcan la identificación de procesos que permitan obtener, organizar, sistematizar, guardar y compartir fácilmente datos e información. La falta de procesos que permitan convertir los datos producidos por la entidad en conocimiento útil, que mediante la evidencia, ayude a responder preguntas que posteriormente guíen la toma de decisiones, a través del análisis de la mayor cantidad de información posible . La falta de una visión estratégica de comunicación, consolidación de redes y la enseñanza-aprendizaje para difundir y reforzar la gestión del conocimiento. | J22: Gestión del conocimiento | L22: Reprocesos Dificultades en la toma de decisiones para el logro efectivo de la entidad. Que no ocurra una dinámica de mejoramiento continuo e innovación en procesos, productos y servicios misionales y de soporte de la Entidad. Pueden ocurrir demoras en el aprendizaje de nuevos colaboradores Invisivilización de los resultados obtenidos por parte de la entidad. | N22: Estratégicos
... B84: Seguimiento, Evaluación y Mejora | D84: ALCANCE: Desde el reporte y análisis de información y datos, la determinación de las causas probables de los incumplimientos y tendencias negativas hasta la formulación de acciones correctivas, preventivas y de mejora. OBJETIVO: Analizar la información proveniente de la retroalimentación del desempeño de procesos, planes, programas y proyectos, para la toma de decisiones y formulación de nuevas acciones orientadas a elevar el nivel de cumplimiento, transparencia y mejora institucional. | E84: 1. Oficina de Control Interno. 2. Oficina de Planeación. 3. Oficina del Inspector de Gestión de Tierras. 4. Secretaría General | F84: 74 | G84: Incumplimiento en la ejecución de los planes y proyectos Institucionales. | H84: Desconocimiento de las necesidades de los grupos de interés Inexistencia del plan de acción para el desarrollo de herramientas y/o instrumentos Recursos físicos, humanos, técnicos, tecnológicos o financieros insuficientes para el desarrollo del portafolio de productos y/o servicios Inadecuada articulación entre procesos misionales No se tiene en cuenta la interoperación con otras entidades y los tiempos para la ejecución de actividades y cumplimiento de los tiempos de entrega de los productos | J84: Seguimiento y evaluación del desempeño de procesos, planes, programas y proyectos | L84: Diseño inoportuno de herramientas, instrumentos o modelos de operación para la gestión Retrasos en la entrega de productos y o servicios Incumplimiento del cronograma de ejecución de acuerdo a la programación de metas Incumplimiento de acuerdos a nivel de servicios Falencia de atención a los grupos de interés | N84: Estratégicos
F85: 75
F86: 76
F87: 77

Sheet 4-VALORACIÓN DEL RIESGO
F2: FORMA | H2: MAPA DE RIESGOS DE GESTIÓN | AB2: CÓDIGO | AC2: DEST-F-001
F3: ACTIVIDAD | H3: GESTIÓN DE RIESGOS Y OPORTUNIDADES | AB3: VERSIÓN | AC3: 2
F4: PROCESO | H4: DIRECCIONAMIENTO ESTRATÉGICO | AB4: FECHA | AC4: 43776
C5: VALORACIÓN DEL RIESGO INHERENTE
C6: "¿EN QUÉ CONSISTE?, En establecer la probabilidad de ocurrencia del riesgo y el nivel de consecuencia o impacto, con el fin de estimar la zona de riesgo inicial (RIESGO INHERENTE).". FUNCIÓN PÚBLICA 2018
C7: FICHA DE VALORACIÓN DEL RIESGO INHERENTE
C8: PROCESO | E8: RESPONSABLES DEL PROCESO | F8: DESCRIPCIÓN DEL RIESGO | H8: ENTREVISTA P1…6: Número de participantes en la sesión Total (P): Número de calificación de probabilidad (entre P1…...6) Total: Total puntaje (suma de valoración P1..6) Promedio: Promedio (División entre TOTAL/Total (P)) | Q8: PROBABILIDAD CASI SEGURO: Se espera que el evento ocurra en la mayoría de las circunstancias. (Frecuencia: más de 1 vez al año.) PROBABLE: Es viable que el evento ocurra en la mayoría de las circunstancias. (Frecuencia: Al menos 1 vez en el último año.) POSIBLE: El evento podrá ocurrir en algún momento. (Frecuencia: Al menos 1 vez en los últimos 2 años.) IMPROBABLE: El evento puede ocurrir en algún momento. (Frecuencia: Al menos 1 vez en los últimos 5 años.) RARA VEZ: El evento puede ocurrir solo en circunstancias excepcionales. (No se ha presentado en los últimos 5 años.) | R8: ENTREVISTA P1…6: Número de participantes en la sesión Total (P): Número de calificación de probabilidad (entre P1…...6) Total: Total puntaje (suma de valoración P1..6) Promedio: Promedio (División entre TOTAL/Total (P)) | AA8: IMPACTO Catastrófico (5): valor ≥50% Mayor (4): valor ≥20% Moderado (3): valor ≥5% Menor (2): valor ≥1% Insignificante (1): valor≥0,5% | AB8: RIESGO INHERENTE | AC8: OPCIÓN DE MANEJO
H9: P1 | I9: P2 | J9: P3 | K9: P4 | L9: P5 | M9: P6 | N9: Total (P) | O9: TOTAL | P9: PROMEDIO | R9: P1 | S9: P2 | T9: P3 | U9: P4 | V9: P5 | W9: P6 | X9: Total (P) | Y9: TOTAL | Z9: PROMEDIO
B10: 1 | C10: ='3-IDENTIFICACIÓN DEL RIESGO'!B11 -> Direccionamiento Estratégico | E10: ='3-IDENTIFICACIÓN DEL RIESGO'!E11 -> 1. Oficina del Planeación. | F10: ='3-IDENTIFICACIÓN DEL RIESGO'!G11 -> Aprobar planes no pertinentes a la entidad. | H10: 3 | N10: =COUNT(H10:M10) -> 1 | O10: =+SUM(H10:M10) -> 3 | P10: =O10/N10 -> 3 | Q10: =IF(P10<=1,"Rara vez",IF(P10<=2,"Improbable",IF(P10<=3,"Posible",IF(P10<=4,"Probable",IF(P10>4,"Casi seguro"))))) -> Posible | R10: 4 | X10: =COUNT(R10:W10) -> 1 | Y10: =+SUM(R10:W10) -> 4 | Z10: =Y10/X10 -> 4 | AA10: =IF(Z10<=1,"Insignificante",IF(Z10<=2,"Menor",IF(Z10<=3,"Moderado",IF(Z10<=4,"Mayor",IF(Z10>4,"Catastrófico"))))) -> Mayor | AB10: =IF(OR(AND(AA10="Insignificante",Q10="Rara Vez"),AND(AA10="Insignificante",Q10="Improbable"),AND(AA10="Insignificante",Q10="Posible"),AND(AA10="Menor",Q10="Rara Vez"),AND(AA10="Menor",Q10="Improbable")),"Bajo",IF(OR(AND(AA10="Insignificante",Q10="Probable"),AND(AA10="Menor",Q10="Posible"),AND(AA10="Moderado",Q10="Rara Vez"),AND(AA10="Moderado",Q10="Improbable")),"Moderado",IF(OR(AND(AA10="Menor",Q10="Probable"),AND(AA10="Menor",Q10="Casi Seguro"),AND(AA10="Mayor",Q10="Improbable"),AND(AA10="Mayor",Q10="Rara Vez"),AND(AA10="Moderado",Q10="Probable"),AND(AA10="Insignificante",Q10="Casi Seguro"),AND(AA10="Moderado",Q10="Posible")),"Alto",IF(OR(AND(AA10="Moderado",Q10="Casi Seguro"),AND(AA10="Mayor",Q10="Posible"),AND(AA10="Mayor",Q10="Probable"),AND(AA10="Mayor",Q10="Casi Seguro"),AND(AA10="Catastrófico",Q10="Rara Vez"),AND(AA10="Catastrófico",Q10="Improbable"),AND(AA10="Catastrófico",Q10="Posible"),AND(AA10="Catastrófico",Q10="Casi Seguro"),AND(AA10="Catastrófico",Q10="Probable")),"Extremo")))) -> Extremo | AC10: Reducir
B11: 2 | C11: ='3-IDENTIFICACIÓN DEL RIESGO'!B12 -> Direccionamiento Estratégico | E11: ='3-IDENTIFICACIÓN DEL RIESGO'!E12 -> 1. Oficina del Planeación. | F11: ='3-IDENTIFICACIÓN DEL RIESGO'!G12 -> Inscribir proyectos de inversión no adecuados a las necesidades de la entidad. | H11: 4 | I11: 4 | N11: =COUNT(H11:M11) -> 2 | O11: =+SUM(H11:M11) -> 8 | P11: =O11/N11 -> 4 | Q11: =IF(P11<=1,"Rara vez",IF(P11<=2,"Improbable",IF(P11<=3,"Posible",IF(P11<=4,"Probable",IF(P11>4,"Casi seguro"))))) -> Probable | R11: 5 | S11: 5 | X11: =COUNT(R11:W11) -> 2 | Y11: =+SUM(R11:W11) -> 10 | Z11: =Y11/X11 -> 5 | AA11: =IF(Z11<=1,"Insignificante",IF(Z11<=2,"Menor",IF(Z11<=3,"Moderado",IF(Z11<=4,"Mayor",IF(Z11>4,"Catastrófico"))))) -> Catastrófico | AB11: =IF(OR(AND(AA11="Insignificante",Q11="Rara Vez"),AND(AA11="Insignificante",Q11="Improbable"),AND(AA11="Insignificante",Q11="Posible"),AND(AA11="Menor",Q11="Rara Vez"),AND(AA11="Menor",Q11="Improbable")),"Bajo",IF(OR(AND(AA11="Insignificante",Q11="Probable"),AND(AA11="Menor",Q11="Posible"),AND(AA11="Moderado",Q11="Rara Vez"),AND(AA11="Moderado",Q11="Improbable")),"Moderado",IF(OR(AND(AA11="Menor",Q11="Probable"),AND(AA11="Menor",Q11="Casi Seguro"),AND(AA11="Mayor",Q11="Improbable"),AND(AA11="Mayor",Q11="Rara Vez"),AND(AA11="Moderado",Q11="Probable"),AND(AA11="Insignificante",Q11="Casi Seguro"),AND(AA11="Moderado",Q11="Posible")),"Alto",IF(OR(AND(AA11="Moderado",Q11="Casi Seguro"),AND(AA11="Mayor",Q11="Posible"),AND(AA11="Mayor",Q11="Probable"),AND(AA11="Mayor",Q11="Casi Seguro"),AND(AA11="Catastrófico",Q11="Rara Vez"),AND(AA11="Catastrófico",Q11="Improbable"),AND(AA11="Catastrófico",Q11="Posible"),AND(AA11="Catastrófico",Q11="Casi Seguro"),AND(AA11="Catastrófico",Q11="Probable")),"Extremo")))) -> Extremo | AC11: Reducir
B12: 3 | C12: ='3-IDENTIFICACIÓN DEL RIESGO'!B13 -> Direccionamiento Estratégico | E12: ='3-IDENTIFICACIÓN DEL RIESGO'!E13 -> 1. Oficina del Planeación. | F12: ='3-IDENTIFICACIÓN DEL RIESGO'!G13 -> Planeación inoportuna de cada vigencia | H12: 3 | N12: =COUNT(H12:M12) -> 1 | O12: =+SUM(H12:M12) -> 3 | P12: =O12/N12 -> 3 | Q12: =IF(P12<=1,"Rara vez",IF(P12<=2,"Improbable",IF(P12<=3,"Posible",IF(P12<=4,"Probable",IF(P12>4,"Casi seguro"))))) -> Posible | R12: 4 | X12: =COUNT(R12:W12) -> 1 | Y12: =+SUM(R12:W12) -> 4 | Z12: =Y12/X12 -> 4 | AA12: =IF(Z12<=1,"Insignificante",IF(Z12<=2,"Menor",IF(Z12<=3,"Moderado",IF(Z12<=4,"Mayor",IF(Z12>4,"Catastrófico"))))) -> Mayor | AB12: =IF(OR(AND(AA12="Insignificante",Q12="Rara Vez"),AND(AA12="Insignificante",Q12="Improbable"),AND(AA12="Insignificante",Q12="Posible"),AND(AA12="Menor",Q12="Rara Vez"),AND(AA12="Menor",Q12="Improbable")),"Bajo",IF(OR(AND(AA12="Insignificante",Q12="Probable"),AND(AA12="Menor",Q12="Posible"),AND(AA12="Moderado",Q12="Rara Vez"),AND(AA12="Moderado",Q12="Improbable")),"Moderado",IF(OR(AND(AA12="Menor",Q12="Probable"),AND(AA12="Menor",Q12="Casi Seguro"),AND(AA12="Mayor",Q12="Improbable"),AND(AA12="Mayor",Q12="Rara Vez"),AND(AA12="Moderado",Q12="Probable"),AND(AA12="Insignificante",Q12="Casi Seguro"),AND(AA12="Moderado",Q12="Posible")),"Alto",IF(OR(AND(AA12="Moderado",Q12="Casi Seguro"),AND(AA12="Mayor",Q12="Posible"),AND(AA12="Mayor",Q12="Probable"),AND(AA12="Mayor",Q12="Casi Seguro"),AND(AA12="Catastrófico",Q12="Rara Vez"),AND(AA12="Catastrófico",Q12="Improbable"),AND(AA12="Catastrófico",Q12="Posible"),AND(AA12="Catastrófico",Q12="Casi Seguro"),AND(AA12="Catastrófico",Q12="Probable")),"Extremo")))) -> Extremo | AC12: Reducir
B13: 4 | C13: ='3-IDENTIFICACIÓN DEL RIESGO'!B14 -> Direccionamiento Estratégico | E13: ='3-IDENTIFICACIÓN DEL RIESGO'!E14 -> 1. Oficina del Planeación. | F13: ='3-IDENTIFICACIÓN DEL RIESGO'!G14 -> Reporte de información no pertinente a las necesidades de la Dirección General. | H13: 4 | N13: =COUNT(H13:M13) -> 1 | O13: =+SUM(H13:M13) -> 4 | P13: =O13/N13 -> 4 | Q13: =IF(P13<=1,"Rara vez",IF(P13<=2,"Improbable",IF(P13<=3,"Posible",IF(P13<=4,"Probable",IF(P13>4,"Casi seguro"))))) -> Probable | R13: 5 | X13: =COUNT(R13:W13) -> 1 | Y13: =+SUM(R13:W13) -> 5 | Z13: =Y13/X13 -> 5 | AA13: =IF(Z13<=1,"Insignificante",IF(Z13<=2,"Menor",IF(Z13<=3,"Moderado",IF(Z13<=4,"Mayor",IF(Z13>4,"Catastrófico"))))) -> Catastrófico | AB13: =IF(OR(AND(AA13="Insignificante",Q13="Rara Vez"),AND(AA13="Insignificante",Q13="Improbable"),AND(AA13="Insignificante",Q13="Posible"),AND(AA13="Menor",Q13="Rara Vez"),AND(AA13="Menor",Q13="Improbable")),"Bajo",IF(OR(AND(AA13="Insignificante",Q13="Probable"),AND(AA13="Menor",Q13="Posible"),AND(AA13="Moderado",Q13="Rara Vez"),AND(AA13="Moderado",Q13="Improbable")),"Moderado",IF(OR(AND(AA13="Menor",Q13="Probable"),AND(AA13="Menor",Q13="Casi Seguro"),AND(AA13="Mayor",Q13="Improbable"),AND(AA13="Mayor",Q13="Rara Vez"),AND(AA13="Moderado",Q13="Probable"),AND(AA13="Insignificante",Q13="Casi Seguro"),AND(AA13="Moderado",Q13="Posible")),"Alto",IF(OR(AND(AA13="Moderado",Q13="Casi Seguro"),AND(AA13="Mayor",Q13="Posible"),AND(AA13="Mayor",Q13="Probable"),AND(AA13="Mayor",Q13="Casi Seguro"),AND(AA13="Catastrófico",Q13="Rara Vez"),AND(AA13="Catastrófico",Q13="Improbable"),AND(AA13="Catastrófico",Q13="Posible"),AND(AA13="Catastrófico",Q13="Casi Seguro"),AND(AA13="Catastrófico",Q13="Probable")),"Extremo")))) -> Extremo | AC13: Reducir
B14: 5 | C14: ='3-IDENTIFICACIÓN DEL RIESGO'!B15 -> Comunicación y Gestión con Grupos de Interés. | E14: ='3-IDENTIFICACIÓN DEL RIESGO'!E15 -> 1. Dirección General. 2. Secretaría General. 3. Oficina de Planeación. 4. Oficina Jurídica. 5. Oficina del Inspector de la Gestión de Tierras. 6. Oficina de Control Interno. | F14: ='3-IDENTIFICACIÓN DEL RIESGO'!G15 -> Dar información imprecisa o errónea a la ciudadanía a través de cualquier medio de comunicación por parte de personas autorizadas y NO autorizadas. | H14: 4 | N14: =COUNT(H14:M14) -> 1 | O14: =+SUM(H14:M14) -> 4 | P14: =O14/N14 -> 4 | Q14: =IF(P14<=1,"Rara vez",IF(P14<=2,"Improbable",IF(P14<=3,"Posible",IF(P14<=4,"Probable",IF(P14>4,"Casi seguro"))))) -> Probable | R14: 4 | X14: =COUNT(R14:W14) -> 1 | Y14: =+SUM(R14:W14) -> 4 | Z14: =Y14/X14 -> 4 | AA14: =IF(Z14<=1,"Insignificante",IF(Z14<=2,"Menor",IF(Z14<=3,"Moderado",IF(Z14<=4,"Mayor",IF(Z14>4,"Catastrófico"))))) -> Mayor | AB14: =IF(OR(AND(AA14="Insignificante",Q14="Rara Vez"),AND(AA14="Insignificante",Q14="Improbable"),AND(AA14="Insignificante",Q14="Posible"),AND(AA14="Menor",Q14="Rara Vez"),AND(AA14="Menor",Q14="Improbable")),"Bajo",IF(OR(AND(AA14="Insignificante",Q14="Probable"),AND(AA14="Menor",Q14="Posible"),AND(AA14="Moderado",Q14="Rara Vez"),AND(AA14="Moderado",Q14="Improbable")),"Moderado",IF(OR(AND(AA14="Menor",Q14="Probable"),AND(AA14="Menor",Q14="Casi Seguro"),AND(AA14="Mayor",Q14="Improbable"),AND(AA14="Mayor",Q14="Rara Vez"),AND(AA14="Moderado",Q14="Probable"),AND(AA14="Insignificante",Q14="Casi Seguro"),AND(AA14="Moderado",Q14="Posible")),"Alto",IF(OR(AND(AA14="Moderado",Q14="Casi Seguro"),AND(AA14="Mayor",Q14="Posible"),AND(AA14="Mayor",Q14="Probable"),AND(AA14="Mayor",Q14="Casi Seguro"),AND(AA14="Catastrófico",Q14="Rara Vez"),AND(AA14="Catastrófico",Q14="Improbable"),AND(AA14="Catastrófico",Q14="Posible"),AND(AA14="Catastrófico",Q14="Casi Seguro"),AND(AA14="Catastrófico",Q14="Probable")),"Extremo")))) -> Extremo | AC14: Reducir
B15: 6 | C15: ='3-IDENTIFICACIÓN DEL RIESGO'!B16 -> Comunicación y Gestión con Grupos de Interés. | E15: ='3-IDENTIFICACIÓN DEL RIESGO'!E16 -> 1. Dirección General. 2. Secretaría General. 3. Oficina de Planeación. 4. Oficina Jurídica. 5. Oficina del Inspector de la Gestión de Tierras. 6. Oficina de Control Interno. | F15: ='3-IDENTIFICACIÓN DEL RIESGO'!G16 -> Inadecuada utilización de la imagen institucional | H15: 4 | N15: =COUNT(H15:M15) -> 1 | O15: =+SUM(H15:M15) -> 4 | P15: =O15/N15 -> 4 | Q15: =IF(P15<=1,"Rara vez",IF(P15<=2,"Improbable",IF(P15<=3,"Posible",IF(P15<=4,"Probable",IF(P15>4,"Casi seguro"))))) -> Probable | R15: 4 | X15: =COUNT(R15:W15) -> 1 | Y15: =+SUM(R15:W15) -> 4 | Z15: =Y15/X15 -> 4 | AA15: =IF(Z15<=1,"Insignificante",IF(Z15<=2,"Menor",IF(Z15<=3,"Moderado",IF(Z15<=4,"Mayor",IF(Z15>4,"Catastrófico"))))) -> Mayor | AB15: =IF(OR(AND(AA15="Insignificante",Q15="Rara Vez"),AND(AA15="Insignificante",Q15="Improbable"),AND(AA15="Insignificante",Q15="Posible"),AND(AA15="Menor",Q15="Rara Vez"),AND(AA15="Menor",Q15="Improbable")),"Bajo",IF(OR(AND(AA15="Insignificante",Q15="Probable"),AND(AA15="Menor",Q15="Posible"),AND(AA15="Moderado",Q15="Rara Vez"),AND(AA15="Moderado",Q15="Improbable")),"Moderado",IF(OR(AND(AA15="Menor",Q15="Probable"),AND(AA15="Menor",Q15="Casi Seguro"),AND(AA15="Mayor",Q15="Improbable"),AND(AA15="Mayor",Q15="Rara Vez"),AND(AA15="Moderado",Q15="Probable"),AND(AA15="Insignificante",Q15="Casi Seguro"),AND(AA15="Moderado",Q15="Posible")),"Alto",IF(OR(AND(AA15="Moderado",Q15="Casi Seguro"),AND(AA15="Mayor",Q15="Posible"),AND(AA15="Mayor",Q15="Probable"),AND(AA15="Mayor",Q15="Casi Seguro"),AND(AA15="Catastrófico",Q15="Rara Vez"),AND(AA15="Catastrófico",Q15="Improbable"),AND(AA15="Catastrófico",Q15="Posible"),AND(AA15="Catastrófico",Q15="Casi Seguro"),AND(AA15="Catastrófico",Q15="Probable")),"Extremo")))) -> Extremo | AC15: Reducir
B16: 7 | C16: ='3-IDENTIFICACIÓN DEL RIESGO'!B17 -> Comunicación y Gestión con Grupos de Interés. | E16: ='3-IDENTIFICACIÓN DEL RIESGO'!E17 -> 1. Dirección General. 2. Secretaría General. 3. Oficina de Planeación. 4. Oficina Jurídica. 5. Oficina del Inspector de la Gestión de Tierras. 6. Oficina de Control Interno. | F16: ='3-IDENTIFICACIÓN DEL RIESGO'!G17 -> Información de la ANT no llega al público objetivo | H16: 4 | N16: =COUNT(H16:M16) -> 1 | O16: =+SUM(H16:M16) -> 4 | P16: =O16/N16 -> 4 | Q16: =IF(P16<=1,"Rara vez",IF(P16<=2,"Improbable",IF(P16<=3,"Posible",IF(P16<=4,"Probable",IF(P16>4,"Casi seguro"))))) -> Probable | R16: 4 | X16: =COUNT(R16:W16) -> 1 | Y16: =+SUM(R16:W16) -> 4 | Z16: =Y16/X16 -> 4 | AA16: =IF(Z16<=1,"Insignificante",IF(Z16<=2,"Menor",IF(Z16<=3,"Moderado",IF(Z16<=4,"Mayor",IF(Z16>4,"Catastrófico"))))) -> Mayor | AB16: =IF(OR(AND(AA16="Insignificante",Q16="Rara Vez"),AND(AA16="Insignificante",Q16="Improbable"),AND(AA16="Insignificante",Q16="Posible"),AND(AA16="Menor",Q16="Rara Vez"),AND(AA16="Menor",Q16="Improbable")),"Bajo",IF(OR(AND(AA16="Insignificante",Q16="Probable"),AND(AA16="Menor",Q16="Posible"),AND(AA16="Moderado",Q16="Rara Vez"),AND(AA16="Moderado",Q16="Improbable")),"Moderado",IF(OR(AND(AA16="Menor",Q16="Probable"),AND(AA16="Menor",Q16="Casi Seguro"),AND(AA16="Mayor",Q16="Improbable"),AND(AA16="Mayor",Q16="Rara Vez"),AND(AA16="Moderado",Q16="Probable"),AND(AA16="Insignificante",Q16="Casi Seguro"),AND(AA16="Moderado",Q16="Posible")),"Alto",IF(OR(AND(AA16="Moderado",Q16="Casi Seguro"),AND(AA16="Mayor",Q16="Posible"),AND(AA16="Mayor",Q16="Probable"),AND(AA16="Mayor",Q16="Casi Seguro"),AND(AA16="Catastrófico",Q16="Rara Vez"),AND(AA16="Catastrófico",Q16="Improbable"),AND(AA16="Catastrófico",Q16="Posible"),AND(AA16="Catastrófico",Q16="Casi Seguro"),AND(AA16="Catastrófico",Q16="Probable")),"Extremo")))) -> Extremo | AC16: Reducir
B17: 8 | C17: ='3-IDENTIFICACIÓN DEL RIESGO'!B18 -> Comunicación y Gestión con Grupos de Interés. | E17: ='3-IDENTIFICACIÓN DEL RIESGO'!E18 -> 1. Dirección General. 2. Secretaría General. 3. Oficina de Planeación. 4. Oficina Jurídica. 5. Oficina del Inspector de la Gestión de Tierras. 6. Oficina de Control Interno. | F17: ='3-IDENTIFICACIÓN DEL RIESGO'!G18 -> Omitir la gestión y/o respuesta a las denuncias por posibles hechos de corrupción. | H17: 2 | N17: =COUNT(H17:M17) -> 1 | O17: =+SUM(H17:M17) -> 2 | P17: =O17/N17 -> 2 | Q17: =IF(P17<=1,"Rara vez",IF(P17<=2,"Improbable",IF(P17<=3,"Posible",IF(P17<=4,"Probable",IF(P17>4,"Casi seguro"))))) -> Improbable | R17: 3 | X17: =COUNT(R17:W17) -> 1 | Y17: =+SUM(R17:W17) -> 3 | Z17: =Y17/X17 -> 3 | AA17: =IF(Z17<=1,"Insignificante",IF(Z17<=2,"Menor",IF(Z17<=3,"Moderado",IF(Z17<=4,"Mayor",IF(Z17>4,"Catastrófico"))))) -> Moderado | AB17: =IF(OR(AND(AA17="Insignificante",Q17="Rara Vez"),AND(AA17="Insignificante",Q17="Improbable"),AND(AA17="Insignificante",Q17="Posible"),AND(AA17="Menor",Q17="Rara Vez"),AND(AA17="Menor",Q17="Improbable")),"Bajo",IF(OR(AND(AA17="Insignificante",Q17="Probable"),AND(AA17="Menor",Q17="Posible"),AND(AA17="Moderado",Q17="Rara Vez"),AND(AA17="Moderado",Q17="Improbable")),"Moderado",IF(OR(AND(AA17="Menor",Q17="Probable"),AND(AA17="Menor",Q17="Casi Seguro"),AND(AA17="Mayor",Q17="Improbable"),AND(AA17="Mayor",Q17="Rara Vez"),AND(AA17="Moderado",Q17="Probable"),AND(AA17="Insignificante",Q17="Casi Seguro"),AND(AA17="Moderado",Q17="Posible")),"Alto",IF(OR(AND(AA17="Moderado",Q17="Casi Seguro"),AND(AA17="Mayor",Q17="Posible"),AND(AA17="Mayor",Q17="Probable"),AND(AA17="Mayor",Q17="Casi Seguro"),AND(AA17="Catastrófico",Q17="Rara Vez"),AND(AA17="Catastrófico",Q17="Improbable"),AND(AA17="Catastrófico",Q17="Posible"),AND(AA17="Catastrófico",Q17="Casi Seguro"),AND(AA17="Catastrófico",Q17="Probable")),"Extremo")))) -> Moderado | AC17: Reducir
B18: 9 | C18: ='3-IDENTIFICACIÓN DEL RIESGO'!B19 -> Inteligencia de la información. | E18: ='3-IDENTIFICACIÓN DEL RIESGO'!E19 -> 1. Dirección de Gestión del Ordenamiento Social de la Propiedad. 2. Oficina de Planeación. | F18: ='3-IDENTIFICACIÓN DEL RIESGO'!G19 -> Incumplimiento en la implementación del PETIC. | H18: 4 | N18: =COUNT(H18:M18) -> 1 | O18: =+SUM(H18:M18) -> 4 | P18: =O18/N18 -> 4 | Q18: =IF(P18<=1,"Rara vez",IF(P18<=2,"Improbable",IF(P18<=3,"Posible",IF(P18<=4,"Probable",IF(P18>4,"Casi seguro"))))) -> Probable | R18: 4 | X18: =COUNT(R18:W18) -> 1 | Y18: =+SUM(R18:W18) -> 4 | Z18: =Y18/X18 -> 4 | AA18: =IF(Z18<=1,"Insignificante",IF(Z18<=2,"Menor",IF(Z18<=3,"Moderado",IF(Z18<=4,"Mayor",IF(Z18>4,"Catastrófico"))))) -> Mayor | AB18: =IF(OR(AND(AA18="Insignificante",Q18="Rara Vez"),AND(AA18="Insignificante",Q18="Improbable"),AND(AA18="Insignificante",Q18="Posible"),AND(AA18="Menor",Q18="Rara Vez"),AND(AA18="Menor",Q18="Improbable")),"Bajo",IF(OR(AND(AA18="Insignificante",Q18="Probable"),AND(AA18="Menor",Q18="Posible"),AND(AA18="Moderado",Q18="Rara Vez"),AND(AA18="Moderado",Q18="Improbable")),"Moderado",IF(OR(AND(AA18="Menor",Q18="Probable"),AND(AA18="Menor",Q18="Casi Seguro"),AND(AA18="Mayor",Q18="Improbable"),AND(AA18="Mayor",Q18="Rara Vez"),AND(AA18="Moderado",Q18="Probable"),AND(AA18="Insignificante",Q18="Casi Seguro"),AND(AA18="Moderado",Q18="Posible")),"Alto",IF(OR(AND(AA18="Moderado",Q18="Casi Seguro"),AND(AA18="Mayor",Q18="Posible"),AND(AA18="Mayor",Q18="Probable"),AND(AA18="Mayor",Q18="Casi Seguro"),AND(AA18="Catastrófico",Q18="Rara Vez"),AND(AA18="Catastrófico",Q18="Improbable"),AND(AA18="Catastrófico",Q18="Posible"),AND(AA18="Catastrófico",Q18="Casi Seguro"),AND(AA18="Catastrófico",Q18="Probable")),"Extremo")))) -> Extremo | AC18: Reducir
B19: 10 | C19: ='3-IDENTIFICACIÓN DEL RIESGO'!B20 -> Inteligencia de la información. | E19: ='3-IDENTIFICACIÓN DEL RIESGO'!E20 -> 1. Dirección de Gestión del Ordenamiento Social de la Propiedad. 2. Oficina de Planeación. | F19: ='3-IDENTIFICACIÓN DEL RIESGO'!G20 -> Definición y evolución de la arquitectura empresarial institucional que no responda a las necesidades de la entidad. | H19: 4 | N19: =COUNT(H19:M19) -> 1 | O19: =+SUM(H19:M19) -> 4 | P19: =O19/N19 -> 4 | Q19: =IF(P19<=1,"Rara vez",IF(P19<=2,"Improbable",IF(P19<=3,"Posible",IF(P19<=4,"Probable",IF(P19>4,"Casi seguro"))))) -> Probable | R19: 4 | X19: =COUNT(R19:W19) -> 1 | Y19: =+SUM(R19:W19) -> 4 | Z19: =Y19/X19 -> 4 | AA19: =IF(Z19<=1,"Insignificante",IF(Z19<=2,"Menor",IF(Z19<=3,"Moderado",IF(Z19<=4,"Mayor",IF(Z19>4,"Catastrófico"))))) -> Mayor | AB19: =IF(OR(AND(AA19="Insignificante",Q19="Rara Vez"),AND(AA19="Insignificante",Q19="Improbable"),AND(AA19="Insignificante",Q19="Posible"),AND(AA19="Menor",Q19="Rara Vez"),AND(AA19="Menor",Q19="Improbable")),"Bajo",IF(OR(AND(AA19="Insignificante",Q19="Probable"),AND(AA19="Menor",Q19="Posible"),AND(AA19="Moderado",Q19="Rara Vez"),AND(AA19="Moderado",Q19="Improbable")),"Moderado",IF(OR(AND(AA19="Menor",Q19="Probable"),AND(AA19="Menor",Q19="Casi Seguro"),AND(AA19="Mayor",Q19="Improbable"),AND(AA19="Mayor",Q19="Rara Vez"),AND(AA19="Moderado",Q19="Probable"),AND(AA19="Insignificante",Q19="Casi Seguro"),AND(AA19="Moderado",Q19="Posible")),"Alto",IF(OR(AND(AA19="Moderado",Q19="Casi Seguro"),AND(AA19="Mayor",Q19="Posible"),AND(AA19="Mayor",Q19="Probable"),AND(AA19="Mayor",Q19="Casi Seguro"),AND(AA19="Catastrófico",Q19="Rara Vez"),AND(AA19="Catastrófico",Q19="Improbable"),AND(AA19="Catastrófico",Q19="Posible"),AND(AA19="Catastrófico",Q19="Casi Seguro"),AND(AA19="Catastrófico",Q19="Probable")),"Extremo")))) -> Extremo | AC19: Reducir
B20: 11 | C20: ='3-IDENTIFICACIÓN DEL RIESGO'!B21 -> Inteligencia de la información. | E20: ='3-IDENTIFICACIÓN DEL RIESGO'!E21 -> 1. Dirección de Gestión del Ordenamiento Social de la Propiedad. 2. Oficina de Planeación. | F20: ='3-IDENTIFICACIÓN DEL RIESGO'!G21 -> Incumplimiento en la implementación del Modelo de Seguridad y Privacidad de la información de la estrategia de Gobierno Digital. | H20: 4 | N20: =COUNT(H20:M20) -> 1 | O20: =+SUM(H20:M20) -> 4 | P20: =O20/N20 -> 4 | Q20: =IF(P20<=1,"Rara vez",IF(P20<=2,"Improbable",IF(P20<=3,"Posible",IF(P20<=4,"Probable",IF(P20>4,"Casi seguro"))))) -> Probable | R20: 4 | X20: =COUNT(R20:W20) -> 1 | Y20: =+SUM(R20:W20) -> 4 | Z20: =Y20/X20 -> 4 | AA20: =IF(Z20<=1,"Insignificante",IF(Z20<=2,"Menor",IF(Z20<=3,"Moderado",IF(Z20<=4,"Mayor",IF(Z20>4,"Catastrófico"))))) -> Mayor | AB20: =IF(OR(AND(AA20="Insignificante",Q20="Rara Vez"),AND(AA20="Insignificante",Q20="Improbable"),AND(AA20="Insignificante",Q20="Posible"),AND(AA20="Menor",Q20="Rara Vez"),AND(AA20="Menor",Q20="Improbable")),"Bajo",IF(OR(AND(AA20="Insignificante",Q20="Probable"),AND(AA20="Menor",Q20="Posible"),AND(AA20="Moderado",Q20="Rara Vez"),AND(AA20="Moderado",Q20="Improbable")),"Moderado",IF(OR(AND(AA20="Menor",Q20="Probable"),AND(AA20="Menor",Q20="Casi Seguro"),AND(AA20="Mayor",Q20="Improbable"),AND(AA20="Mayor",Q20="Rara Vez"),AND(AA20="Moderado",Q20="Probable"),AND(AA20="Insignificante",Q20="Casi Seguro"),AND(AA20="Moderado",Q20="Posible")),"Alto",IF(OR(AND(AA20="Moderado",Q20="Casi Seguro"),AND(AA20="Mayor",Q20="Posible"),AND(AA20="Mayor",Q20="Probable"),AND(AA20="Mayor",Q20="Casi Seguro"),AND(AA20="Catastrófico",Q20="Rara Vez"),AND(AA20="Catastrófico",Q20="Improbable"),AND(AA20="Catastrófico",Q20="Posible"),AND(AA20="Catastrófico",Q20="Casi Seguro"),AND(AA20="Catastrófico",Q20="Probable")),"Extremo")))) -> Extremo | AC20: Reducir
B21: 12 | C21: ='3-IDENTIFICACIÓN DEL RIESGO'!B22 -> Inteligencia de la información. | E21: ='3-IDENTIFICACIÓN DEL RIESGO'!E22 -> 1. Dirección de Gestión del Ordenamiento Social de la Propiedad. 2. Oficina de Planeación. | F21: ='3-IDENTIFICACIÓN DEL RIESGO'!G22 -> Pérdida parcial o completa del conocimiento de la Entidad | H21: 5 | I21: 5 | N21: =COUNT(H21:M21) -> 2 | O21: =+SUM(H21:M21) -> 10 | P21: =O21/N21 -> 5 | Q21: =IF(P21<=1,"Rara vez",IF(P21<=2,"Improbable",IF(P21<=3,"Posible",IF(P21<=4,"Probable",IF(P21>4,"Casi seguro"))))) -> Casi seguro | R21: 5 | S21: 5 | X21: =COUNT(R21:W21) -> 2 | Y21: =+SUM(R21:W21) -> 10 | Z21: =Y21/X21 -> 5 | AA21: =IF(Z21<=1,"Insignificante",IF(Z21<=2,"Menor",IF(Z21<=3,"Moderado",IF(Z21<=4,"Mayor",IF(Z21>4,"Catastrófico"))))) -> Catastrófico | AB21: =IF(OR(AND(AA21="Insignificante",Q21="Rara Vez"),AND(AA21="Insignificante",Q21="Improbable"),AND(AA21="Insignificante",Q21="Posible"),AND(AA21="Menor",Q21="Rara Vez"),AND(AA21="Menor",Q21="Improbable")),"Bajo",IF(OR(AND(AA21="Insignificante",Q21="Probable"),AND(AA21="Menor",Q21="Posible"),AND(AA21="Moderado",Q21="Rara Vez"),AND(AA21="Moderado",Q21="Improbable")),"Moderado",IF(OR(AND(AA21="Menor",Q21="Probable"),AND(AA21="Menor",Q21="Casi Seguro"),AND(AA21="Mayor",Q21="Improbable"),AND(AA21="Mayor",Q21="Rara Vez"),AND(AA21="Moderado",Q21="Probable"),AND(AA21="Insignificante",Q21="Casi Seguro"),AND(AA21="Moderado",Q21="Posible")),"Alto",IF(OR(AND(AA21="Moderado",Q21="Casi Seguro"),AND(AA21="Mayor",Q21="Posible"),AND(AA21="Mayor",Q21="Probable"),AND(AA21="Mayor",Q21="Casi Seguro"),AND(AA21="Catastrófico",Q21="Rara Vez"),AND(AA21="Catastrófico",Q21="Improbable"),AND(AA21="Catastrófico",Q21="Posible"),AND(AA21="Catastrófico",Q21="Casi Seguro"),AND(AA21="Catastrófico",Q21="Probable")),"Extremo")))) -> Extremo | AC21: Reducir
B22: 13 | C22: ='3-IDENTIFICACIÓN DEL RIESGO'!B23 -> Inteligencia de la información. | E22: ='3-IDENTIFICACIÓN DEL RIESGO'!E23 -> 1. Dirección de Gestión del Ordenamiento Social de la Propiedad. 2. Oficina de Planeación. | F22: ='3-IDENTIFICACIÓN DEL RIESGO'!G23 -> Aprobación y publicación de información documentada no pertinente a los Procesos de la entidad. | H22: 4 | N22: =COUNT(H22:M22) -> 1 | O22: =+SUM(H22:M22) -> 4 | P22: =O22/N22 -> 4 | Q22: =IF(P22<=1,"Rara vez",IF(P22<=2,"Improbable",IF(P22<=3,"Posible",IF(P22<=4,"Probable",IF(P22>4,"Casi seguro"))))) -> Probable | R22: 4 | X22: =COUNT(R22:W22) -> 1 | Y22: =+SUM(R22:W22) -> 4 | Z22: =Y22/X22 -> 4 | AA22: =IF(Z22<=1,"Insignificante",IF(Z22<=2,"Menor",IF(Z22<=3,"Moderado",IF(Z22<=4,"Mayor",IF(Z22>4,"Catastrófico"))))) -> Mayor | AB22: =IF(OR(AND(AA22="Insignificante",Q22="Rara Vez"),AND(AA22="Insignificante",Q22="Improbable"),AND(AA22="Insignificante",Q22="Posible"),AND(AA22="Menor",Q22="Rara Vez"),AND(AA22="Menor",Q22="Improbable")),"Bajo",IF(OR(AND(AA22="Insignificante",Q22="Probable"),AND(AA22="Menor",Q22="Posible"),AND(AA22="Moderado",Q22="Rara Vez"),AND(AA22="Moderado",Q22="Improbable")),"Moderado",IF(OR(AND(AA22="Menor",Q22="Probable"),AND(AA22="Menor",Q22="Casi Seguro"),AND(AA22="Mayor",Q22="Improbable"),AND(AA22="Mayor",Q22="Rara Vez"),AND(AA22="Moderado",Q22="Probable"),AND(AA22="Insignificante",Q22="Casi Seguro"),AND(AA22="Moderado",Q22="Posible")),"Alto",IF(OR(AND(AA22="Moderado",Q22="Casi Seguro"),AND(AA22="Mayor",Q22="Posible"),AND(AA22="Mayor",Q22="Probable"),AND(AA22="Mayor",Q22="Casi Seguro"),AND(AA22="Catastrófico",Q22="Rara Vez"),AND(AA22="Catastrófico",Q22="Improbable"),AND(AA22="Catastrófico",Q22="Posible"),AND(AA22="Catastrófico",Q22="Casi Seguro"),AND(AA22="Catastrófico",Q22="Probable")),"Extremo")))) -> Extremo | AC22: Reducir
B23: 14 | C23: ='3-IDENTIFICACIÓN DEL RIESGO'!B24 -> Gestión del Modelo de Atención. | E23: ='3-IDENTIFICACIÓN DEL RIESGO'!E24 -> 1. Secretaría General. 2. Dirección de Gestión del Ordenamiento social de la Propiedad. 3. Dirección Acceso a Tierras. 4. Dirección Gestión Jurídica de Tierras. 5. Dirección Asuntos Étnicos. | F23: ='3-IDENTIFICACIÓN DEL RIESGO'!G24 -> Respuesta inoportuna a las PQRSD | H23: 5 | N23: =COUNT(H23:M23) -> 1 | O23: =+SUM(H23:M23) -> 5 | P23: =O23/N23 -> 5 | Q23: =IF(P23<=1,"Rara vez",IF(P23<=2,"Improbable",IF(P23<=3,"Posible",IF(P23<=4,"Probable",IF(P23>4,"Casi seguro"))))) -> Casi seguro | R23: 5 | X23: =COUNT(R23:W23) -> 1 | Y23: =+SUM(R23:W23) -> 5 | Z23: =Y23/X23 -> 5 | AA23: =IF(Z23<=1,"Insignificante",IF(Z23<=2,"Menor",IF(Z23<=3,"Moderado",IF(Z23<=4,"Mayor",IF(Z23>4,"Catastrófico"))))) -> Catastrófico | AB23: =IF(OR(AND(AA23="Insignificante",Q23="Rara Vez"),AND(AA23="Insignificante",Q23="Improbable"),AND(AA23="Insignificante",Q23="Posible"),AND(AA23="Menor",Q23="Rara Vez"),AND(AA23="Menor",Q23="Improbable")),"Bajo",IF(OR(AND(AA23="Insignificante",Q23="Probable"),AND(AA23="Menor",Q23="Posible"),AND(AA23="Moderado",Q23="Rara Vez"),AND(AA23="Moderado",Q23="Improbable")),"Moderado",IF(OR(AND(AA23="Menor",Q23="Probable"),AND(AA23="Menor",Q23="Casi Seguro"),AND(AA23="Mayor",Q23="Improbable"),AND(AA23="Mayor",Q23="Rara Vez"),AND(AA23="Moderado",Q23="Probable"),AND(AA23="Insignificante",Q23="Casi Seguro"),AND(AA23="Moderado",Q23="Posible")),"Alto",IF(OR(AND(AA23="Moderado",Q23="Casi Seguro"),AND(AA23="Mayor",Q23="Posible"),AND(AA23="Mayor",Q23="Probable"),AND(AA23="Mayor",Q23="Casi Seguro"),AND(AA23="Catastrófico",Q23="Rara Vez"),AND(AA23="Catastrófico",Q23="Improbable"),AND(AA23="Catastrófico",Q23="Posible"),AND(AA23="Catastrófico",Q23="Casi Seguro"),AND(AA23="Catastrófico",Q23="Probable")),"Extremo")))) -> Extremo | AC23: Reducir
B24: 15 | C24: ='3-IDENTIFICACIÓN DEL RIESGO'!B25 -> Gestión del Modelo de Atención. | E24: ='3-IDENTIFICACIÓN DEL RIESGO'!E25 -> 1. Secretaría General. 2. Dirección de Gestión del Ordenamiento social de la Propiedad. 3. Dirección Acceso a Tierras. 4. Dirección Gestión Jurídica de Tierras. 5. Dirección Asuntos Étnicos. | F24: ='3-IDENTIFICACIÓN DEL RIESGO'!G25 -> Respuestas con deficiente calidad a las PQRSD | H24: 5 | N24: =COUNT(H24:M24) -> 1 | O24: =+SUM(H24:M24) -> 5 | P24: =O24/N24 -> 5 | Q24: =IF(P24<=1,"Rara vez",IF(P24<=2,"Improbable",IF(P24<=3,"Posible",IF(P24<=4,"Probable",IF(P24>4,"Casi seguro"))))) -> Casi seguro | R24: 4 | X24: =COUNT(R24:W24) -> 1 | Y24: =+SUM(R24:W24) -> 4 | Z24: =Y24/X24 -> 4 | AA24: =IF(Z24<=1,"Insignificante",IF(Z24<=2,"Menor",IF(Z24<=3,"Moderado",IF(Z24<=4,"Mayor",IF(Z24>4,"Catastrófico"))))) -> Mayor | AB24: =IF(OR(AND(AA24="Insignificante",Q24="Rara Vez"),AND(AA24="Insignificante",Q24="Improbable"),AND(AA24="Insignificante",Q24="Posible"),AND(AA24="Menor",Q24="Rara Vez"),AND(AA24="Menor",Q24="Improbable")),"Bajo",IF(OR(AND(AA24="Insignificante",Q24="Probable"),AND(AA24="Menor",Q24="Posible"),AND(AA24="Moderado",Q24="Rara Vez"),AND(AA24="Moderado",Q24="Improbable")),"Moderado",IF(OR(AND(AA24="Menor",Q24="Probable"),AND(AA24="Menor",Q24="Casi Seguro"),AND(AA24="Mayor",Q24="Improbable"),AND(AA24="Mayor",Q24="Rara Vez"),AND(AA24="Moderado",Q24="Probable"),AND(AA24="Insignificante",Q24="Casi Seguro"),AND(AA24="Moderado",Q24="Posible")),"Alto",IF(OR(AND(AA24="Moderado",Q24="Casi Seguro"),AND(AA24="Mayor",Q24="Posible"),AND(AA24="Mayor",Q24="Probable"),AND(AA24="Mayor",Q24="Casi Seguro"),AND(AA24="Catastrófico",Q24="Rara Vez"),AND(AA24="Catastrófico",Q24="Improbable"),AND(AA24="Catastrófico",Q24="Posible"),AND(AA24="Catastrófico",Q24="Casi Seguro"),AND(AA24="Catastrófico",Q24="Probable")),"Extremo")))) -> Extremo | AC24: Reducir
B25: 16 | C25: ='3-IDENTIFICACIÓN DEL RIESGO'!B26 -> Gestión del Modelo de Atención. | E25: ='3-IDENTIFICACIÓN DEL RIESGO'!E26 -> 1. Secretaría General. 2. Dirección de Gestión del Ordenamiento social de la Propiedad. 3. Dirección Acceso a Tierras. 4. Dirección Gestión Jurídica de Tierras. 5. Dirección Asuntos Étnicos. | F25: ='3-IDENTIFICACIÓN DEL RIESGO'!G26 -> Programar municipios que posteriormente presenten limitantes para su intervención. | H25: 4 | I25: 4 | N25: =COUNT(H25:M25) -> 2 | O25: =+SUM(H25:M25) -> 8 | P25: =O25/N25 -> 4 | Q25: =IF(P25<=1,"Rara vez",IF(P25<=2,"Improbable",IF(P25<=3,"Posible",IF(P25<=4,"Probable",IF(P25>4,"Casi seguro"))))) -> Probable | R25: 5 | S25: 5 | T25: 4 | X25: =COUNT(R25:W25) -> 3 | Y25: =+SUM(R25:W25) -> 14 | Z25: =Y25/X25 -> 4.6666667 | AA25: =IF(Z25<=1,"Insignificante",IF(Z25<=2,"Menor",IF(Z25<=3,"Moderado",IF(Z25<=4,"Mayor",IF(Z25>4,"Catastrófico"))))) -> Catastrófico | AB25: =IF(OR(AND(AA25="Insignificante",Q25="Rara Vez"),AND(AA25="Insignificante",Q25="Improbable"),AND(AA25="Insignificante",Q25="Posible"),AND(AA25="Menor",Q25="Rara Vez"),AND(AA25="Menor",Q25="Improbable")),"Bajo",IF(OR(AND(AA25="Insignificante",Q25="Probable"),AND(AA25="Menor",Q25="Posible"),AND(AA25="Moderado",Q25="Rara Vez"),AND(AA25="Moderado",Q25="Improbable")),"Moderado",IF(OR(AND(AA25="Menor",Q25="Probable"),AND(AA25="Menor",Q25="Casi Seguro"),AND(AA25="Mayor",Q25="Improbable"),AND(AA25="Mayor",Q25="Rara Vez"),AND(AA25="Moderado",Q25="Probable"),AND(AA25="Insignificante",Q25="Casi Seguro"),AND(AA25="Moderado",Q25="Posible")),"Alto",IF(OR(AND(AA25="Moderado",Q25="Casi Seguro"),AND(AA25="Mayor",Q25="Posible"),AND(AA25="Mayor",Q25="Probable"),AND(AA25="Mayor",Q25="Casi Seguro"),AND(AA25="Catastrófico",Q25="Rara Vez"),AND(AA25="Catastrófico",Q25="Improbable"),AND(AA25="Catastrófico",Q25="Posible"),AND(AA25="Catastrófico",Q25="Casi Seguro"),AND(AA25="Catastrófico",Q25="Probable")),"Extremo")))) -> Extremo | AC25: Reducir
B26: 17 | C26: ='3-IDENTIFICACIÓN DEL RIESGO'!B27 -> Planificación del Ordenamiento Social de la Propiedad | E26: ='3-IDENTIFICACIÓN DEL RIESGO'!E27 -> 1. Dirección General. 2. Dirección de Gestión del Ordenamiento Social de Propiedad. 3. Subdirección de Planeación Operativa. 4. Subdirección de Sistemas de Información. 5. Dirección de Acceso a Tierras. 6. Dirección de Gestión Jurídica de Tierras. 7. Dirección de Asuntos Étnicos. | F26: ='3-IDENTIFICACIÓN DEL RIESGO'!G27 -> Incumplimiento de los POSPR en los municipios programados | H26: 3 | N26: =COUNT(H26:M26) -> 1 | O26: =+SUM(H26:M26) -> 3 | P26: =O26/N26 -> 3 | Q26: =IF(P26<=1,"Rara vez",IF(P26<=2,"Improbable",IF(P26<=3,"Posible",IF(P26<=4,"Probable",IF(P26>4,"Casi seguro"))))) -> Posible | R26: 4 | X26: =COUNT(R26:W26) -> 1 | Y26: =+SUM(R26:W26) -> 4 | Z26: =Y26/X26 -> 4 | AA26: =IF(Z26<=1,"Insignificante",IF(Z26<=2,"Menor",IF(Z26<=3,"Moderado",IF(Z26<=4,"Mayor",IF(Z26>4,"Catastrófico"))))) -> Mayor | AB26: =IF(OR(AND(AA26="Insignificante",Q26="Rara Vez"),AND(AA26="Insignificante",Q26="Improbable"),AND(AA26="Insignificante",Q26="Posible"),AND(AA26="Menor",Q26="Rara Vez"),AND(AA26="Menor",Q26="Improbable")),"Bajo",IF(OR(AND(AA26="Insignificante",Q26="Probable"),AND(AA26="Menor",Q26="Posible"),AND(AA26="Moderado",Q26="Rara Vez"),AND(AA26="Moderado",Q26="Improbable")),"Moderado",IF(OR(AND(AA26="Menor",Q26="Probable"),AND(AA26="Menor",Q26="Casi Seguro"),AND(AA26="Mayor",Q26="Improbable"),AND(AA26="Mayor",Q26="Rara Vez"),AND(AA26="Moderado",Q26="Probable"),AND(AA26="Insignificante",Q26="Casi Seguro"),AND(AA26="Moderado",Q26="Posible")),"Alto",IF(OR(AND(AA26="Moderado",Q26="Casi Seguro"),AND(AA26="Mayor",Q26="Posible"),AND(AA26="Mayor",Q26="Probable"),AND(AA26="Mayor",Q26="Casi Seguro"),AND(AA26="Catastrófico",Q26="Rara Vez"),AND(AA26="Catastrófico",Q26="Improbable"),AND(AA26="Catastrófico",Q26="Posible"),AND(AA26="Catastrófico",Q26="Casi Seguro"),AND(AA26="Catastrófico",Q26="Probable")),"Extremo")))) -> Extremo | AC26: Reducir
B27: 18 | C27: ='3-IDENTIFICACIÓN DEL RIESGO'!B28 -> Planificación del Ordenamiento Social de la Propiedad | E27: ='3-IDENTIFICACIÓN DEL RIESGO'!E28 -> 1. Dirección General. 2. Dirección de Gestión del Ordenamiento Social de Propiedad. 3. Subdirección de Planeación Operativa. 4. Subdirección de Sistemas de Información. 5. Dirección de Acceso a Tierras. 6. Dirección de Gestión Jurídica de Tierras. 7. Dirección de Asuntos Étnicos. | F27: ='3-IDENTIFICACIÓN DEL RIESGO'!G28 -> Retrasos o suspensión de la operación para la formulación e implementación de POSPR en los municipios programados | H27: 3 | N27: =COUNT(H27:M27) -> 1 | O27: =+SUM(H27:M27) -> 3 | P27: =O27/N27 -> 3 | Q27: =IF(P27<=1,"Rara vez",IF(P27<=2,"Improbable",IF(P27<=3,"Posible",IF(P27<=4,"Probable",IF(P27>4,"Casi seguro"))))) -> Posible | R27: 4 | X27: =COUNT(R27:W27) -> 1 | Y27: =+SUM(R27:W27) -> 4 | Z27: =Y27/X27 -> 4 | AA27: =IF(Z27<=1,"Insignificante",IF(Z27<=2,"Menor",IF(Z27<=3,"Moderado",IF(Z27<=4,"Mayor",IF(Z27>4,"Catastrófico"))))) -> Mayor | AB27: =IF(OR(AND(AA27="Insignificante",Q27="Rara Vez"),AND(AA27="Insignificante",Q27="Improbable"),AND(AA27="Insignificante",Q27="Posible"),AND(AA27="Menor",Q27="Rara Vez"),AND(AA27="Menor",Q27="Improbable")),"Bajo",IF(OR(AND(AA27="Insignificante",Q27="Probable"),AND(AA27="Menor",Q27="Posible"),AND(AA27="Moderado",Q27="Rara Vez"),AND(AA27="Moderado",Q27="Improbable")),"Moderado",IF(OR(AND(AA27="Menor",Q27="Probable"),AND(AA27="Menor",Q27="Casi Seguro"),AND(AA27="Mayor",Q27="Improbable"),AND(AA27="Mayor",Q27="Rara Vez"),AND(AA27="Moderado",Q27="Probable"),AND(AA27="Insignificante",Q27="Casi Seguro"),AND(AA27="Moderado",Q27="Posible")),"Alto",IF(OR(AND(AA27="Moderado",Q27="Casi Seguro"),AND(AA27="Mayor",Q27="Posible"),AND(AA27="Mayor",Q27="Probable"),AND(AA27="Mayor",Q27="Casi Seguro"),AND(AA27="Catastrófico",Q27="Rara Vez"),AND(AA27="Catastrófico",Q27="Improbable"),AND(AA27="Catastrófico",Q27="Posible"),AND(AA27="Catastrófico",Q27="Casi Seguro"),AND(AA27="Catastrófico",Q27="Probable")),"Extremo")))) -> Extremo | AC27: Reducir
B28: 19 | C28: ='3-IDENTIFICACIÓN DEL RIESGO'!B29 -> Planificación del Ordenamiento Social de la Propiedad | E28: ='3-IDENTIFICACIÓN DEL RIESGO'!E29 -> 1. Dirección General. 2. Dirección de Gestión del Ordenamiento Social de Propiedad. 3. Subdirección de Planeación Operativa. 4. Subdirección de Sistemas de Información. 5. Dirección de Acceso a Tierras. 6. Dirección de Gestión Jurídica de Tierras. 7. Dirección de Asuntos Étnicos. | F28: ='3-IDENTIFICACIÓN DEL RIESGO'!G29 -> Incumplimientos por parte de los socios estratégicos y/ u operadores de catastro en la entrega de insumos / productos requeridos para la formulación e implementación de POSPR, en el marco de los convenios celebrados. | H28: 3 | N28: =COUNT(H28:M28) -> 1 | O28: =+SUM(H28:M28) -> 3 | P28: =O28/N28 -> 3 | Q28: =IF(P28<=1,"Rara vez",IF(P28<=2,"Improbable",IF(P28<=3,"Posible",IF(P28<=4,"Probable",IF(P28>4,"Casi seguro"))))) -> Posible | R28: 4 | X28: =COUNT(R28:W28) -> 1 | Y28: =+SUM(R28:W28) -> 4 | Z28: =Y28/X28 -> 4 | AA28: =IF(Z28<=1,"Insignificante",IF(Z28<=2,"Menor",IF(Z28<=3,"Moderado",IF(Z28<=4,"Mayor",IF(Z28>4,"Catastrófico"))))) -> Mayor | AB28: =IF(OR(AND(AA28="Insignificante",Q28="Rara Vez"),AND(AA28="Insignificante",Q28="Improbable"),AND(AA28="Insignificante",Q28="Posible"),AND(AA28="Menor",Q28="Rara Vez"),AND(AA28="Menor",Q28="Improbable")),"Bajo",IF(OR(AND(AA28="Insignificante",Q28="Probable"),AND(AA28="Menor",Q28="Posible"),AND(AA28="Moderado",Q28="Rara Vez"),AND(AA28="Moderado",Q28="Improbable")),"Moderado",IF(OR(AND(AA28="Menor",Q28="Probable"),AND(AA28="Menor",Q28="Casi Seguro"),AND(AA28="Mayor",Q28="Improbable"),AND(AA28="Mayor",Q28="Rara Vez"),AND(AA28="Moderado",Q28="Probable"),AND(AA28="Insignificante",Q28="Casi Seguro"),AND(AA28="Moderado",Q28="Posible")),"Alto",IF(OR(AND(AA28="Moderado",Q28="Casi Seguro"),AND(AA28="Mayor",Q28="Posible"),AND(AA28="Mayor",Q28="Probable"),AND(AA28="Mayor",Q28="Casi Seguro"),AND(AA28="Catastrófico",Q28="Rara Vez"),AND(AA28="Catastrófico",Q28="Improbable"),AND(AA28="Catastrófico",Q28="Posible"),AND(AA28="Catastrófico",Q28="Casi Seguro"),AND(AA28="Catastrófico",Q28="Probable")),"Extremo")))) -> Extremo | AC28: Reducir
B29: 20 | C29: ='3-IDENTIFICACIÓN DEL RIESGO'!B30 -> Planificación del Ordenamiento Social de la Propiedad | E29: ='3-IDENTIFICACIÓN DEL RIESGO'!E30 -> 1. Dirección General. 2. Dirección de Gestión del Ordenamiento Social de Propiedad. 3. Subdirección de Planeación Operativa. 4. Subdirección de Sistemas de Información. 5. Dirección de Acceso a Tierras. 6. Dirección de Gestión Jurídica de Tierras. 7. Dirección de Asuntos Étnicos. | F29: ='3-IDENTIFICACIÓN DEL RIESGO'!G30 -> Expedir Acto administrativo que resuelve solicitud de inclusión en el RESO, sin el cumplimiento de requisitos mínimos, contemplados en la norma o con fundamentos fácticos que no correspondan a la realidad. | H29: 4 | I29: 5 | N29: =COUNT(H29:M29) -> 2 | O29: =+SUM(H29:M29) -> 9 | P29: =O29/N29 -> 4.5 | Q29: =IF(P29<=1,"Rara vez",IF(P29<=2,"Improbable",IF(P29<=3,"Posible",IF(P29<=4,"Probable",IF(P29>4,"Casi seguro"))))) -> Casi seguro | R29: 2 | S29: 4 | X29: =COUNT(R29:W29) -> 2 | Y29: =+SUM(R29:W29) -> 6 | Z29: =Y29/X29 -> 3 | AA29: =IF(Z29<=1,"Insignificante",IF(Z29<=2,"Menor",IF(Z29<=3,"Moderado",IF(Z29<=4,"Mayor",IF(Z29>4,"Catastrófico"))))) -> Moderado | AB29: =IF(OR(AND(AA29="Insignificante",Q29="Rara Vez"),AND(AA29="Insignificante",Q29="Improbable"),AND(AA29="Insignificante",Q29="Posible"),AND(AA29="Menor",Q29="Rara Vez"),AND(AA29="Menor",Q29="Improbable")),"Bajo",IF(OR(AND(AA29="Insignificante",Q29="Probable"),AND(AA29="Menor",Q29="Posible"),AND(AA29="Moderado",Q29="Rara Vez"),AND(AA29="Moderado",Q29="Improbable")),"Moderado",IF(OR(AND(AA29="Menor",Q29="Probable"),AND(AA29="Menor",Q29="Casi Seguro"),AND(AA29="Mayor",Q29="Improbable"),AND(AA29="Mayor",Q29="Rara Vez"),AND(AA29="Moderado",Q29="Probable"),AND(AA29="Insignificante",Q29="Casi Seguro"),AND(AA29="Moderado",Q29="Posible")),"Alto",IF(OR(AND(AA29="Moderado",Q29="Casi Seguro"),AND(AA29="Mayor",Q29="Posible"),AND(AA29="Mayor",Q29="Probable"),AND(AA29="Mayor",Q29="Casi Seguro"),AND(AA29="Catastrófico",Q29="Rara Vez"),AND(AA29="Catastrófico",Q29="Improbable"),AND(AA29="Catastrófico",Q29="Posible"),AND(AA29="Catastrófico",Q29="Casi Seguro"),AND(AA29="Catastrófico",Q29="Probable")),"Extremo")))) -> Extremo | AC29: Reducir
B30: 21 | C30: ='3-IDENTIFICACIÓN DEL RIESGO'!B31 -> Seguridad Jurídica sobre la Titularidad de la Tierra y los Territorios | E30: ='3-IDENTIFICACIÓN DEL RIESGO'!E31 -> 1. Dirección de Gestión Jurídica de Tierras. 2. Subdirección de procesos Agrarios y Gestión Jurídica. 3. Subdirección de seguridad Jurídica. 4. Dirección Asuntos Étnicos. 5. Subdirección Asuntos Étnicos. | F30: ='3-IDENTIFICACIÓN DEL RIESGO'!G31 -> Tomar decisiones incorrectas en los procesos agrarios y la formalización de la propiedad privada rural | H30: 2 | I30: 3 | J30: 3 | K30: 1 | L30: 3 | N30: =COUNT(H30:M30) -> 5 | O30: =+SUM(H30:M30) -> 12 | P30: =O30/N30 -> 2.4 | Q30: =IF(P30<=1,"Rara vez",IF(P30<=2,"Improbable",IF(P30<=3,"Posible",IF(P30<=4,"Probable",IF(P30>4,"Casi seguro"))))) -> Posible | R30: 3 | S30: 3 | T30: 3 | U30: 3 | V30: 3 | X30: =COUNT(R30:W30) -> 5 | Y30: =+SUM(R30:W30) -> 15 | Z30: =Y30/X30 -> 3 | AA30: =IF(Z30<=1,"Insignificante",IF(Z30<=2,"Menor",IF(Z30<=3,"Moderado",IF(Z30<=4,"Mayor",IF(Z30>4,"Catastrófico"))))) -> Moderado | AB30: =IF(OR(AND(AA30="Insignificante",Q30="Rara Vez"),AND(AA30="Insignificante",Q30="Improbable"),AND(AA30="Insignificante",Q30="Posible"),AND(AA30="Menor",Q30="Rara Vez"),AND(AA30="Menor",Q30="Improbable")),"Bajo",IF(OR(AND(AA30="Insignificante",Q30="Probable"),AND(AA30="Menor",Q30="Posible"),AND(AA30="Moderado",Q30="Rara Vez"),AND(AA30="Moderado",Q30="Improbable")),"Moderado",IF(OR(AND(AA30="Menor",Q30="Probable"),AND(AA30="Menor",Q30="Casi Seguro"),AND(AA30="Mayor",Q30="Improbable"),AND(AA30="Mayor",Q30="Rara Vez"),AND(AA30="Moderado",Q30="Probable"),AND(AA30="Insignificante",Q30="Casi Seguro"),AND(AA30="Moderado",Q30="Posible")),"Alto",IF(OR(AND(AA30="Moderado",Q30="Casi Seguro"),AND(AA30="Mayor",Q30="Posible"),AND(AA30="Mayor",Q30="Probable"),AND(AA30="Mayor",Q30="Casi Seguro"),AND(AA30="Catastrófico",Q30="Rara Vez"),AND(AA30="Catastrófico",Q30="Improbable"),AND(AA30="Catastrófico",Q30="Posible"),AND(AA30="Catastrófico",Q30="Casi Seguro"),AND(AA30="Catastrófico",Q30="Probable")),"Extremo")))) -> Alto | AC30: Reducir
B31: 22 | C31: ='3-IDENTIFICACIÓN DEL RIESGO'!B32 -> Seguridad Jurídica sobre la Titularidad de la Tierra y los Territorios | E31: ='3-IDENTIFICACIÓN DEL RIESGO'!E32 -> 1. Dirección de Gestión Jurídica de Tierras. 2. Subdirección de procesos Agrarios y Gestión Jurídica. 3. Subdirección de seguridad Jurídica. 4. Dirección Asuntos Étnicos. 5. Subdirección Asuntos Étnicos. | F31: ='3-IDENTIFICACIÓN DEL RIESGO'!G32 -> Incumplimiento de términos para dar respuesta a las nuevas solicitudes de recursos, de decisiones finales de procesos agrarios y formalización de la propiedad privada rural. | H31: 3 | I31: 3 | J31: 3 | K31: 3 | L31: 4 | N31: =COUNT(H31:M31) -> 5 | O31: =+SUM(H31:M31) -> 16 | P31: =O31/N31 -> 3.2 | Q31: =IF(P31<=1,"Rara vez",IF(P31<=2,"Improbable",IF(P31<=3,"Posible",IF(P31<=4,"Probable",IF(P31>4,"Casi seguro"))))) -> Probable | R31: 3 | S31: 3 | T31: 3 | U31: 3 | V31: 3 | X31: =COUNT(R31:W31) -> 5 | Y31: =+SUM(R31:W31) -> 15 | Z31: =Y31/X31 -> 3 | AA31: =IF(Z31<=1,"Insignificante",IF(Z31<=2,"Menor",IF(Z31<=3,"Moderado",IF(Z31<=4,"Mayor",IF(Z31>4,"Catastrófico"))))) -> Moderado | AB31: =IF(OR(AND(AA31="Insignificante",Q31="Rara Vez"),AND(AA31="Insignificante",Q31="Improbable"),AND(AA31="Insignificante",Q31="Posible"),AND(AA31="Menor",Q31="Rara Vez"),AND(AA31="Menor",Q31="Improbable")),"Bajo",IF(OR(AND(AA31="Insignificante",Q31="Probable"),AND(AA31="Menor",Q31="Posible"),AND(AA31="Moderado",Q31="Rara Vez"),AND(AA31="Moderado",Q31="Improbable")),"Moderado",IF(OR(AND(AA31="Menor",Q31="Probable"),AND(AA31="Menor",Q31="Casi Seguro"),AND(AA31="Mayor",Q31="Improbable"),AND(AA31="Mayor",Q31="Rara Vez"),AND(AA31="Moderado",Q31="Probable"),AND(AA31="Insignificante",Q31="Casi Seguro"),AND(AA31="Moderado",Q31="Posible")),"Alto",IF(OR(AND(AA31="Moderado",Q31="Casi Seguro"),AND(AA31="Mayor",Q31="Posible"),AND(AA31="Mayor",Q31="Probable"),AND(AA31="Mayor",Q31="Casi Seguro"),AND(AA31="Catastrófico",Q31="Rara Vez"),AND(AA31="Catastrófico",Q31="Improbable"),AND(AA31="Catastrófico",Q31="Posible"),AND(AA31="Catastrófico",Q31="Casi Seguro"),AND(AA31="Catastrófico",Q31="Probable")),"Extremo")))) -> Alto | AC31: Reducir
B32: 23 | C32: ='3-IDENTIFICACIÓN DEL RIESGO'!B33 -> Seguridad Jurídica sobre la Titularidad de la Tierra y los Territorios | E32: ='3-IDENTIFICACIÓN DEL RIESGO'!E33 -> 1. Dirección de Gestión Jurídica de Tierras. 2. Subdirección de procesos Agrarios y Gestión Jurídica. 3. Subdirección de seguridad Jurídica. 4. Dirección Asuntos Étnicos. 5. Subdirección Asuntos Étnicos. | F32: ='3-IDENTIFICACIÓN DEL RIESGO'!G33 -> Realizar el reparto de una solicitud a dos o más, diferentes dependencias. | H32: 3 | I32: 3 | J32: 3 | K32: 3 | L32: 3 | N32: =COUNT(H32:M32) -> 5 | O32: =+SUM(H32:M32) -> 15 | P32: =O32/N32 -> 3 | Q32: =IF(P32<=1,"Rara vez",IF(P32<=2,"Improbable",IF(P32<=3,"Posible",IF(P32<=4,"Probable",IF(P32>4,"Casi seguro"))))) -> Posible | R32: 4 | S32: 3 | T32: 3 | U32: 3 | V32: 3 | X32: =COUNT(R32:W32) -> 5 | Y32: =+SUM(R32:W32) -> 16 | Z32: =Y32/X32 -> 3.2 | AA32: =IF(Z32<=1,"Insignificante",IF(Z32<=2,"Menor",IF(Z32<=3,"Moderado",IF(Z32<=4,"Mayor",IF(Z32>4,"Catastrófico"))))) -> Mayor | AB32: =IF(OR(AND(AA32="Insignificante",Q32="Rara Vez"),AND(AA32="Insignificante",Q32="Improbable"),AND(AA32="Insignificante",Q32="Posible"),AND(AA32="Menor",Q32="Rara Vez"),AND(AA32="Menor",Q32="Improbable")),"Bajo",IF(OR(AND(AA32="Insignificante",Q32="Probable"),AND(AA32="Menor",Q32="Posible"),AND(AA32="Moderado",Q32="Rara Vez"),AND(AA32="Moderado",Q32="Improbable")),"Moderado",IF(OR(AND(AA32="Menor",Q32="Probable"),AND(AA32="Menor",Q32="Casi Seguro"),AND(AA32="Mayor",Q32="Improbable"),AND(AA32="Mayor",Q32="Rara Vez"),AND(AA32="Moderado",Q32="Probable"),AND(AA32="Insignificante",Q32="Casi Seguro"),AND(AA32="Moderado",Q32="Posible")),"Alto",IF(OR(AND(AA32="Moderado",Q32="Casi Seguro"),AND(AA32="Mayor",Q32="Posible"),AND(AA32="Mayor",Q32="Probable"),AND(AA32="Mayor",Q32="Casi Seguro"),AND(AA32="Catastrófico",Q32="Rara Vez"),AND(AA32="Catastrófico",Q32="Improbable"),AND(AA32="Catastrófico",Q32="Posible"),AND(AA32="Catastrófico",Q32="Casi Seguro"),AND(AA32="Catastrófico",Q32="Probable")),"Extremo")))) -> Extremo | AC32: Reducir
B33: 24 | C33: ='3-IDENTIFICACIÓN DEL RIESGO'!B34 -> Acceso a la Propiedad de la Tierra y los Territorios | E33: ='3-IDENTIFICACIÓN DEL RIESGO'!E34 -> 1. Dirección de Acceso a Tierras. 2. Subdirección de Acceso a Tierras por Demanda y Descongestión. 3. Subdirección de Acceso a Tierras en Zonas Focalizadas. 4. Subdirección de Administración de Tierras de la Nación. 5. Dirección de Asuntos Étnicos. 6. Subdirección de Asuntos Étnicos. | F33: ='3-IDENTIFICACIÓN DEL RIESGO'!G34 -> Incumplimiento por parte de los proveedores de servicios e insumos de las Iniciativas Cofinanciadas. | H33: 4 | N33: =COUNT(H33:M33) -> 1 | O33: =+SUM(H33:M33) -> 4 | P33: =O33/N33 -> 4 | Q33: =IF(P33<=1,"Rara vez",IF(P33<=2,"Improbable",IF(P33<=3,"Posible",IF(P33<=4,"Probable",IF(P33>4,"Casi seguro"))))) -> Probable | R33: 5 | X33: =COUNT(R33:W33) -> 1 | Y33: =+SUM(R33:W33) -> 5 | Z33: =Y33/X33 -> 5 | AA33: =IF(Z33<=1,"Insignificante",IF(Z33<=2,"Menor",IF(Z33<=3,"Moderado",IF(Z33<=4,"Mayor",IF(Z33>4,"Catastrófico"))))) -> Catastrófico | AB33: =IF(OR(AND(AA33="Insignificante",Q33="Rara Vez"),AND(AA33="Insignificante",Q33="Improbable"),AND(AA33="Insignificante",Q33="Posible"),AND(AA33="Menor",Q33="Rara Vez"),AND(AA33="Menor",Q33="Improbable")),"Bajo",IF(OR(AND(AA33="Insignificante",Q33="Probable"),AND(AA33="Menor",Q33="Posible"),AND(AA33="Moderado",Q33="Rara Vez"),AND(AA33="Moderado",Q33="Improbable")),"Moderado",IF(OR(AND(AA33="Menor",Q33="Probable"),AND(AA33="Menor",Q33="Casi Seguro"),AND(AA33="Mayor",Q33="Improbable"),AND(AA33="Mayor",Q33="Rara Vez"),AND(AA33="Moderado",Q33="Probable"),AND(AA33="Insignificante",Q33="Casi Seguro"),AND(AA33="Moderado",Q33="Posible")),"Alto",IF(OR(AND(AA33="Moderado",Q33="Casi Seguro"),AND(AA33="Mayor",Q33="Posible"),AND(AA33="Mayor",Q33="Probable"),AND(AA33="Mayor",Q33="Casi Seguro"),AND(AA33="Catastrófico",Q33="Rara Vez"),AND(AA33="Catastrófico",Q33="Improbable"),AND(AA33="Catastrófico",Q33="Posible"),AND(AA33="Catastrófico",Q33="Casi Seguro"),AND(AA33="Catastrófico",Q33="Probable")),"Extremo")))) -> Extremo | AC33: Reducir
B34: 25 | C34: ='3-IDENTIFICACIÓN DEL RIESGO'!B35 -> Acceso a la Propiedad de la Tierra y los Territorios | E34: ='3-IDENTIFICACIÓN DEL RIESGO'!E35 -> 1. Dirección de Acceso a Tierras. 2. Subdirección de Acceso a Tierras por Demanda y Descongestión. 3. Subdirección de Acceso a Tierras en Zonas Focalizadas. 4. Subdirección de Administración de Tierras de la Nación. 5. Dirección de Asuntos Étnicos. 6. Subdirección de Asuntos Étnicos. | F34: ='3-IDENTIFICACIÓN DEL RIESGO'!G35 -> Interrupción del proceso de compra directa de un predio. | H34: 4 | N34: =COUNT(H34:M34) -> 1 | O34: =+SUM(H34:M34) -> 4 | P34: =O34/N34 -> 4 | Q34: =IF(P34<=1,"Rara vez",IF(P34<=2,"Improbable",IF(P34<=3,"Posible",IF(P34<=4,"Probable",IF(P34>4,"Casi seguro"))))) -> Probable | R34: 4 | X34: =COUNT(R34:W34) -> 1 | Y34: =+SUM(R34:W34) -> 4 | Z34: =Y34/X34 -> 4 | AA34: =IF(Z34<=1,"Insignificante",IF(Z34<=2,"Menor",IF(Z34<=3,"Moderado",IF(Z34<=4,"Mayor",IF(Z34>4,"Catastrófico"))))) -> Mayor | AB34: =IF(OR(AND(AA34="Insignificante",Q34="Rara Vez"),AND(AA34="Insignificante",Q34="Improbable"),AND(AA34="Insignificante",Q34="Posible"),AND(AA34="Menor",Q34="Rara Vez"),AND(AA34="Menor",Q34="Improbable")),"Bajo",IF(OR(AND(AA34="Insignificante",Q34="Probable"),AND(AA34="Menor",Q34="Posible"),AND(AA34="Moderado",Q34="Rara Vez"),AND(AA34="Moderado",Q34="Improbable")),"Moderado",IF(OR(AND(AA34="Menor",Q34="Probable"),AND(AA34="Menor",Q34="Casi Seguro"),AND(AA34="Mayor",Q34="Improbable"),AND(AA34="Mayor",Q34="Rara Vez"),AND(AA34="Moderado",Q34="Probable"),AND(AA34="Insignificante",Q34="Casi Seguro"),AND(AA34="Moderado",Q34="Posible")),"Alto",IF(OR(AND(AA34="Moderado",Q34="Casi Seguro"),AND(AA34="Mayor",Q34="Posible"),AND(AA34="Mayor",Q34="Probable"),AND(AA34="Mayor",Q34="Casi Seguro"),AND(AA34="Catastrófico",Q34="Rara Vez"),AND(AA34="Catastrófico",Q34="Improbable"),AND(AA34="Catastrófico",Q34="Posible"),AND(AA34="Catastrófico",Q34="Casi Seguro"),AND(AA34="Catastrófico",Q34="Probable")),"Extremo")))) -> Extremo | AC34: Reducir
B35: 26 | C35: ='3-IDENTIFICACIÓN DEL RIESGO'!B36 -> Acceso a la Propiedad de la Tierra y los Territorios | E35: ='3-IDENTIFICACIÓN DEL RIESGO'!E36 -> 1. Dirección de Acceso a Tierras. 2. Subdirección de Acceso a Tierras por Demanda y Descongestión. 3. Subdirección de Acceso a Tierras en Zonas Focalizadas. 4. Subdirección de Administración de Tierras de la Nación. 5. Dirección de Asuntos Étnicos. 6. Subdirección de Asuntos Étnicos. | F35: ='3-IDENTIFICACIÓN DEL RIESGO'!G36 -> Reporte de información por fuera de los tiempos solicitados. | H35: 4 | N35: =COUNT(H35:M35) -> 1 | O35: =+SUM(H35:M35) -> 4 | P35: =O35/N35 -> 4 | Q35: =IF(P35<=1,"Rara vez",IF(P35<=2,"Improbable",IF(P35<=3,"Posible",IF(P35<=4,"Probable",IF(P35>4,"Casi seguro"))))) -> Probable | R35: 4 | X35: =COUNT(R35:W35) -> 1 | Y35: =+SUM(R35:W35) -> 4 | Z35: =Y35/X35 -> 4 | AA35: =IF(Z35<=1,"Insignificante",IF(Z35<=2,"Menor",IF(Z35<=3,"Moderado",IF(Z35<=4,"Mayor",IF(Z35>4,"Catastrófico"))))) -> Mayor | AB35: =IF(OR(AND(AA35="Insignificante",Q35="Rara Vez"),AND(AA35="Insignificante",Q35="Improbable"),AND(AA35="Insignificante",Q35="Posible"),AND(AA35="Menor",Q35="Rara Vez"),AND(AA35="Menor",Q35="Improbable")),"Bajo",IF(OR(AND(AA35="Insignificante",Q35="Probable"),AND(AA35="Menor",Q35="Posible"),AND(AA35="Moderado",Q35="Rara Vez"),AND(AA35="Moderado",Q35="Improbable")),"Moderado",IF(OR(AND(AA35="Menor",Q35="Probable"),AND(AA35="Menor",Q35="Casi Seguro"),AND(AA35="Mayor",Q35="Improbable"),AND(AA35="Mayor",Q35="Rara Vez"),AND(AA35="Moderado",Q35="Probable"),AND(AA35="Insignificante",Q35="Casi Seguro"),AND(AA35="Moderado",Q35="Posible")),"Alto",IF(OR(AND(AA35="Moderado",Q35="Casi Seguro"),AND(AA35="Mayor",Q35="Posible"),AND(AA35="Mayor",Q35="Probable"),AND(AA35="Mayor",Q35="Casi Seguro"),AND(AA35="Catastrófico",Q35="Rara Vez"),AND(AA35="Catastrófico",Q35="Improbable"),AND(AA35="Catastrófico",Q35="Posible"),AND(AA35="Catastrófico",Q35="Casi Seguro"),AND(AA35="Catastrófico",Q35="Probable")),"Extremo")))) -> Extremo | AC35: Reducir
B36: 27 | C36: ='3-IDENTIFICACIÓN DEL RIESGO'!B37 -> Acceso a la Propiedad de la Tierra y los Territorios | E36: ='3-IDENTIFICACIÓN DEL RIESGO'!E37 -> 1. Dirección de Acceso a Tierras. 2. Subdirección de Acceso a Tierras por Demanda y Descongestión. 3. Subdirección de Acceso a Tierras en Zonas Focalizadas. 4. Subdirección de Administración de Tierras de la Nación. 5. Dirección de Asuntos Étnicos. 6. Subdirección de Asuntos Étnicos. | F36: ='3-IDENTIFICACIÓN DEL RIESGO'!G37 -> Incumplimiento de adquisición de predios en el marco de Políticas del Gobierno | H36: 4 | I36: 5 | J36: 3 | K36: 5 | N36: =COUNT(H36:M36) -> 4 | O36: =+SUM(H36:M36) -> 17 | P36: =O36/N36 -> 4.25 | Q36: =IF(P36<=1,"Rara vez",IF(P36<=2,"Improbable",IF(P36<=3,"Posible",IF(P36<=4,"Probable",IF(P36>4,"Casi seguro"))))) -> Casi seguro | R36: 1 | S36: 2 | T36: 3 | U36: 2 | X36: =COUNT(R36:W36) -> 4 | Y36: =+SUM(R36:W36) -> 8 | Z36: =Y36/X36 -> 2 | AA36: =IF(Z36<=1,"Insignificante",IF(Z36<=2,"Menor",IF(Z36<=3,"Moderado",IF(Z36<=4,"Mayor",IF(Z36>4,"Catastrófico"))))) -> Menor | AB36: =IF(OR(AND(AA36="Insignificante",Q36="Rara Vez"),AND(AA36="Insignificante",Q36="Improbable"),AND(AA36="Insignificante",Q36="Posible"),AND(AA36="Menor",Q36="Rara Vez"),AND(AA36="Menor",Q36="Improbable")),"Bajo",IF(OR(AND(AA36="Insignificante",Q36="Probable"),AND(AA36="Menor",Q36="Posible"),AND(AA36="Moderado",Q36="Rara Vez"),AND(AA36="Moderado",Q36="Improbable")),"Moderado",IF(OR(AND(AA36="Menor",Q36="Probable"),AND(AA36="Menor",Q36="Casi Seguro"),AND(AA36="Mayor",Q36="Improbable"),AND(AA36="Mayor",Q36="Rara Vez"),AND(AA36="Moderado",Q36="Probable"),AND(AA36="Insignificante",Q36="Casi Seguro"),AND(AA36="Moderado",Q36="Posible")),"Alto",IF(OR(AND(AA36="Moderado",Q36="Casi Seguro"),AND(AA36="Mayor",Q36="Posible"),AND(AA36="Mayor",Q36="Probable"),AND(AA36="Mayor",Q36="Casi Seguro"),AND(AA36="Catastrófico",Q36="Rara Vez"),AND(AA36="Catastrófico",Q36="Improbable"),AND(AA36="Catastrófico",Q36="Posible"),AND(AA36="Catastrófico",Q36="Casi Seguro"),AND(AA36="Catastrófico",Q36="Probable")),"Extremo")))) -> Alto | AC36: Reducir
B37: 28 | C37: ='3-IDENTIFICACIÓN DEL RIESGO'!B38 -> Acceso a la Propiedad de la Tierra y los Territorios | E37: ='3-IDENTIFICACIÓN DEL RIESGO'!E38 -> 1. Dirección de Acceso a Tierras. 2. Subdirección de Acceso a Tierras por Demanda y Descongestión. 3. Subdirección de Acceso a Tierras en Zonas Focalizadas. 4. Subdirección de Administración de Tierras de la Nación. 5. Dirección de Asuntos Étnicos. 6. Subdirección de Asuntos Étnicos. | F37: ='3-IDENTIFICACIÓN DEL RIESGO'!G38 -> Materializar un subsidio que no cumpla con los requisitos establecidos | H37: 4 | N37: =COUNT(H37:M37) -> 1 | O37: =+SUM(H37:M37) -> 4 | P37: =O37/N37 -> 4 | Q37: =IF(P37<=1,"Rara vez",IF(P37<=2,"Improbable",IF(P37<=3,"Posible",IF(P37<=4,"Probable",IF(P37>4,"Casi seguro"))))) -> Probable | R37: 5 | X37: =COUNT(R37:W37) -> 1 | Y37: =+SUM(R37:W37) -> 5 | Z37: =Y37/X37 -> 5 | AA37: =IF(Z37<=1,"Insignificante",IF(Z37<=2,"Menor",IF(Z37<=3,"Moderado",IF(Z37<=4,"Mayor",IF(Z37>4,"Catastrófico"))))) -> Catastrófico | AB37: =IF(OR(AND(AA37="Insignificante",Q37="Rara Vez"),AND(AA37="Insignificante",Q37="Improbable"),AND(AA37="Insignificante",Q37="Posible"),AND(AA37="Menor",Q37="Rara Vez"),AND(AA37="Menor",Q37="Improbable")),"Bajo",IF(OR(AND(AA37="Insignificante",Q37="Probable"),AND(AA37="Menor",Q37="Posible"),AND(AA37="Moderado",Q37="Rara Vez"),AND(AA37="Moderado",Q37="Improbable")),"Moderado",IF(OR(AND(AA37="Menor",Q37="Probable"),AND(AA37="Menor",Q37="Casi Seguro"),AND(AA37="Mayor",Q37="Improbable"),AND(AA37="Mayor",Q37="Rara Vez"),AND(AA37="Moderado",Q37="Probable"),AND(AA37="Insignificante",Q37="Casi Seguro"),AND(AA37="Moderado",Q37="Posible")),"Alto",IF(OR(AND(AA37="Moderado",Q37="Casi Seguro"),AND(AA37="Mayor",Q37="Posible"),AND(AA37="Mayor",Q37="Probable"),AND(AA37="Mayor",Q37="Casi Seguro"),AND(AA37="Catastrófico",Q37="Rara Vez"),AND(AA37="Catastrófico",Q37="Improbable"),AND(AA37="Catastrófico",Q37="Posible"),AND(AA37="Catastrófico",Q37="Casi Seguro"),AND(AA37="Catastrófico",Q37="Probable")),"Extremo")))) -> Extremo | AC37: Reducir
B38: 29 | C38: ='3-IDENTIFICACIÓN DEL RIESGO'!B39 -> Acceso a la Propiedad de la Tierra y los Territorios | E38: ='3-IDENTIFICACIÓN DEL RIESGO'!E39 -> 1. Dirección de Acceso a Tierras. 2. Subdirección de Acceso a Tierras por Demanda y Descongestión. 3. Subdirección de Acceso a Tierras en Zonas Focalizadas. 4. Subdirección de Administración de Tierras de la Nación. 5. Dirección de Asuntos Étnicos. 6. Subdirección de Asuntos Étnicos. | F38: ='3-IDENTIFICACIÓN DEL RIESGO'!G39 -> Adjudicación de baldíos a persona natural sin el cumplimiento de requisitos legales | H38: 3 | I38: 3 | J38: 4 | K38: 3 | L38: 3 | M38: 3 | N38: =COUNT(H38:M38) -> 6 | O38: =+SUM(H38:M38) -> 19 | P38: =O38/N38 -> 3.1666667 | Q38: =IF(P38<=1,"Rara vez",IF(P38<=2,"Improbable",IF(P38<=3,"Posible",IF(P38<=4,"Probable",IF(P38>4,"Casi seguro"))))) -> Probable | R38: 5 | S38: 5 | T38: 5 | U38: 5 | V38: 5 | W38: 5 | X38: =COUNT(R38:W38) -> 6 | Y38: =+SUM(R38:W38) -> 30 | Z38: =Y38/X38 -> 5 | AA38: =IF(Z38<=1,"Insignificante",IF(Z38<=2,"Menor",IF(Z38<=3,"Moderado",IF(Z38<=4,"Mayor",IF(Z38>4,"Catastrófico"))))) -> Catastrófico | AB38: =IF(OR(AND(AA38="Insignificante",Q38="Rara Vez"),AND(AA38="Insignificante",Q38="Improbable"),AND(AA38="Insignificante",Q38="Posible"),AND(AA38="Menor",Q38="Rara Vez"),AND(AA38="Menor",Q38="Improbable")),"Bajo",IF(OR(AND(AA38="Insignificante",Q38="Probable"),AND(AA38="Menor",Q38="Posible"),AND(AA38="Moderado",Q38="Rara Vez"),AND(AA38="Moderado",Q38="Improbable")),"Moderado",IF(OR(AND(AA38="Menor",Q38="Probable"),AND(AA38="Menor",Q38="Casi Seguro"),AND(AA38="Mayor",Q38="Improbable"),AND(AA38="Mayor",Q38="Rara Vez"),AND(AA38="Moderado",Q38="Probable"),AND(AA38="Insignificante",Q38="Casi Seguro"),AND(AA38="Moderado",Q38="Posible")),"Alto",IF(OR(AND(AA38="Moderado",Q38="Casi Seguro"),AND(AA38="Mayor",Q38="Posible"),AND(AA38="Mayor",Q38="Probable"),AND(AA38="Mayor",Q38="Casi Seguro"),AND(AA38="Catastrófico",Q38="Rara Vez"),AND(AA38="Catastrófico",Q38="Improbable"),AND(AA38="Catastrófico",Q38="Posible"),AND(AA38="Catastrófico",Q38="Casi Seguro"),AND(AA38="Catastrófico",Q38="Probable")),"Extremo")))) -> Extremo | AC38: Reducir
B39: 30 | C39: ='3-IDENTIFICACIÓN DEL RIESGO'!B40 -> Acceso a la Propiedad de la Tierra y los Territorios | E39: ='3-IDENTIFICACIÓN DEL RIESGO'!E40 -> 1. Dirección de Acceso a Tierras. 2. Subdirección de Acceso a Tierras por Demanda y Descongestión. 3. Subdirección de Acceso a Tierras en Zonas Focalizadas. 4. Subdirección de Administración de Tierras de la Nación. 5. Dirección de Asuntos Étnicos. 6. Subdirección de Asuntos Étnicos. | F39: ='3-IDENTIFICACIÓN DEL RIESGO'!G40 -> Demoras en ejecutar las etapas propias del procedimiento de revocatoria por causas internas | H39: 5 | I39: 5 | J39: 5 | K39: 5 | L39: 5 | M39: 5 | N39: =COUNT(H39:M39) -> 6 | O39: =+SUM(H39:M39) -> 30 | P39: =O39/N39 -> 5 | Q39: =IF(P39<=1,"Rara vez",IF(P39<=2,"Improbable",IF(P39<=3,"Posible",IF(P39<=4,"Probable",IF(P39>4,"Casi seguro"))))) -> Casi seguro | R39: 5 | S39: 5 | T39: 5 | U39: 5 | V39: 5 | W39: 5 | X39: =COUNT(R39:W39) -> 6 | Y39: =+SUM(R39:W39) -> 30 | Z39: =Y39/X39 -> 5 | AA39: =IF(Z39<=1,"Insignificante",IF(Z39<=2,"Menor",IF(Z39<=3,"Moderado",IF(Z39<=4,"Mayor",IF(Z39>4,"Catastrófico"))))) -> Catastrófico | AB39: =IF(OR(AND(AA39="Insignificante",Q39="Rara Vez"),AND(AA39="Insignificante",Q39="Improbable"),AND(AA39="Insignificante",Q39="Posible"),AND(AA39="Menor",Q39="Rara Vez"),AND(AA39="Menor",Q39="Improbable")),"Bajo",IF(OR(AND(AA39="Insignificante",Q39="Probable"),AND(AA39="Menor",Q39="Posible"),AND(AA39="Moderado",Q39="Rara Vez"),AND(AA39="Moderado",Q39="Improbable")),"Moderado",IF(OR(AND(AA39="Menor",Q39="Probable"),AND(AA39="Menor",Q39="Casi Seguro"),AND(AA39="Mayor",Q39="Improbable"),AND(AA39="Mayor",Q39="Rara Vez"),AND(AA39="Moderado",Q39="Probable"),AND(AA39="Insignificante",Q39="Casi Seguro"),AND(AA39="Moderado",Q39="Posible")),"Alto",IF(OR(AND(AA39="Moderado",Q39="Casi Seguro"),AND(AA39="Mayor",Q39="Posible"),AND(AA39="Mayor",Q39="Probable"),AND(AA39="Mayor",Q39="Casi Seguro"),AND(AA39="Catastrófico",Q39="Rara Vez"),AND(AA39="Catastrófico",Q39="Improbable"),AND(AA39="Catastrófico",Q39="Posible"),AND(AA39="Catastrófico",Q39="Casi Seguro"),AND(AA39="Catastrófico",Q39="Probable")),"Extremo")))) -> Extremo | AC39: Reducir
B40: 31 | C40: ='3-IDENTIFICACIÓN DEL RIESGO'!B41 -> Acceso a la Propiedad de la Tierra y los Territorios | E40: ='3-IDENTIFICACIÓN DEL RIESGO'!E41 -> 1. Dirección de Acceso a Tierras. 2. Subdirección de Acceso a Tierras por Demanda y Descongestión. 3. Subdirección de Acceso a Tierras en Zonas Focalizadas. 4. Subdirección de Administración de Tierras de la Nación. 5. Dirección de Asuntos Étnicos. 6. Subdirección de Asuntos Étnicos. | F40: ='3-IDENTIFICACIÓN DEL RIESGO'!G41 -> Incumplimiento de adjudicación de bienes inmuebles no ocupados, que hacen parte del Fondo Nacional Agrario, en el marco de Políticas del Gobierno | H40: 4 | N40: =COUNT(H40:M40) -> 1 | O40: =+SUM(H40:M40) -> 4 | P40: =O40/N40 -> 4 | Q40: =IF(P40<=1,"Rara vez",IF(P40<=2,"Improbable",IF(P40<=3,"Posible",IF(P40<=4,"Probable",IF(P40>4,"Casi seguro"))))) -> Probable | R40: 5 | X40: =COUNT(R40:W40) -> 1 | Y40: =+SUM(R40:W40) -> 5 | Z40: =Y40/X40 -> 5 | AA40: =IF(Z40<=1,"Insignificante",IF(Z40<=2,"Menor",IF(Z40<=3,"Moderado",IF(Z40<=4,"Mayor",IF(Z40>4,"Catastrófico"))))) -> Catastrófico | AB40: =IF(OR(AND(AA40="Insignificante",Q40="Rara Vez"),AND(AA40="Insignificante",Q40="Improbable"),AND(AA40="Insignificante",Q40="Posible"),AND(AA40="Menor",Q40="Rara Vez"),AND(AA40="Menor",Q40="Improbable")),"Bajo",IF(OR(AND(AA40="Insignificante",Q40="Probable"),AND(AA40="Menor",Q40="Posible"),AND(AA40="Moderado",Q40="Rara Vez"),AND(AA40="Moderado",Q40="Improbable")),"Moderado",IF(OR(AND(AA40="Menor",Q40="Probable"),AND(AA40="Menor",Q40="Casi Seguro"),AND(AA40="Mayor",Q40="Improbable"),AND(AA40="Mayor",Q40="Rara Vez"),AND(AA40="Moderado",Q40="Probable"),AND(AA40="Insignificante",Q40="Casi Seguro"),AND(AA40="Moderado",Q40="Posible")),"Alto",IF(OR(AND(AA40="Moderado",Q40="Casi Seguro"),AND(AA40="Mayor",Q40="Posible"),AND(AA40="Mayor",Q40="Probable"),AND(AA40="Mayor",Q40="Casi Seguro"),AND(AA40="Catastrófico",Q40="Rara Vez"),AND(AA40="Catastrófico",Q40="Improbable"),AND(AA40="Catastrófico",Q40="Posible"),AND(AA40="Catastrófico",Q40="Casi Seguro"),AND(AA40="Catastrófico",Q40="Probable")),"Extremo")))) -> Extremo | AC40: Reducir
B41: 32 | C41: ='3-IDENTIFICACIÓN DEL RIESGO'!B42 -> Acceso a la Propiedad de la Tierra y los Territorios | E41: ='3-IDENTIFICACIÓN DEL RIESGO'!E42 -> 1. Dirección de Acceso a Tierras. 2. Subdirección de Acceso a Tierras por Demanda y Descongestión. 3. Subdirección de Acceso a Tierras en Zonas Focalizadas. 4. Subdirección de Administración de Tierras de la Nación. 5. Dirección de Asuntos Étnicos. 6. Subdirección de Asuntos Étnicos. | F41: ='3-IDENTIFICACIÓN DEL RIESGO'!G42 -> Redireccionamiento equivocado de las solicitudes que ingresan a la DAT. | H41: 5 | N41: =COUNT(H41:M41) -> 1 | O41: =+SUM(H41:M41) -> 5 | P41: =O41/N41 -> 5 | Q41: =IF(P41<=1,"Rara vez",IF(P41<=2,"Improbable",IF(P41<=3,"Posible",IF(P41<=4,"Probable",IF(P41>4,"Casi seguro"))))) -> Casi seguro | R41: 5 | X41: =COUNT(R41:W41) -> 1 | Y41: =+SUM(R41:W41) -> 5 | Z41: =Y41/X41 -> 5 | AA41: =IF(Z41<=1,"Insignificante",IF(Z41<=2,"Menor",IF(Z41<=3,"Moderado",IF(Z41<=4,"Mayor",IF(Z41>4,"Catastrófico"))))) -> Catastrófico | AB41: =IF(OR(AND(AA41="Insignificante",Q41="Rara Vez"),AND(AA41="Insignificante",Q41="Improbable"),AND(AA41="Insignificante",Q41="Posible"),AND(AA41="Menor",Q41="Rara Vez"),AND(AA41="Menor",Q41="Improbable")),"Bajo",IF(OR(AND(AA41="Insignificante",Q41="Probable"),AND(AA41="Menor",Q41="Posible"),AND(AA41="Moderado",Q41="Rara Vez"),AND(AA41="Moderado",Q41="Improbable")),"Moderado",IF(OR(AND(AA41="Menor",Q41="Probable"),AND(AA41="Menor",Q41="Casi Seguro"),AND(AA41="Mayor",Q41="Improbable"),AND(AA41="Mayor",Q41="Rara Vez"),AND(AA41="Moderado",Q41="Probable"),AND(AA41="Insignificante",Q41="Casi Seguro"),AND(AA41="Moderado",Q41="Posible")),"Alto",IF(OR(AND(AA41="Moderado",Q41="Casi Seguro"),AND(AA41="Mayor",Q41="Posible"),AND(AA41="Mayor",Q41="Probable"),AND(AA41="Mayor",Q41="Casi Seguro"),AND(AA41="Catastrófico",Q41="Rara Vez"),AND(AA41="Catastrófico",Q41="Improbable"),AND(AA41="Catastrófico",Q41="Posible"),AND(AA41="Catastrófico",Q41="Casi Seguro"),AND(AA41="Catastrófico",Q41="Probable")),"Extremo")))) -> Extremo | AC41: Reducir
B42: 33 | C42: ='3-IDENTIFICACIÓN DEL RIESGO'!B43 -> Administración de Tierras. | E42: ='3-IDENTIFICACIÓN DEL RIESGO'!E43 -> 1. Dirección de Acceso a Tierras. 2. Subdirección de Administración de Tierras de la Nación. 3. Dirección de Asuntos Étnicos. | F42: ='3-IDENTIFICACIÓN DEL RIESGO'!G43 -> Inventario de predios desactualizado de Fondo de Tierras para la Reforma Rural Integral | H42: 5 | N42: =COUNT(H42:M42) -> 1 | O42: =+SUM(H42:M42) -> 5 | P42: =O42/N42 -> 5 | Q42: =IF(P42<=1,"Rara vez",IF(P42<=2,"Improbable",IF(P42<=3,"Posible",IF(P42<=4,"Probable",IF(P42>4,"Casi seguro"))))) -> Casi seguro | R42: 4 | X42: =COUNT(R42:W42) -> 1 | Y42: =+SUM(R42:W42) -> 4 | Z42: =Y42/X42 -> 4 | AA42: =IF(Z42<=1,"Insignificante",IF(Z42<=2,"Menor",IF(Z42<=3,"Moderado",IF(Z42<=4,"Mayor",IF(Z42>4,"Catastrófico"))))) -> Mayor | AB42: =IF(OR(AND(AA42="Insignificante",Q42="Rara Vez"),AND(AA42="Insignificante",Q42="Improbable"),AND(AA42="Insignificante",Q42="Posible"),AND(AA42="Menor",Q42="Rara Vez"),AND(AA42="Menor",Q42="Improbable")),"Bajo",IF(OR(AND(AA42="Insignificante",Q42="Probable"),AND(AA42="Menor",Q42="Posible"),AND(AA42="Moderado",Q42="Rara Vez"),AND(AA42="Moderado",Q42="Improbable")),"Moderado",IF(OR(AND(AA42="Menor",Q42="Probable"),AND(AA42="Menor",Q42="Casi Seguro"),AND(AA42="Mayor",Q42="Improbable"),AND(AA42="Mayor",Q42="Rara Vez"),AND(AA42="Moderado",Q42="Probable"),AND(AA42="Insignificante",Q42="Casi Seguro"),AND(AA42="Moderado",Q42="Posible")),"Alto",IF(OR(AND(AA42="Moderado",Q42="Casi Seguro"),AND(AA42="Mayor",Q42="Posible"),AND(AA42="Mayor",Q42="Probable"),AND(AA42="Mayor",Q42="Casi Seguro"),AND(AA42="Catastrófico",Q42="Rara Vez"),AND(AA42="Catastrófico",Q42="Improbable"),AND(AA42="Catastrófico",Q42="Posible"),AND(AA42="Catastrófico",Q42="Casi Seguro"),AND(AA42="Catastrófico",Q42="Probable")),"Extremo")))) -> Extremo | AC42: Reducir
B43: 34 | C43: ='3-IDENTIFICACIÓN DEL RIESGO'!B44 -> Gestión de la Información | E43: ='3-IDENTIFICACIÓN DEL RIESGO'!E44 -> 1. Dirección General (Comunicaciones, Topografía). 2.Secretaria General. 3. Dirección de Gestión del Ordenamiento Social de la Propiedad. 4. Subdirección de Sistemas de Información de Tierras. | F43: ='3-IDENTIFICACIÓN DEL RIESGO'!G44 -> Incumplimiento en la entrega de productos y servicios en la construcción de soluciones de software. | H43: 5 | I43: 4 | N43: =COUNT(H43:M43) -> 2 | O43: =+SUM(H43:M43) -> 9 | P43: =O43/N43 -> 4.5 | Q43: =IF(P43<=1,"Rara vez",IF(P43<=2,"Improbable",IF(P43<=3,"Posible",IF(P43<=4,"Probable",IF(P43>4,"Casi seguro"))))) -> Casi seguro | R43: 3 | S43: 3 | X43: =COUNT(R43:W43) -> 2 | Y43: =+SUM(R43:W43) -> 6 | Z43: =Y43/X43 -> 3 | AA43: =IF(Z43<=1,"Insignificante",IF(Z43<=2,"Menor",IF(Z43<=3,"Moderado",IF(Z43<=4,"Mayor",IF(Z43>4,"Catastrófico"))))) -> Moderado | AB43: =IF(OR(AND(AA43="Insignificante",Q43="Rara Vez"),AND(AA43="Insignificante",Q43="Improbable"),AND(AA43="Insignificante",Q43="Posible"),AND(AA43="Menor",Q43="Rara Vez"),AND(AA43="Menor",Q43="Improbable")),"Bajo",IF(OR(AND(AA43="Insignificante",Q43="Probable"),AND(AA43="Menor",Q43="Posible"),AND(AA43="Moderado",Q43="Rara Vez"),AND(AA43="Moderado",Q43="Improbable")),"Moderado",IF(OR(AND(AA43="Menor",Q43="Probable"),AND(AA43="Menor",Q43="Casi Seguro"),AND(AA43="Mayor",Q43="Improbable"),AND(AA43="Mayor",Q43="Rara Vez"),AND(AA43="Moderado",Q43="Probable"),AND(AA43="Insignificante",Q43="Casi Seguro"),AND(AA43="Moderado",Q43="Posible")),"Alto",IF(OR(AND(AA43="Moderado",Q43="Casi Seguro"),AND(AA43="Mayor",Q43="Posible"),AND(AA43="Mayor",Q43="Probable"),AND(AA43="Mayor",Q43="Casi Seguro"),AND(AA43="Catastrófico",Q43="Rara Vez"),AND(AA43="Catastrófico",Q43="Improbable"),AND(AA43="Catastrófico",Q43="Posible"),AND(AA43="Catastrófico",Q43="Casi Seguro"),AND(AA43="Catastrófico",Q43="Probable")),"Extremo")))) -> Extremo | AC43: Reducir
B44: 35 | C44: ='3-IDENTIFICACIÓN DEL RIESGO'!B45 -> Gestión de la Información | E44: ='3-IDENTIFICACIÓN DEL RIESGO'!E45 -> 1. Dirección General (Comunicaciones, Topografía). 2.Secretaria General. 3. Dirección de Gestión del Ordenamiento Social de la Propiedad. 4. Subdirección de Sistemas de Información de Tierras. | F44: ='3-IDENTIFICACIÓN DEL RIESGO'!G45 -> Realizar actividades relacionadas con los procedimientos misionales fuera del sistema de integrado de tierras (SIT), dispuesto por la Entidad. | H44: 4 | N44: =COUNT(H44:M44) -> 1 | O44: =+SUM(H44:M44) -> 4 | P44: =O44/N44 -> 4 | Q44: =IF(P44<=1,"Rara vez",IF(P44<=2,"Improbable",IF(P44<=3,"Posible",IF(P44<=4,"Probable",IF(P44>4,"Casi seguro"))))) -> Probable | R44: 4 | X44: =COUNT(R44:W44) -> 1 | Y44: =+SUM(R44:W44) -> 4 | Z44: =Y44/X44 -> 4 | AA44: =IF(Z44<=1,"Insignificante",IF(Z44<=2,"Menor",IF(Z44<=3,"Moderado",IF(Z44<=4,"Mayor",IF(Z44>4,"Catastrófico"))))) -> Mayor | AB44: =IF(OR(AND(AA44="Insignificante",Q44="Rara Vez"),AND(AA44="Insignificante",Q44="Improbable"),AND(AA44="Insignificante",Q44="Posible"),AND(AA44="Menor",Q44="Rara Vez"),AND(AA44="Menor",Q44="Improbable")),"Bajo",IF(OR(AND(AA44="Insignificante",Q44="Probable"),AND(AA44="Menor",Q44="Posible"),AND(AA44="Moderado",Q44="Rara Vez"),AND(AA44="Moderado",Q44="Improbable")),"Moderado",IF(OR(AND(AA44="Menor",Q44="Probable"),AND(AA44="Menor",Q44="Casi Seguro"),AND(AA44="Mayor",Q44="Improbable"),AND(AA44="Mayor",Q44="Rara Vez"),AND(AA44="Moderado",Q44="Probable"),AND(AA44="Insignificante",Q44="Casi Seguro"),AND(AA44="Moderado",Q44="Posible")),"Alto",IF(OR(AND(AA44="Moderado",Q44="Casi Seguro"),AND(AA44="Mayor",Q44="Posible"),AND(AA44="Mayor",Q44="Probable"),AND(AA44="Mayor",Q44="Casi Seguro"),AND(AA44="Catastrófico",Q44="Rara Vez"),AND(AA44="Catastrófico",Q44="Improbable"),AND(AA44="Catastrófico",Q44="Posible"),AND(AA44="Catastrófico",Q44="Casi Seguro"),AND(AA44="Catastrófico",Q44="Probable")),"Extremo")))) -> Extremo | AC44: Reducir
B45: 36 | C45: ='3-IDENTIFICACIÓN DEL RIESGO'!B46 -> Gestión de la Información | E45: ='3-IDENTIFICACIÓN DEL RIESGO'!E46 -> 1. Dirección General (Comunicaciones, Topografía). 2.Secretaria General. 3. Dirección de Gestión del Ordenamiento Social de la Propiedad. 4. Subdirección de Sistemas de Información de Tierras. | F45: ='3-IDENTIFICACIÓN DEL RIESGO'!G46 -> Información Topográfica inexacta que afecta la toma de decisiones en la Agencia. | H45: 3 | I45: 4 | J45: 4 | N45: =COUNT(H45:M45) -> 3 | O45: =+SUM(H45:M45) -> 11 | P45: =O45/N45 -> 3.6666667 | Q45: =IF(P45<=1,"Rara vez",IF(P45<=2,"Improbable",IF(P45<=3,"Posible",IF(P45<=4,"Probable",IF(P45>4,"Casi seguro"))))) -> Probable | R45: 4 | S45: 4 | T45: 4 | X45: =COUNT(R45:W45) -> 3 | Y45: =+SUM(R45:W45) -> 12 | Z45: =Y45/X45 -> 4 | AA45: =IF(Z45<=1,"Insignificante",IF(Z45<=2,"Menor",IF(Z45<=3,"Moderado",IF(Z45<=4,"Mayor",IF(Z45>4,"Catastrófico"))))) -> Mayor | AB45: =IF(OR(AND(AA45="Insignificante",Q45="Rara Vez"),AND(AA45="Insignificante",Q45="Improbable"),AND(AA45="Insignificante",Q45="Posible"),AND(AA45="Menor",Q45="Rara Vez"),AND(AA45="Menor",Q45="Improbable")),"Bajo",IF(OR(AND(AA45="Insignificante",Q45="Probable"),AND(AA45="Menor",Q45="Posible"),AND(AA45="Moderado",Q45="Rara Vez"),AND(AA45="Moderado",Q45="Improbable")),"Moderado",IF(OR(AND(AA45="Menor",Q45="Probable"),AND(AA45="Menor",Q45="Casi Seguro"),AND(AA45="Mayor",Q45="Improbable"),AND(AA45="Mayor",Q45="Rara Vez"),AND(AA45="Moderado",Q45="Probable"),AND(AA45="Insignificante",Q45="Casi Seguro"),AND(AA45="Moderado",Q45="Posible")),"Alto",IF(OR(AND(AA45="Moderado",Q45="Casi Seguro"),AND(AA45="Mayor",Q45="Posible"),AND(AA45="Mayor",Q45="Probable"),AND(AA45="Mayor",Q45="Casi Seguro"),AND(AA45="Catastrófico",Q45="Rara Vez"),AND(AA45="Catastrófico",Q45="Improbable"),AND(AA45="Catastrófico",Q45="Posible"),AND(AA45="Catastrófico",Q45="Casi Seguro"),AND(AA45="Catastrófico",Q45="Probable")),"Extremo")))) -> Extremo | AC45: Reducir
B46: 37 | C46: ='3-IDENTIFICACIÓN DEL RIESGO'!B47 -> Gestión de la Información | E46: ='3-IDENTIFICACIÓN DEL RIESGO'!E47 -> 1. Dirección General (Comunicaciones, Topografía). 2.Secretaria General. 3. Dirección de Gestión del Ordenamiento Social de la Propiedad. 4. Subdirección de Sistemas de Información de Tierras. | F46: ='3-IDENTIFICACIÓN DEL RIESGO'!G47 -> Entrega de información Topográfica fuera de los tiempos requeridos. | H46: 4 | I46: 5 | J46: 5 | N46: =COUNT(H46:M46) -> 3 | O46: =+SUM(H46:M46) -> 14 | P46: =O46/N46 -> 4.6666667 | Q46: =IF(P46<=1,"Rara vez",IF(P46<=2,"Improbable",IF(P46<=3,"Posible",IF(P46<=4,"Probable",IF(P46>4,"Casi seguro"))))) -> Casi seguro | R46: 2 | S46: 3 | T46: 4 | X46: =COUNT(R46:W46) -> 3 | Y46: =+SUM(R46:W46) -> 9 | Z46: =Y46/X46 -> 3 | AA46: =IF(Z46<=1,"Insignificante",IF(Z46<=2,"Menor",IF(Z46<=3,"Moderado",IF(Z46<=4,"Mayor",IF(Z46>4,"Catastrófico"))))) -> Moderado | AB46: =IF(OR(AND(AA46="Insignificante",Q46="Rara Vez"),AND(AA46="Insignificante",Q46="Improbable"),AND(AA46="Insignificante",Q46="Posible"),AND(AA46="Menor",Q46="Rara Vez"),AND(AA46="Menor",Q46="Improbable")),"Bajo",IF(OR(AND(AA46="Insignificante",Q46="Probable"),AND(AA46="Menor",Q46="Posible"),AND(AA46="Moderado",Q46="Rara Vez"),AND(AA46="Moderado",Q46="Improbable")),"Moderado",IF(OR(AND(AA46="Menor",Q46="Probable"),AND(AA46="Menor",Q46="Casi Seguro"),AND(AA46="Mayor",Q46="Improbable"),AND(AA46="Mayor",Q46="Rara Vez"),AND(AA46="Moderado",Q46="Probable"),AND(AA46="Insignificante",Q46="Casi Seguro"),AND(AA46="Moderado",Q46="Posible")),"Alto",IF(OR(AND(AA46="Moderado",Q46="Casi Seguro"),AND(AA46="Mayor",Q46="Posible"),AND(AA46="Mayor",Q46="Probable"),AND(AA46="Mayor",Q46="Casi Seguro"),AND(AA46="Catastrófico",Q46="Rara Vez"),AND(AA46="Catastrófico",Q46="Improbable"),AND(AA46="Catastrófico",Q46="Posible"),AND(AA46="Catastrófico",Q46="Casi Seguro"),AND(AA46="Catastrófico",Q46="Probable")),"Extremo")))) -> Extremo | AC46: Reducir
B47: 38 | C47: ='3-IDENTIFICACIÓN DEL RIESGO'!B48 -> Gestión de la Información | E47: ='3-IDENTIFICACIÓN DEL RIESGO'!E48 -> 1. Dirección General (Comunicaciones, Topografía). 2.Secretaria General. 3. Dirección de Gestión del Ordenamiento Social de la Propiedad. 4. Subdirección de Sistemas de Información de Tierras. | F47: ='3-IDENTIFICACIÓN DEL RIESGO'!G48 -> Entrega de información fuera de los estándares y requisitos técnicos mínimos. | H47: 4 | I47: 4 | J47: 4 | N47: =COUNT(H47:M47) -> 3 | O47: =+SUM(H47:M47) -> 12 | P47: =O47/N47 -> 4 | Q47: =IF(P47<=1,"Rara vez",IF(P47<=2,"Improbable",IF(P47<=3,"Posible",IF(P47<=4,"Probable",IF(P47>4,"Casi seguro"))))) -> Probable | R47: 3 | S47: 3 | T47: 4 | X47: =COUNT(R47:W47) -> 3 | Y47: =+SUM(R47:W47) -> 10 | Z47: =Y47/X47 -> 3.3333333 | AA47: =IF(Z47<=1,"Insignificante",IF(Z47<=2,"Menor",IF(Z47<=3,"Moderado",IF(Z47<=4,"Mayor",IF(Z47>4,"Catastrófico"))))) -> Mayor | AB47: =IF(OR(AND(AA47="Insignificante",Q47="Rara Vez"),AND(AA47="Insignificante",Q47="Improbable"),AND(AA47="Insignificante",Q47="Posible"),AND(AA47="Menor",Q47="Rara Vez"),AND(AA47="Menor",Q47="Improbable")),"Bajo",IF(OR(AND(AA47="Insignificante",Q47="Probable"),AND(AA47="Menor",Q47="Posible"),AND(AA47="Moderado",Q47="Rara Vez"),AND(AA47="Moderado",Q47="Improbable")),"Moderado",IF(OR(AND(AA47="Menor",Q47="Probable"),AND(AA47="Menor",Q47="Casi Seguro"),AND(AA47="Mayor",Q47="Improbable"),AND(AA47="Mayor",Q47="Rara Vez"),AND(AA47="Moderado",Q47="Probable"),AND(AA47="Insignificante",Q47="Casi Seguro"),AND(AA47="Moderado",Q47="Posible")),"Alto",IF(OR(AND(AA47="Moderado",Q47="Casi Seguro"),AND(AA47="Mayor",Q47="Posible"),AND(AA47="Mayor",Q47="Probable"),AND(AA47="Mayor",Q47="Casi Seguro"),AND(AA47="Catastrófico",Q47="Rara Vez"),AND(AA47="Catastrófico",Q47="Improbable"),AND(AA47="Catastrófico",Q47="Posible"),AND(AA47="Catastrófico",Q47="Casi Seguro"),AND(AA47="Catastrófico",Q47="Probable")),"Extremo")))) -> Extremo | AC47: Reducir
B48: 39 | C48: ='3-IDENTIFICACIÓN DEL RIESGO'!B49 -> Gestión de la Información | E48: ='3-IDENTIFICACIÓN DEL RIESGO'!E49 -> 1. Dirección General (Comunicaciones, Topografía). 2.Secretaria General. 3. Dirección de Gestión del Ordenamiento Social de la Propiedad. 4. Subdirección de Sistemas de Información de Tierras. | F48: ='3-IDENTIFICACIÓN DEL RIESGO'!G49 -> Incumplir los Acuerdos de niveles de servicio (SLA) de la mesa de servicios de TI | H48: 4 | N48: =COUNT(H48:M48) -> 1 | O48: =+SUM(H48:M48) -> 4 | P48: =O48/N48 -> 4 | Q48: =IF(P48<=1,"Rara vez",IF(P48<=2,"Improbable",IF(P48<=3,"Posible",IF(P48<=4,"Probable",IF(P48>4,"Casi seguro"))))) -> Probable | R48: 4 | X48: =COUNT(R48:W48) -> 1 | Y48: =+SUM(R48:W48) -> 4 | Z48: =Y48/X48 -> 4 | AA48: =IF(Z48<=1,"Insignificante",IF(Z48<=2,"Menor",IF(Z48<=3,"Moderado",IF(Z48<=4,"Mayor",IF(Z48>4,"Catastrófico"))))) -> Mayor | AB48: =IF(OR(AND(AA48="Insignificante",Q48="Rara Vez"),AND(AA48="Insignificante",Q48="Improbable"),AND(AA48="Insignificante",Q48="Posible"),AND(AA48="Menor",Q48="Rara Vez"),AND(AA48="Menor",Q48="Improbable")),"Bajo",IF(OR(AND(AA48="Insignificante",Q48="Probable"),AND(AA48="Menor",Q48="Posible"),AND(AA48="Moderado",Q48="Rara Vez"),AND(AA48="Moderado",Q48="Improbable")),"Moderado",IF(OR(AND(AA48="Menor",Q48="Probable"),AND(AA48="Menor",Q48="Casi Seguro"),AND(AA48="Mayor",Q48="Improbable"),AND(AA48="Mayor",Q48="Rara Vez"),AND(AA48="Moderado",Q48="Probable"),AND(AA48="Insignificante",Q48="Casi Seguro"),AND(AA48="Moderado",Q48="Posible")),"Alto",IF(OR(AND(AA48="Moderado",Q48="Casi Seguro"),AND(AA48="Mayor",Q48="Posible"),AND(AA48="Mayor",Q48="Probable"),AND(AA48="Mayor",Q48="Casi Seguro"),AND(AA48="Catastrófico",Q48="Rara Vez"),AND(AA48="Catastrófico",Q48="Improbable"),AND(AA48="Catastrófico",Q48="Posible"),AND(AA48="Catastrófico",Q48="Casi Seguro"),AND(AA48="Catastrófico",Q48="Probable")),"Extremo")))) -> Extremo | AC48: Reducir
B49: 40 | C49: ='3-IDENTIFICACIÓN DEL RIESGO'!B50 -> Gestión de la Información | E49: ='3-IDENTIFICACIÓN DEL RIESGO'!E50 -> 1. Dirección General (Comunicaciones, Topografía). 2.Secretaria General. 3. Dirección de Gestión del Ordenamiento Social de la Propiedad. 4. Subdirección de Sistemas de Información de Tierras. | F49: ='3-IDENTIFICACIÓN DEL RIESGO'!G50 -> Incumplir los tiempos de entrega de desarrollo y ajustes a las aplicaciones de la Agencia. | H49: 5 | N49: =COUNT(H49:M49) -> 1 | O49: =+SUM(H49:M49) -> 5 | P49: =O49/N49 -> 5 | Q49: =IF(P49<=1,"Rara vez",IF(P49<=2,"Improbable",IF(P49<=3,"Posible",IF(P49<=4,"Probable",IF(P49>4,"Casi seguro"))))) -> Casi seguro | R49: 4 | X49: =COUNT(R49:W49) -> 1 | Y49: =+SUM(R49:W49) -> 4 | Z49: =Y49/X49 -> 4 | AA49: =IF(Z49<=1,"Insignificante",IF(Z49<=2,"Menor",IF(Z49<=3,"Moderado",IF(Z49<=4,"Mayor",IF(Z49>4,"Catastrófico"))))) -> Mayor | AB49: =IF(OR(AND(AA49="Insignificante",Q49="Rara Vez"),AND(AA49="Insignificante",Q49="Improbable"),AND(AA49="Insignificante",Q49="Posible"),AND(AA49="Menor",Q49="Rara Vez"),AND(AA49="Menor",Q49="Improbable")),"Bajo",IF(OR(AND(AA49="Insignificante",Q49="Probable"),AND(AA49="Menor",Q49="Posible"),AND(AA49="Moderado",Q49="Rara Vez"),AND(AA49="Moderado",Q49="Improbable")),"Moderado",IF(OR(AND(AA49="Menor",Q49="Probable"),AND(AA49="Menor",Q49="Casi Seguro"),AND(AA49="Mayor",Q49="Improbable"),AND(AA49="Mayor",Q49="Rara Vez"),AND(AA49="Moderado",Q49="Probable"),AND(AA49="Insignificante",Q49="Casi Seguro"),AND(AA49="Moderado",Q49="Posible")),"Alto",IF(OR(AND(AA49="Moderado",Q49="Casi Seguro"),AND(AA49="Mayor",Q49="Posible"),AND(AA49="Mayor",Q49="Probable"),AND(AA49="Mayor",Q49="Casi Seguro"),AND(AA49="Catastrófico",Q49="Rara Vez"),AND(AA49="Catastrófico",Q49="Improbable"),AND(AA49="Catastrófico",Q49="Posible"),AND(AA49="Catastrófico",Q49="Casi Seguro"),AND(AA49="Catastrófico",Q49="Probable")),"Extremo")))) -> Extremo | AC49: Reducir
B50: 41 | C50: ='3-IDENTIFICACIÓN DEL RIESGO'!B51 -> Gestión de la Información | E50: ='3-IDENTIFICACIÓN DEL RIESGO'!E51 -> 1. Dirección General (Comunicaciones, Topografía). 2.Secretaria General. 3. Dirección de Gestión del Ordenamiento Social de la Propiedad. 4. Subdirección de Sistemas de Información de Tierras. | F50: ='3-IDENTIFICACIÓN DEL RIESGO'!G51 -> Interrupción en la prestación de los servicios de TI | H50: 4 | N50: =COUNT(H50:M50) -> 1 | O50: =+SUM(H50:M50) -> 4 | P50: =O50/N50 -> 4 | Q50: =IF(P50<=1,"Rara vez",IF(P50<=2,"Improbable",IF(P50<=3,"Posible",IF(P50<=4,"Probable",IF(P50>4,"Casi seguro"))))) -> Probable | R50: 5 | X50: =COUNT(R50:W50) -> 1 | Y50: =+SUM(R50:W50) -> 5 | Z50: =Y50/X50 -> 5 | AA50: =IF(Z50<=1,"Insignificante",IF(Z50<=2,"Menor",IF(Z50<=3,"Moderado",IF(Z50<=4,"Mayor",IF(Z50>4,"Catastrófico"))))) -> Catastrófico | AB50: =IF(OR(AND(AA50="Insignificante",Q50="Rara Vez"),AND(AA50="Insignificante",Q50="Improbable"),AND(AA50="Insignificante",Q50="Posible"),AND(AA50="Menor",Q50="Rara Vez"),AND(AA50="Menor",Q50="Improbable")),"Bajo",IF(OR(AND(AA50="Insignificante",Q50="Probable"),AND(AA50="Menor",Q50="Posible"),AND(AA50="Moderado",Q50="Rara Vez"),AND(AA50="Moderado",Q50="Improbable")),"Moderado",IF(OR(AND(AA50="Menor",Q50="Probable"),AND(AA50="Menor",Q50="Casi Seguro"),AND(AA50="Mayor",Q50="Improbable"),AND(AA50="Mayor",Q50="Rara Vez"),AND(AA50="Moderado",Q50="Probable"),AND(AA50="Insignificante",Q50="Casi Seguro"),AND(AA50="Moderado",Q50="Posible")),"Alto",IF(OR(AND(AA50="Moderado",Q50="Casi Seguro"),AND(AA50="Mayor",Q50="Posible"),AND(AA50="Mayor",Q50="Probable"),AND(AA50="Mayor",Q50="Casi Seguro"),AND(AA50="Catastrófico",Q50="Rara Vez"),AND(AA50="Catastrófico",Q50="Improbable"),AND(AA50="Catastrófico",Q50="Posible"),AND(AA50="Catastrófico",Q50="Casi Seguro"),AND(AA50="Catastrófico",Q50="Probable")),"Extremo")))) -> Extremo | AC50: Reducir
B51: 42 | C51: ='3-IDENTIFICACIÓN DEL RIESGO'!B52 -> Gestión de la Información | E51: ='3-IDENTIFICACIÓN DEL RIESGO'!E52 -> 1. Dirección General (Comunicaciones, Topografía). 2.Secretaria General. 3. Dirección de Gestión del Ordenamiento Social de la Propiedad. 4. Subdirección de Sistemas de Información de Tierras. | F51: ='3-IDENTIFICACIÓN DEL RIESGO'!G52 -> Uso no autorizado para firmar documentos con la firma digital. | H51: 4 | N51: =COUNT(H51:M51) -> 1 | O51: =+SUM(H51:M51) -> 4 | P51: =O51/N51 -> 4 | Q51: =IF(P51<=1,"Rara vez",IF(P51<=2,"Improbable",IF(P51<=3,"Posible",IF(P51<=4,"Probable",IF(P51>4,"Casi seguro"))))) -> Probable | R51: 5 | X51: =COUNT(R51:W51) -> 1 | Y51: =+SUM(R51:W51) -> 5 | Z51: =Y51/X51 -> 5 | AA51: =IF(Z51<=1,"Insignificante",IF(Z51<=2,"Menor",IF(Z51<=3,"Moderado",IF(Z51<=4,"Mayor",IF(Z51>4,"Catastrófico"))))) -> Catastrófico | AB51: =IF(OR(AND(AA51="Insignificante",Q51="Rara Vez"),AND(AA51="Insignificante",Q51="Improbable"),AND(AA51="Insignificante",Q51="Posible"),AND(AA51="Menor",Q51="Rara Vez"),AND(AA51="Menor",Q51="Improbable")),"Bajo",IF(OR(AND(AA51="Insignificante",Q51="Probable"),AND(AA51="Menor",Q51="Posible"),AND(AA51="Moderado",Q51="Rara Vez"),AND(AA51="Moderado",Q51="Improbable")),"Moderado",IF(OR(AND(AA51="Menor",Q51="Probable"),AND(AA51="Menor",Q51="Casi Seguro"),AND(AA51="Mayor",Q51="Improbable"),AND(AA51="Mayor",Q51="Rara Vez"),AND(AA51="Moderado",Q51="Probable"),AND(AA51="Insignificante",Q51="Casi Seguro"),AND(AA51="Moderado",Q51="Posible")),"Alto",IF(OR(AND(AA51="Moderado",Q51="Casi Seguro"),AND(AA51="Mayor",Q51="Posible"),AND(AA51="Mayor",Q51="Probable"),AND(AA51="Mayor",Q51="Casi Seguro"),AND(AA51="Catastrófico",Q51="Rara Vez"),AND(AA51="Catastrófico",Q51="Improbable"),AND(AA51="Catastrófico",Q51="Posible"),AND(AA51="Catastrófico",Q51="Casi Seguro"),AND(AA51="Catastrófico",Q51="Probable")),"Extremo")))) -> Extremo | AC51: Reducir
B52: 43 | C52: ='3-IDENTIFICACIÓN DEL RIESGO'!B53 -> Gestión del Talento Humano | E52: ='3-IDENTIFICACIÓN DEL RIESGO'!E53 -> 1. Subdirección de Talento Humano. 2. Secretaría General. | F52: ='3-IDENTIFICACIÓN DEL RIESGO'!G53 -> Posibilidad de incumplir metas del Plan Estratégico de Talento Humano | H52: 3 | N52: =COUNT(H52:M52) -> 1 | O52: =+SUM(H52:M52) -> 3 | P52: =O52/N52 -> 3 | Q52: =IF(P52<=1,"Rara vez",IF(P52<=2,"Improbable",IF(P52<=3,"Posible",IF(P52<=4,"Probable",IF(P52>4,"Casi seguro"))))) -> Posible | R52: 4 | X52: =COUNT(R52:W52) -> 1 | Y52: =+SUM(R52:W52) -> 4 | Z52: =Y52/X52 -> 4 | AA52: =IF(Z52<=1,"Insignificante",IF(Z52<=2,"Menor",IF(Z52<=3,"Moderado",IF(Z52<=4,"Mayor",IF(Z52>4,"Catastrófico"))))) -> Mayor | AB52: =IF(OR(AND(AA52="Insignificante",Q52="Rara Vez"),AND(AA52="Insignificante",Q52="Improbable"),AND(AA52="Insignificante",Q52="Posible"),AND(AA52="Menor",Q52="Rara Vez"),AND(AA52="Menor",Q52="Improbable")),"Bajo",IF(OR(AND(AA52="Insignificante",Q52="Probable"),AND(AA52="Menor",Q52="Posible"),AND(AA52="Moderado",Q52="Rara Vez"),AND(AA52="Moderado",Q52="Improbable")),"Moderado",IF(OR(AND(AA52="Menor",Q52="Probable"),AND(AA52="Menor",Q52="Casi Seguro"),AND(AA52="Mayor",Q52="Improbable"),AND(AA52="Mayor",Q52="Rara Vez"),AND(AA52="Moderado",Q52="Probable"),AND(AA52="Insignificante",Q52="Casi Seguro"),AND(AA52="Moderado",Q52="Posible")),"Alto",IF(OR(AND(AA52="Moderado",Q52="Casi Seguro"),AND(AA52="Mayor",Q52="Posible"),AND(AA52="Mayor",Q52="Probable"),AND(AA52="Mayor",Q52="Casi Seguro"),AND(AA52="Catastrófico",Q52="Rara Vez"),AND(AA52="Catastrófico",Q52="Improbable"),AND(AA52="Catastrófico",Q52="Posible"),AND(AA52="Catastrófico",Q52="Casi Seguro"),AND(AA52="Catastrófico",Q52="Probable")),"Extremo")))) -> Extremo | AC52: Reducir
B53: 44 | C53: ='3-IDENTIFICACIÓN DEL RIESGO'!B54 -> Gestión del Talento Humano | E53: ='3-IDENTIFICACIÓN DEL RIESGO'!E54 -> 1. Subdirección de Talento Humano. 2. Secretaría General. | F53: ='3-IDENTIFICACIÓN DEL RIESGO'!G54 -> Inconsistencias en el reporte y liquidación de las novedades laborales y prestacionales | H53: 4 | N53: =COUNT(H53:M53) -> 1 | O53: =+SUM(H53:M53) -> 4 | P53: =O53/N53 -> 4 | Q53: =IF(P53<=1,"Rara vez",IF(P53<=2,"Improbable",IF(P53<=3,"Posible",IF(P53<=4,"Probable",IF(P53>4,"Casi seguro"))))) -> Probable | R53: 4 | X53: =COUNT(R53:W53) -> 1 | Y53: =+SUM(R53:W53) -> 4 | Z53: =Y53/X53 -> 4 | AA53: =IF(Z53<=1,"Insignificante",IF(Z53<=2,"Menor",IF(Z53<=3,"Moderado",IF(Z53<=4,"Mayor",IF(Z53>4,"Catastrófico"))))) -> Mayor | AB53: =IF(OR(AND(AA53="Insignificante",Q53="Rara Vez"),AND(AA53="Insignificante",Q53="Improbable"),AND(AA53="Insignificante",Q53="Posible"),AND(AA53="Menor",Q53="Rara Vez"),AND(AA53="Menor",Q53="Improbable")),"Bajo",IF(OR(AND(AA53="Insignificante",Q53="Probable"),AND(AA53="Menor",Q53="Posible"),AND(AA53="Moderado",Q53="Rara Vez"),AND(AA53="Moderado",Q53="Improbable")),"Moderado",IF(OR(AND(AA53="Menor",Q53="Probable"),AND(AA53="Menor",Q53="Casi Seguro"),AND(AA53="Mayor",Q53="Improbable"),AND(AA53="Mayor",Q53="Rara Vez"),AND(AA53="Moderado",Q53="Probable"),AND(AA53="Insignificante",Q53="Casi Seguro"),AND(AA53="Moderado",Q53="Posible")),"Alto",IF(OR(AND(AA53="Moderado",Q53="Casi Seguro"),AND(AA53="Mayor",Q53="Posible"),AND(AA53="Mayor",Q53="Probable"),AND(AA53="Mayor",Q53="Casi Seguro"),AND(AA53="Catastrófico",Q53="Rara Vez"),AND(AA53="Catastrófico",Q53="Improbable"),AND(AA53="Catastrófico",Q53="Posible"),AND(AA53="Catastrófico",Q53="Casi Seguro"),AND(AA53="Catastrófico",Q53="Probable")),"Extremo")))) -> Extremo | AC53: Reducir
B54: 45 | C54: ='3-IDENTIFICACIÓN DEL RIESGO'!B55 -> Gestión del Talento Humano | E54: ='3-IDENTIFICACIÓN DEL RIESGO'!E55 -> 1. Subdirección de Talento Humano. 2. Secretaría General. | F54: ='3-IDENTIFICACIÓN DEL RIESGO'!G55 -> Prescripción de la acción disciplinaria | H54: 4 | N54: =COUNT(H54:M54) -> 1 | O54: =+SUM(H54:M54) -> 4 | P54: =O54/N54 -> 4 | Q54: =IF(P54<=1,"Rara vez",IF(P54<=2,"Improbable",IF(P54<=3,"Posible",IF(P54<=4,"Probable",IF(P54>4,"Casi seguro"))))) -> Probable | R54: 5 | X54: =COUNT(R54:W54) -> 1 | Y54: =+SUM(R54:W54) -> 5 | Z54: =Y54/X54 -> 5 | AA54: =IF(Z54<=1,"Insignificante",IF(Z54<=2,"Menor",IF(Z54<=3,"Moderado",IF(Z54<=4,"Mayor",IF(Z54>4,"Catastrófico"))))) -> Catastrófico | AB54: =IF(OR(AND(AA54="Insignificante",Q54="Rara Vez"),AND(AA54="Insignificante",Q54="Improbable"),AND(AA54="Insignificante",Q54="Posible"),AND(AA54="Menor",Q54="Rara Vez"),AND(AA54="Menor",Q54="Improbable")),"Bajo",IF(OR(AND(AA54="Insignificante",Q54="Probable"),AND(AA54="Menor",Q54="Posible"),AND(AA54="Moderado",Q54="Rara Vez"),AND(AA54="Moderado",Q54="Improbable")),"Moderado",IF(OR(AND(AA54="Menor",Q54="Probable"),AND(AA54="Menor",Q54="Casi Seguro"),AND(AA54="Mayor",Q54="Improbable"),AND(AA54="Mayor",Q54="Rara Vez"),AND(AA54="Moderado",Q54="Probable"),AND(AA54="Insignificante",Q54="Casi Seguro"),AND(AA54="Moderado",Q54="Posible")),"Alto",IF(OR(AND(AA54="Moderado",Q54="Casi Seguro"),AND(AA54="Mayor",Q54="Posible"),AND(AA54="Mayor",Q54="Probable"),AND(AA54="Mayor",Q54="Casi Seguro"),AND(AA54="Catastrófico",Q54="Rara Vez"),AND(AA54="Catastrófico",Q54="Improbable"),AND(AA54="Catastrófico",Q54="Posible"),AND(AA54="Catastrófico",Q54="Casi Seguro"),AND(AA54="Catastrófico",Q54="Probable")),"Extremo")))) -> Extremo | AC54: Reducir
B55: 46 | C55: ='3-IDENTIFICACIÓN DEL RIESGO'!B56 -> Gestión del Talento Humano | E55: ='3-IDENTIFICACIÓN DEL RIESGO'!E56 -> 1. Subdirección de Talento Humano. 2. Secretaría General. | F55: ='3-IDENTIFICACIÓN DEL RIESGO'!G56 -> Caducidad de la acción disciplinaria | H55: 4 | N55: =COUNT(H55:M55) -> 1 | O55: =+SUM(H55:M55) -> 4 | P55: =O55/N55 -> 4 | Q55: =IF(P55<=1,"Rara vez",IF(P55<=2,"Improbable",IF(P55<=3,"Posible",IF(P55<=4,"Probable",IF(P55>4,"Casi seguro"))))) -> Probable | R55: 5 | X55: =COUNT(R55:W55) -> 1 | Y55: =+SUM(R55:W55) -> 5 | Z55: =Y55/X55 -> 5 | AA55: =IF(Z55<=1,"Insignificante",IF(Z55<=2,"Menor",IF(Z55<=3,"Moderado",IF(Z55<=4,"Mayor",IF(Z55>4,"Catastrófico"))))) -> Catastrófico | AB55: =IF(OR(AND(AA55="Insignificante",Q55="Rara Vez"),AND(AA55="Insignificante",Q55="Improbable"),AND(AA55="Insignificante",Q55="Posible"),AND(AA55="Menor",Q55="Rara Vez"),AND(AA55="Menor",Q55="Improbable")),"Bajo",IF(OR(AND(AA55="Insignificante",Q55="Probable"),AND(AA55="Menor",Q55="Posible"),AND(AA55="Moderado",Q55="Rara Vez"),AND(AA55="Moderado",Q55="Improbable")),"Moderado",IF(OR(AND(AA55="Menor",Q55="Probable"),AND(AA55="Menor",Q55="Casi Seguro"),AND(AA55="Mayor",Q55="Improbable"),AND(AA55="Mayor",Q55="Rara Vez"),AND(AA55="Moderado",Q55="Probable"),AND(AA55="Insignificante",Q55="Casi Seguro"),AND(AA55="Moderado",Q55="Posible")),"Alto",IF(OR(AND(AA55="Moderado",Q55="Casi Seguro"),AND(AA55="Mayor",Q55="Posible"),AND(AA55="Mayor",Q55="Probable"),AND(AA55="Mayor",Q55="Casi Seguro"),AND(AA55="Catastrófico",Q55="Rara Vez"),AND(AA55="Catastrófico",Q55="Improbable"),AND(AA55="Catastrófico",Q55="Posible"),AND(AA55="Catastrófico",Q55="Casi Seguro"),AND(AA55="Catastrófico",Q55="Probable")),"Extremo")))) -> Extremo | AC55: Reducir
B56: 47 | C56: ='3-IDENTIFICACIÓN DEL RIESGO'!B57 -> Gestión del Talento Humano | E56: ='3-IDENTIFICACIÓN DEL RIESGO'!E57 -> 1. Subdirección de Talento Humano. 2. Secretaría General. | F56: ='3-IDENTIFICACIÓN DEL RIESGO'!G57 -> Perdida de expedientes disciplinarios | H56: 4 | N56: =COUNT(H56:M56) -> 1 | O56: =+SUM(H56:M56) -> 4 | P56: =O56/N56 -> 4 | Q56: =IF(P56<=1,"Rara vez",IF(P56<=2,"Improbable",IF(P56<=3,"Posible",IF(P56<=4,"Probable",IF(P56>4,"Casi seguro"))))) -> Probable | R56: 5 | X56: =COUNT(R56:W56) -> 1 | Y56: =+SUM(R56:W56) -> 5 | Z56: =Y56/X56 -> 5 | AA56: =IF(Z56<=1,"Insignificante",IF(Z56<=2,"Menor",IF(Z56<=3,"Moderado",IF(Z56<=4,"Mayor",IF(Z56>4,"Catastrófico"))))) -> Catastrófico | AB56: =IF(OR(AND(AA56="Insignificante",Q56="Rara Vez"),AND(AA56="Insignificante",Q56="Improbable"),AND(AA56="Insignificante",Q56="Posible"),AND(AA56="Menor",Q56="Rara Vez"),AND(AA56="Menor",Q56="Improbable")),"Bajo",IF(OR(AND(AA56="Insignificante",Q56="Probable"),AND(AA56="Menor",Q56="Posible"),AND(AA56="Moderado",Q56="Rara Vez"),AND(AA56="Moderado",Q56="Improbable")),"Moderado",IF(OR(AND(AA56="Menor",Q56="Probable"),AND(AA56="Menor",Q56="Casi Seguro"),AND(AA56="Mayor",Q56="Improbable"),AND(AA56="Mayor",Q56="Rara Vez"),AND(AA56="Moderado",Q56="Probable"),AND(AA56="Insignificante",Q56="Casi Seguro"),AND(AA56="Moderado",Q56="Posible")),"Alto",IF(OR(AND(AA56="Moderado",Q56="Casi Seguro"),AND(AA56="Mayor",Q56="Posible"),AND(AA56="Mayor",Q56="Probable"),AND(AA56="Mayor",Q56="Casi Seguro"),AND(AA56="Catastrófico",Q56="Rara Vez"),AND(AA56="Catastrófico",Q56="Improbable"),AND(AA56="Catastrófico",Q56="Posible"),AND(AA56="Catastrófico",Q56="Casi Seguro"),AND(AA56="Catastrófico",Q56="Probable")),"Extremo")))) -> Extremo | AC56: Reducir
B57: 48 | C57: ='3-IDENTIFICACIÓN DEL RIESGO'!B58 -> Apoyo Jurídico | E57: ='3-IDENTIFICACIÓN DEL RIESGO'!E58 -> 1. Oficina Jurídica | F57: ='3-IDENTIFICACIÓN DEL RIESGO'!G58 -> Emitir conceptos sobre el mismo tema con distinta interpretación | H57: 4 | I57: 4 | N57: =COUNT(H57:M57) -> 2 | O57: =+SUM(H57:M57) -> 8 | P57: =O57/N57 -> 4 | Q57: =IF(P57<=1,"Rara vez",IF(P57<=2,"Improbable",IF(P57<=3,"Posible",IF(P57<=4,"Probable",IF(P57>4,"Casi seguro"))))) -> Probable | R57: 4 | S57: 4 | X57: =COUNT(R57:W57) -> 2 | Y57: =+SUM(R57:W57) -> 8 | Z57: =Y57/X57 -> 4 | AA57: =IF(Z57<=1,"Insignificante",IF(Z57<=2,"Menor",IF(Z57<=3,"Moderado",IF(Z57<=4,"Mayor",IF(Z57>4,"Catastrófico"))))) -> Mayor | AB57: =IF(OR(AND(AA57="Insignificante",Q57="Rara Vez"),AND(AA57="Insignificante",Q57="Improbable"),AND(AA57="Insignificante",Q57="Posible"),AND(AA57="Menor",Q57="Rara Vez"),AND(AA57="Menor",Q57="Improbable")),"Bajo",IF(OR(AND(AA57="Insignificante",Q57="Probable"),AND(AA57="Menor",Q57="Posible"),AND(AA57="Moderado",Q57="Rara Vez"),AND(AA57="Moderado",Q57="Improbable")),"Moderado",IF(OR(AND(AA57="Menor",Q57="Probable"),AND(AA57="Menor",Q57="Casi Seguro"),AND(AA57="Mayor",Q57="Improbable"),AND(AA57="Mayor",Q57="Rara Vez"),AND(AA57="Moderado",Q57="Probable"),AND(AA57="Insignificante",Q57="Casi Seguro"),AND(AA57="Moderado",Q57="Posible")),"Alto",IF(OR(AND(AA57="Moderado",Q57="Casi Seguro"),AND(AA57="Mayor",Q57="Posible"),AND(AA57="Mayor",Q57="Probable"),AND(AA57="Mayor",Q57="Casi Seguro"),AND(AA57="Catastrófico",Q57="Rara Vez"),AND(AA57="Catastrófico",Q57="Improbable"),AND(AA57="Catastrófico",Q57="Posible"),AND(AA57="Catastrófico",Q57="Casi Seguro"),AND(AA57="Catastrófico",Q57="Probable")),"Extremo")))) -> Extremo | AC57: Reducir
B58: 49 | C58: ='3-IDENTIFICACIÓN DEL RIESGO'!B59 -> Apoyo Jurídico | E58: ='3-IDENTIFICACIÓN DEL RIESGO'!E59 -> 1. Oficina Jurídica | F58: ='3-IDENTIFICACIÓN DEL RIESGO'!G59 -> Vencimiento de términos | H58: 5 | I58: 5 | N58: =COUNT(H58:M58) -> 2 | O58: =+SUM(H58:M58) -> 10 | P58: =O58/N58 -> 5 | Q58: =IF(P58<=1,"Rara vez",IF(P58<=2,"Improbable",IF(P58<=3,"Posible",IF(P58<=4,"Probable",IF(P58>4,"Casi seguro"))))) -> Casi seguro | R58: 5 | S58: 5 | X58: =COUNT(R58:W58) -> 2 | Y58: =+SUM(R58:W58) -> 10 | Z58: =Y58/X58 -> 5 | AA58: =IF(Z58<=1,"Insignificante",IF(Z58<=2,"Menor",IF(Z58<=3,"Moderado",IF(Z58<=4,"Mayor",IF(Z58>4,"Catastrófico"))))) -> Catastrófico | AB58: =IF(OR(AND(AA58="Insignificante",Q58="Rara Vez"),AND(AA58="Insignificante",Q58="Improbable"),AND(AA58="Insignificante",Q58="Posible"),AND(AA58="Menor",Q58="Rara Vez"),AND(AA58="Menor",Q58="Improbable")),"Bajo",IF(OR(AND(AA58="Insignificante",Q58="Probable"),AND(AA58="Menor",Q58="Posible"),AND(AA58="Moderado",Q58="Rara Vez"),AND(AA58="Moderado",Q58="Improbable")),"Moderado",IF(OR(AND(AA58="Menor",Q58="Probable"),AND(AA58="Menor",Q58="Casi Seguro"),AND(AA58="Mayor",Q58="Improbable"),AND(AA58="Mayor",Q58="Rara Vez"),AND(AA58="Moderado",Q58="Probable"),AND(AA58="Insignificante",Q58="Casi Seguro"),AND(AA58="Moderado",Q58="Posible")),"Alto",IF(OR(AND(AA58="Moderado",Q58="Casi Seguro"),AND(AA58="Mayor",Q58="Posible"),AND(AA58="Mayor",Q58="Probable"),AND(AA58="Mayor",Q58="Casi Seguro"),AND(AA58="Catastrófico",Q58="Rara Vez"),AND(AA58="Catastrófico",Q58="Improbable"),AND(AA58="Catastrófico",Q58="Posible"),AND(AA58="Catastrófico",Q58="Casi Seguro"),AND(AA58="Catastrófico",Q58="Probable")),"Extremo")))) -> Extremo | AC58: Reducir
B59: 50 | C59: ='3-IDENTIFICACIÓN DEL RIESGO'!B60 -> Apoyo Jurídico | E59: ='3-IDENTIFICACIÓN DEL RIESGO'!E60 -> 1. Oficina Jurídica | F59: ='3-IDENTIFICACIÓN DEL RIESGO'!G60 -> Emisión de viabilidades positivas contrarias a la normatividad. | H59: 3 | I59: 3 | N59: =COUNT(H59:M59) -> 2 | O59: =+SUM(H59:M59) -> 6 | P59: =O59/N59 -> 3 | Q59: =IF(P59<=1,"Rara vez",IF(P59<=2,"Improbable",IF(P59<=3,"Posible",IF(P59<=4,"Probable",IF(P59>4,"Casi seguro"))))) -> Posible | R59: 5 | S59: 5 | X59: =COUNT(R59:W59) -> 2 | Y59: =+SUM(R59:W59) -> 10 | Z59: =Y59/X59 -> 5 | AA59: =IF(Z59<=1,"Insignificante",IF(Z59<=2,"Menor",IF(Z59<=3,"Moderado",IF(Z59<=4,"Mayor",IF(Z59>4,"Catastrófico"))))) -> Catastrófico | AB59: =IF(OR(AND(AA59="Insignificante",Q59="Rara Vez"),AND(AA59="Insignificante",Q59="Improbable"),AND(AA59="Insignificante",Q59="Posible"),AND(AA59="Menor",Q59="Rara Vez"),AND(AA59="Menor",Q59="Improbable")),"Bajo",IF(OR(AND(AA59="Insignificante",Q59="Probable"),AND(AA59="Menor",Q59="Posible"),AND(AA59="Moderado",Q59="Rara Vez"),AND(AA59="Moderado",Q59="Improbable")),"Moderado",IF(OR(AND(AA59="Menor",Q59="Probable"),AND(AA59="Menor",Q59="Casi Seguro"),AND(AA59="Mayor",Q59="Improbable"),AND(AA59="Mayor",Q59="Rara Vez"),AND(AA59="Moderado",Q59="Probable"),AND(AA59="Insignificante",Q59="Casi Seguro"),AND(AA59="Moderado",Q59="Posible")),"Alto",IF(OR(AND(AA59="Moderado",Q59="Casi Seguro"),AND(AA59="Mayor",Q59="Posible"),AND(AA59="Mayor",Q59="Probable"),AND(AA59="Mayor",Q59="Casi Seguro"),AND(AA59="Catastrófico",Q59="Rara Vez"),AND(AA59="Catastrófico",Q59="Improbable"),AND(AA59="Catastrófico",Q59="Posible"),AND(AA59="Catastrófico",Q59="Casi Seguro"),AND(AA59="Catastrófico",Q59="Probable")),"Extremo")))) -> Extremo | AC59: Reducir
B60: 51 | C60: ='3-IDENTIFICACIÓN DEL RIESGO'!B61 -> Adquisición de Bienes y Servicios | E60: ='3-IDENTIFICACIÓN DEL RIESGO'!E61 -> 1. Subdirección Administrativa y Financiera. 2. Secretaría General. | F60: ='3-IDENTIFICACIÓN DEL RIESGO'!G61 -> Incumplimiento de las obligaciones de un contrato y/o convenio. | H60: 5 | N60: =COUNT(H60:M60) -> 1 | O60: =+SUM(H60:M60) -> 5 | P60: =O60/N60 -> 5 | Q60: =IF(P60<=1,"Rara vez",IF(P60<=2,"Improbable",IF(P60<=3,"Posible",IF(P60<=4,"Probable",IF(P60>4,"Casi seguro"))))) -> Casi seguro | R60: 5 | X60: =COUNT(R60:W60) -> 1 | Y60: =+SUM(R60:W60) -> 5 | Z60: =Y60/X60 -> 5 | AA60: =IF(Z60<=1,"Insignificante",IF(Z60<=2,"Menor",IF(Z60<=3,"Moderado",IF(Z60<=4,"Mayor",IF(Z60>4,"Catastrófico"))))) -> Catastrófico | AB60: =IF(OR(AND(AA60="Insignificante",Q60="Rara Vez"),AND(AA60="Insignificante",Q60="Improbable"),AND(AA60="Insignificante",Q60="Posible"),AND(AA60="Menor",Q60="Rara Vez"),AND(AA60="Menor",Q60="Improbable")),"Bajo",IF(OR(AND(AA60="Insignificante",Q60="Probable"),AND(AA60="Menor",Q60="Posible"),AND(AA60="Moderado",Q60="Rara Vez"),AND(AA60="Moderado",Q60="Improbable")),"Moderado",IF(OR(AND(AA60="Menor",Q60="Probable"),AND(AA60="Menor",Q60="Casi Seguro"),AND(AA60="Mayor",Q60="Improbable"),AND(AA60="Mayor",Q60="Rara Vez"),AND(AA60="Moderado",Q60="Probable"),AND(AA60="Insignificante",Q60="Casi Seguro"),AND(AA60="Moderado",Q60="Posible")),"Alto",IF(OR(AND(AA60="Moderado",Q60="Casi Seguro"),AND(AA60="Mayor",Q60="Posible"),AND(AA60="Mayor",Q60="Probable"),AND(AA60="Mayor",Q60="Casi Seguro"),AND(AA60="Catastrófico",Q60="Rara Vez"),AND(AA60="Catastrófico",Q60="Improbable"),AND(AA60="Catastrófico",Q60="Posible"),AND(AA60="Catastrófico",Q60="Casi Seguro"),AND(AA60="Catastrófico",Q60="Probable")),"Extremo")))) -> Extremo | AC60: Reducir
B61: 52 | C61: ='3-IDENTIFICACIÓN DEL RIESGO'!B62 -> Adquisición de Bienes y Servicios | E61: ='3-IDENTIFICACIÓN DEL RIESGO'!E62 -> 1. Subdirección Administrativa y Financiera. 2. Secretaría General. | F61: ='3-IDENTIFICACIÓN DEL RIESGO'!G62 -> Liquidación de contratos fuera de términos. | H61: 2 | N61: =COUNT(H61:M61) -> 1 | O61: =+SUM(H61:M61) -> 2 | P61: =O61/N61 -> 2 | Q61: =IF(P61<=1,"Rara vez",IF(P61<=2,"Improbable",IF(P61<=3,"Posible",IF(P61<=4,"Probable",IF(P61>4,"Casi seguro"))))) -> Improbable | R61: 4 | X61: =COUNT(R61:W61) -> 1 | Y61: =+SUM(R61:W61) -> 4 | Z61: =Y61/X61 -> 4 | AA61: =IF(Z61<=1,"Insignificante",IF(Z61<=2,"Menor",IF(Z61<=3,"Moderado",IF(Z61<=4,"Mayor",IF(Z61>4,"Catastrófico"))))) -> Mayor | AB61: =IF(OR(AND(AA61="Insignificante",Q61="Rara Vez"),AND(AA61="Insignificante",Q61="Improbable"),AND(AA61="Insignificante",Q61="Posible"),AND(AA61="Menor",Q61="Rara Vez"),AND(AA61="Menor",Q61="Improbable")),"Bajo",IF(OR(AND(AA61="Insignificante",Q61="Probable"),AND(AA61="Menor",Q61="Posible"),AND(AA61="Moderado",Q61="Rara Vez"),AND(AA61="Moderado",Q61="Improbable")),"Moderado",IF(OR(AND(AA61="Menor",Q61="Probable"),AND(AA61="Menor",Q61="Casi Seguro"),AND(AA61="Mayor",Q61="Improbable"),AND(AA61="Mayor",Q61="Rara Vez"),AND(AA61="Moderado",Q61="Probable"),AND(AA61="Insignificante",Q61="Casi Seguro"),AND(AA61="Moderado",Q61="Posible")),"Alto",IF(OR(AND(AA61="Moderado",Q61="Casi Seguro"),AND(AA61="Mayor",Q61="Posible"),AND(AA61="Mayor",Q61="Probable"),AND(AA61="Mayor",Q61="Casi Seguro"),AND(AA61="Catastrófico",Q61="Rara Vez"),AND(AA61="Catastrófico",Q61="Improbable"),AND(AA61="Catastrófico",Q61="Posible"),AND(AA61="Catastrófico",Q61="Casi Seguro"),AND(AA61="Catastrófico",Q61="Probable")),"Extremo")))) -> Alto | AC61: Reducir
B62: 53 | C62: ='3-IDENTIFICACIÓN DEL RIESGO'!B63 -> Adquisición de Bienes y Servicios | E62: ='3-IDENTIFICACIÓN DEL RIESGO'!E63 -> 1. Subdirección Administrativa y Financiera. 2. Secretaría General. | F62: ='3-IDENTIFICACIÓN DEL RIESGO'!G63 -> Configuración del contrato realidad. | H62: 5 | N62: =COUNT(H62:M62) -> 1 | O62: =+SUM(H62:M62) -> 5 | P62: =O62/N62 -> 5 | Q62: =IF(P62<=1,"Rara vez",IF(P62<=2,"Improbable",IF(P62<=3,"Posible",IF(P62<=4,"Probable",IF(P62>4,"Casi seguro"))))) -> Casi seguro | R62: 5 | X62: =COUNT(R62:W62) -> 1 | Y62: =+SUM(R62:W62) -> 5 | Z62: =Y62/X62 -> 5 | AA62: =IF(Z62<=1,"Insignificante",IF(Z62<=2,"Menor",IF(Z62<=3,"Moderado",IF(Z62<=4,"Mayor",IF(Z62>4,"Catastrófico"))))) -> Catastrófico | AB62: =IF(OR(AND(AA62="Insignificante",Q62="Rara Vez"),AND(AA62="Insignificante",Q62="Improbable"),AND(AA62="Insignificante",Q62="Posible"),AND(AA62="Menor",Q62="Rara Vez"),AND(AA62="Menor",Q62="Improbable")),"Bajo",IF(OR(AND(AA62="Insignificante",Q62="Probable"),AND(AA62="Menor",Q62="Posible"),AND(AA62="Moderado",Q62="Rara Vez"),AND(AA62="Moderado",Q62="Improbable")),"Moderado",IF(OR(AND(AA62="Menor",Q62="Probable"),AND(AA62="Menor",Q62="Casi Seguro"),AND(AA62="Mayor",Q62="Improbable"),AND(AA62="Mayor",Q62="Rara Vez"),AND(AA62="Moderado",Q62="Probable"),AND(AA62="Insignificante",Q62="Casi Seguro"),AND(AA62="Moderado",Q62="Posible")),"Alto",IF(OR(AND(AA62="Moderado",Q62="Casi Seguro"),AND(AA62="Mayor",Q62="Posible"),AND(AA62="Mayor",Q62="Probable"),AND(AA62="Mayor",Q62="Casi Seguro"),AND(AA62="Catastrófico",Q62="Rara Vez"),AND(AA62="Catastrófico",Q62="Improbable"),AND(AA62="Catastrófico",Q62="Posible"),AND(AA62="Catastrófico",Q62="Casi Seguro"),AND(AA62="Catastrófico",Q62="Probable")),"Extremo")))) -> Extremo | AC62: Reducir
B63: 54 | C63: ='3-IDENTIFICACIÓN DEL RIESGO'!B64 -> Administración de Bienes y Servicios | E63: ='3-IDENTIFICACIÓN DEL RIESGO'!E64 -> 1. Subdirección Administrativa y Financiera. 2. Secretaría General. | F63: ='3-IDENTIFICACIÓN DEL RIESGO'!G64 -> Perdidas o daños en los bienes de la Entidad. | H63: 2 | I63: 5 | N63: =COUNT(H63:M63) -> 2 | O63: =+SUM(H63:M63) -> 7 | P63: =O63/N63 -> 3.5 | Q63: =IF(P63<=1,"Rara vez",IF(P63<=2,"Improbable",IF(P63<=3,"Posible",IF(P63<=4,"Probable",IF(P63>4,"Casi seguro"))))) -> Probable | R63: 4 | S63: 4 | X63: =COUNT(R63:W63) -> 2 | Y63: =+SUM(R63:W63) -> 8 | Z63: =Y63/X63 -> 4 | AA63: =IF(Z63<=1,"Insignificante",IF(Z63<=2,"Menor",IF(Z63<=3,"Moderado",IF(Z63<=4,"Mayor",IF(Z63>4,"Catastrófico"))))) -> Mayor | AB63: =IF(OR(AND(AA63="Insignificante",Q63="Rara Vez"),AND(AA63="Insignificante",Q63="Improbable"),AND(AA63="Insignificante",Q63="Posible"),AND(AA63="Menor",Q63="Rara Vez"),AND(AA63="Menor",Q63="Improbable")),"Bajo",IF(OR(AND(AA63="Insignificante",Q63="Probable"),AND(AA63="Menor",Q63="Posible"),AND(AA63="Moderado",Q63="Rara Vez"),AND(AA63="Moderado",Q63="Improbable")),"Moderado",IF(OR(AND(AA63="Menor",Q63="Probable"),AND(AA63="Menor",Q63="Casi Seguro"),AND(AA63="Mayor",Q63="Improbable"),AND(AA63="Mayor",Q63="Rara Vez"),AND(AA63="Moderado",Q63="Probable"),AND(AA63="Insignificante",Q63="Casi Seguro"),AND(AA63="Moderado",Q63="Posible")),"Alto",IF(OR(AND(AA63="Moderado",Q63="Casi Seguro"),AND(AA63="Mayor",Q63="Posible"),AND(AA63="Mayor",Q63="Probable"),AND(AA63="Mayor",Q63="Casi Seguro"),AND(AA63="Catastrófico",Q63="Rara Vez"),AND(AA63="Catastrófico",Q63="Improbable"),AND(AA63="Catastrófico",Q63="Posible"),AND(AA63="Catastrófico",Q63="Casi Seguro"),AND(AA63="Catastrófico",Q63="Probable")),"Extremo")))) -> Extremo | AC63: Reducir
B64: 55 | C64: ='3-IDENTIFICACIÓN DEL RIESGO'!B65 -> Administración de Bienes y Servicios | E64: ='3-IDENTIFICACIÓN DEL RIESGO'!E65 -> 1. Subdirección Administrativa y Financiera. 2. Secretaría General. | F64: ='3-IDENTIFICACIÓN DEL RIESGO'!G65 -> Incumplimiento en la aplicación de los mantenimientos preventivos a los bienes de la Entidad. | H64: 2 | N64: =COUNT(H64:M64) -> 1 | O64: =+SUM(H64:M64) -> 2 | P64: =O64/N64 -> 2 | Q64: =IF(P64<=1,"Rara vez",IF(P64<=2,"Improbable",IF(P64<=3,"Posible",IF(P64<=4,"Probable",IF(P64>4,"Casi seguro"))))) -> Improbable | R64: 3 | X64: =COUNT(R64:W64) -> 1 | Y64: =+SUM(R64:W64) -> 3 | Z64: =Y64/X64 -> 3 | AA64: =IF(Z64<=1,"Insignificante",IF(Z64<=2,"Menor",IF(Z64<=3,"Moderado",IF(Z64<=4,"Mayor",IF(Z64>4,"Catastrófico"))))) -> Moderado | AB64: =IF(OR(AND(AA64="Insignificante",Q64="Rara Vez"),AND(AA64="Insignificante",Q64="Improbable"),AND(AA64="Insignificante",Q64="Posible"),AND(AA64="Menor",Q64="Rara Vez"),AND(AA64="Menor",Q64="Improbable")),"Bajo",IF(OR(AND(AA64="Insignificante",Q64="Probable"),AND(AA64="Menor",Q64="Posible"),AND(AA64="Moderado",Q64="Rara Vez"),AND(AA64="Moderado",Q64="Improbable")),"Moderado",IF(OR(AND(AA64="Menor",Q64="Probable"),AND(AA64="Menor",Q64="Casi Seguro"),AND(AA64="Mayor",Q64="Improbable"),AND(AA64="Mayor",Q64="Rara Vez"),AND(AA64="Moderado",Q64="Probable"),AND(AA64="Insignificante",Q64="Casi Seguro"),AND(AA64="Moderado",Q64="Posible")),"Alto",IF(OR(AND(AA64="Moderado",Q64="Casi Seguro"),AND(AA64="Mayor",Q64="Posible"),AND(AA64="Mayor",Q64="Probable"),AND(AA64="Mayor",Q64="Casi Seguro"),AND(AA64="Catastrófico",Q64="Rara Vez"),AND(AA64="Catastrófico",Q64="Improbable"),AND(AA64="Catastrófico",Q64="Posible"),AND(AA64="Catastrófico",Q64="Casi Seguro"),AND(AA64="Catastrófico",Q64="Probable")),"Extremo")))) -> Moderado | AC64: Reducir
B65: 56 | C65: ='3-IDENTIFICACIÓN DEL RIESGO'!B66 -> Administración de Bienes y Servicios | E65: ='3-IDENTIFICACIÓN DEL RIESGO'!E66 -> 1. Subdirección Administrativa y Financiera. 2. Secretaría General. | F65: ='3-IDENTIFICACIÓN DEL RIESGO'!G66 -> Radicación de solicitud de comisión sin el cumplimiento de requisitos. | H65: 4 | N65: =COUNT(H65:M65) -> 1 | O65: =+SUM(H65:M65) -> 4 | P65: =O65/N65 -> 4 | Q65: =IF(P65<=1,"Rara vez",IF(P65<=2,"Improbable",IF(P65<=3,"Posible",IF(P65<=4,"Probable",IF(P65>4,"Casi seguro"))))) -> Probable | R65: 3 | X65: =COUNT(R65:W65) -> 1 | Y65: =+SUM(R65:W65) -> 3 | Z65: =Y65/X65 -> 3 | AA65: =IF(Z65<=1,"Insignificante",IF(Z65<=2,"Menor",IF(Z65<=3,"Moderado",IF(Z65<=4,"Mayor",IF(Z65>4,"Catastrófico"))))) -> Moderado | AB65: =IF(OR(AND(AA65="Insignificante",Q65="Rara Vez"),AND(AA65="Insignificante",Q65="Improbable"),AND(AA65="Insignificante",Q65="Posible"),AND(AA65="Menor",Q65="Rara Vez"),AND(AA65="Menor",Q65="Improbable")),"Bajo",IF(OR(AND(AA65="Insignificante",Q65="Probable"),AND(AA65="Menor",Q65="Posible"),AND(AA65="Moderado",Q65="Rara Vez"),AND(AA65="Moderado",Q65="Improbable")),"Moderado",IF(OR(AND(AA65="Menor",Q65="Probable"),AND(AA65="Menor",Q65="Casi Seguro"),AND(AA65="Mayor",Q65="Improbable"),AND(AA65="Mayor",Q65="Rara Vez"),AND(AA65="Moderado",Q65="Probable"),AND(AA65="Insignificante",Q65="Casi Seguro"),AND(AA65="Moderado",Q65="Posible")),"Alto",IF(OR(AND(AA65="Moderado",Q65="Casi Seguro"),AND(AA65="Mayor",Q65="Posible"),AND(AA65="Mayor",Q65="Probable"),AND(AA65="Mayor",Q65="Casi Seguro"),AND(AA65="Catastrófico",Q65="Rara Vez"),AND(AA65="Catastrófico",Q65="Improbable"),AND(AA65="Catastrófico",Q65="Posible"),AND(AA65="Catastrófico",Q65="Casi Seguro"),AND(AA65="Catastrófico",Q65="Probable")),"Extremo")))) -> Alto | AC65: Reducir
B66: 57 | C66: ='3-IDENTIFICACIÓN DEL RIESGO'!B67 -> Administración de Bienes y Servicios | E66: ='3-IDENTIFICACIÓN DEL RIESGO'!E67 -> 1. Subdirección Administrativa y Financiera. 2. Secretaría General. | F66: ='3-IDENTIFICACIÓN DEL RIESGO'!G67 -> Pérdida o daño en la documentación de la Agencia | H66: 2 | N66: =COUNT(H66:M66) -> 1 | O66: =+SUM(H66:M66) -> 2 | P66: =O66/N66 -> 2 | Q66: =IF(P66<=1,"Rara vez",IF(P66<=2,"Improbable",IF(P66<=3,"Posible",IF(P66<=4,"Probable",IF(P66>4,"Casi seguro"))))) -> Improbable | R66: 5 | X66: =COUNT(R66:W66) -> 1 | Y66: =+SUM(R66:W66) -> 5 | Z66: =Y66/X66 -> 5 | AA66: =IF(Z66<=1,"Insignificante",IF(Z66<=2,"Menor",IF(Z66<=3,"Moderado",IF(Z66<=4,"Mayor",IF(Z66>4,"Catastrófico"))))) -> Catastrófico | AB66: =IF(OR(AND(AA66="Insignificante",Q66="Rara Vez"),AND(AA66="Insignificante",Q66="Improbable"),AND(AA66="Insignificante",Q66="Posible"),AND(AA66="Menor",Q66="Rara Vez"),AND(AA66="Menor",Q66="Improbable")),"Bajo",IF(OR(AND(AA66="Insignificante",Q66="Probable"),AND(AA66="Menor",Q66="Posible"),AND(AA66="Moderado",Q66="Rara Vez"),AND(AA66="Moderado",Q66="Improbable")),"Moderado",IF(OR(AND(AA66="Menor",Q66="Probable"),AND(AA66="Menor",Q66="Casi Seguro"),AND(AA66="Mayor",Q66="Improbable"),AND(AA66="Mayor",Q66="Rara Vez"),AND(AA66="Moderado",Q66="Probable"),AND(AA66="Insignificante",Q66="Casi Seguro"),AND(AA66="Moderado",Q66="Posible")),"Alto",IF(OR(AND(AA66="Moderado",Q66="Casi Seguro"),AND(AA66="Mayor",Q66="Posible"),AND(AA66="Mayor",Q66="Probable"),AND(AA66="Mayor",Q66="Casi Seguro"),AND(AA66="Catastrófico",Q66="Rara Vez"),AND(AA66="Catastrófico",Q66="Improbable"),AND(AA66="Catastrófico",Q66="Posible"),AND(AA66="Catastrófico",Q66="Casi Seguro"),AND(AA66="Catastrófico",Q66="Probable")),"Extremo")))) -> Extremo | AC66: Reducir
B67: 58 | C67: ='3-IDENTIFICACIÓN DEL RIESGO'!B68 -> Administración de Bienes y Servicios | E67: ='3-IDENTIFICACIÓN DEL RIESGO'!E68 -> 1. Subdirección Administrativa y Financiera. 2. Secretaría General. | F67: ='3-IDENTIFICACIÓN DEL RIESGO'!G68 -> Asignación incorrecta de documentos en el momento de la radicación. | H67: 3 | N67: =COUNT(H67:M67) -> 1 | O67: =+SUM(H67:M67) -> 3 | P67: =O67/N67 -> 3 | Q67: =IF(P67<=1,"Rara vez",IF(P67<=2,"Improbable",IF(P67<=3,"Posible",IF(P67<=4,"Probable",IF(P67>4,"Casi seguro"))))) -> Posible | R67: 2 | X67: =COUNT(R67:W67) -> 1 | Y67: =+SUM(R67:W67) -> 2 | Z67: =Y67/X67 -> 2 | AA67: =IF(Z67<=1,"Insignificante",IF(Z67<=2,"Menor",IF(Z67<=3,"Moderado",IF(Z67<=4,"Mayor",IF(Z67>4,"Catastrófico"))))) -> Menor | AB67: =IF(OR(AND(AA67="Insignificante",Q67="Rara Vez"),AND(AA67="Insignificante",Q67="Improbable"),AND(AA67="Insignificante",Q67="Posible"),AND(AA67="Menor",Q67="Rara Vez"),AND(AA67="Menor",Q67="Improbable")),"Bajo",IF(OR(AND(AA67="Insignificante",Q67="Probable"),AND(AA67="Menor",Q67="Posible"),AND(AA67="Moderado",Q67="Rara Vez"),AND(AA67="Moderado",Q67="Improbable")),"Moderado",IF(OR(AND(AA67="Menor",Q67="Probable"),AND(AA67="Menor",Q67="Casi Seguro"),AND(AA67="Mayor",Q67="Improbable"),AND(AA67="Mayor",Q67="Rara Vez"),AND(AA67="Moderado",Q67="Probable"),AND(AA67="Insignificante",Q67="Casi Seguro"),AND(AA67="Moderado",Q67="Posible")),"Alto",IF(OR(AND(AA67="Moderado",Q67="Casi Seguro"),AND(AA67="Mayor",Q67="Posible"),AND(AA67="Mayor",Q67="Probable"),AND(AA67="Mayor",Q67="Casi Seguro"),AND(AA67="Catastrófico",Q67="Rara Vez"),AND(AA67="Catastrófico",Q67="Improbable"),AND(AA67="Catastrófico",Q67="Posible"),AND(AA67="Catastrófico",Q67="Casi Seguro"),AND(AA67="Catastrófico",Q67="Probable")),"Extremo")))) -> Moderado | AC67: Reducir
B68: 59 | C68: ='3-IDENTIFICACIÓN DEL RIESGO'!B69 -> Administración de Bienes y Servicios | E68: ='3-IDENTIFICACIÓN DEL RIESGO'!E69 -> 1. Subdirección Administrativa y Financiera. 2. Secretaría General. | F68: ='3-IDENTIFICACIÓN DEL RIESGO'!G69 -> Demoras en la atención de los requerimientos de expedientes por parte de las dependencias | H68: 4 | N68: =COUNT(H68:M68) -> 1 | O68: =+SUM(H68:M68) -> 4 | P68: =O68/N68 -> 4 | Q68: =IF(P68<=1,"Rara vez",IF(P68<=2,"Improbable",IF(P68<=3,"Posible",IF(P68<=4,"Probable",IF(P68>4,"Casi seguro"))))) -> Probable | R68: 4 | X68: =COUNT(R68:W68) -> 1 | Y68: =+SUM(R68:W68) -> 4 | Z68: =Y68/X68 -> 4 | AA68: =IF(Z68<=1,"Insignificante",IF(Z68<=2,"Menor",IF(Z68<=3,"Moderado",IF(Z68<=4,"Mayor",IF(Z68>4,"Catastrófico"))))) -> Mayor | AB68: =IF(OR(AND(AA68="Insignificante",Q68="Rara Vez"),AND(AA68="Insignificante",Q68="Improbable"),AND(AA68="Insignificante",Q68="Posible"),AND(AA68="Menor",Q68="Rara Vez"),AND(AA68="Menor",Q68="Improbable")),"Bajo",IF(OR(AND(AA68="Insignificante",Q68="Probable"),AND(AA68="Menor",Q68="Posible"),AND(AA68="Moderado",Q68="Rara Vez"),AND(AA68="Moderado",Q68="Improbable")),"Moderado",IF(OR(AND(AA68="Menor",Q68="Probable"),AND(AA68="Menor",Q68="Casi Seguro"),AND(AA68="Mayor",Q68="Improbable"),AND(AA68="Mayor",Q68="Rara Vez"),AND(AA68="Moderado",Q68="Probable"),AND(AA68="Insignificante",Q68="Casi Seguro"),AND(AA68="Moderado",Q68="Posible")),"Alto",IF(OR(AND(AA68="Moderado",Q68="Casi Seguro"),AND(AA68="Mayor",Q68="Posible"),AND(AA68="Mayor",Q68="Probable"),AND(AA68="Mayor",Q68="Casi Seguro"),AND(AA68="Catastrófico",Q68="Rara Vez"),AND(AA68="Catastrófico",Q68="Improbable"),AND(AA68="Catastrófico",Q68="Posible"),AND(AA68="Catastrófico",Q68="Casi Seguro"),AND(AA68="Catastrófico",Q68="Probable")),"Extremo")))) -> Extremo | AC68: Reducir
B69: 60 | C69: ='3-IDENTIFICACIÓN DEL RIESGO'!B70 -> Administración de Bienes y Servicios | E69: ='3-IDENTIFICACIÓN DEL RIESGO'!E70 -> 1. Subdirección Administrativa y Financiera. 2. Secretaría General. | F69: ='3-IDENTIFICACIÓN DEL RIESGO'!G70 -> Incumplimiento del plan de gestión integral de residuos peligrosos. | H69: 1 | I69: 3 | N69: =COUNT(H69:M69) -> 2 | O69: =+SUM(H69:M69) -> 4 | P69: =O69/N69 -> 2 | Q69: =IF(P69<=1,"Rara vez",IF(P69<=2,"Improbable",IF(P69<=3,"Posible",IF(P69<=4,"Probable",IF(P69>4,"Casi seguro"))))) -> Improbable | R69: 5 | S69: 5 | X69: =COUNT(R69:W69) -> 2 | Y69: =+SUM(R69:W69) -> 10 | Z69: =Y69/X69 -> 5 | AA69: =IF(Z69<=1,"Insignificante",IF(Z69<=2,"Menor",IF(Z69<=3,"Moderado",IF(Z69<=4,"Mayor",IF(Z69>4,"Catastrófico"))))) -> Catastrófico | AB69: =IF(OR(AND(AA69="Insignificante",Q69="Rara Vez"),AND(AA69="Insignificante",Q69="Improbable"),AND(AA69="Insignificante",Q69="Posible"),AND(AA69="Menor",Q69="Rara Vez"),AND(AA69="Menor",Q69="Improbable")),"Bajo",IF(OR(AND(AA69="Insignificante",Q69="Probable"),AND(AA69="Menor",Q69="Posible"),AND(AA69="Moderado",Q69="Rara Vez"),AND(AA69="Moderado",Q69="Improbable")),"Moderado",IF(OR(AND(AA69="Menor",Q69="Probable"),AND(AA69="Menor",Q69="Casi Seguro"),AND(AA69="Mayor",Q69="Improbable"),AND(AA69="Mayor",Q69="Rara Vez"),AND(AA69="Moderado",Q69="Probable"),AND(AA69="Insignificante",Q69="Casi Seguro"),AND(AA69="Moderado",Q69="Posible")),"Alto",IF(OR(AND(AA69="Moderado",Q69="Casi Seguro"),AND(AA69="Mayor",Q69="Posible"),AND(AA69="Mayor",Q69="Probable"),AND(AA69="Mayor",Q69="Casi Seguro"),AND(AA69="Catastrófico",Q69="Rara Vez"),AND(AA69="Catastrófico",Q69="Improbable"),AND(AA69="Catastrófico",Q69="Posible"),AND(AA69="Catastrófico",Q69="Casi Seguro"),AND(AA69="Catastrófico",Q69="Probable")),"Extremo")))) -> Extremo | AC69: Reducir
B70: 61 | C70: ='3-IDENTIFICACIÓN DEL RIESGO'!B71 -> Administración de Bienes y Servicios | E70: ='3-IDENTIFICACIÓN DEL RIESGO'!E71 -> 1. Subdirección Administrativa y Financiera. 2. Secretaría General. | F70: ='3-IDENTIFICACIÓN DEL RIESGO'!G71 -> Incumplimiento de requisitos y trámites legales ambientales en la adquisición de bienes y servicios | H70: 4 | I70: 4 | N70: =COUNT(H70:M70) -> 2 | O70: =+SUM(H70:M70) -> 8 | P70: =O70/N70 -> 4 | Q70: =IF(P70<=1,"Rara vez",IF(P70<=2,"Improbable",IF(P70<=3,"Posible",IF(P70<=4,"Probable",IF(P70>4,"Casi seguro"))))) -> Probable | R70: 3 | S70: 3 | X70: =COUNT(R70:W70) -> 2 | Y70: =+SUM(R70:W70) -> 6 | Z70: =Y70/X70 -> 3 | AA70: =IF(Z70<=1,"Insignificante",IF(Z70<=2,"Menor",IF(Z70<=3,"Moderado",IF(Z70<=4,"Mayor",IF(Z70>4,"Catastrófico"))))) -> Moderado | AB70: =IF(OR(AND(AA70="Insignificante",Q70="Rara Vez"),AND(AA70="Insignificante",Q70="Improbable"),AND(AA70="Insignificante",Q70="Posible"),AND(AA70="Menor",Q70="Rara Vez"),AND(AA70="Menor",Q70="Improbable")),"Bajo",IF(OR(AND(AA70="Insignificante",Q70="Probable"),AND(AA70="Menor",Q70="Posible"),AND(AA70="Moderado",Q70="Rara Vez"),AND(AA70="Moderado",Q70="Improbable")),"Moderado",IF(OR(AND(AA70="Menor",Q70="Probable"),AND(AA70="Menor",Q70="Casi Seguro"),AND(AA70="Mayor",Q70="Improbable"),AND(AA70="Mayor",Q70="Rara Vez"),AND(AA70="Moderado",Q70="Probable"),AND(AA70="Insignificante",Q70="Casi Seguro"),AND(AA70="Moderado",Q70="Posible")),"Alto",IF(OR(AND(AA70="Moderado",Q70="Casi Seguro"),AND(AA70="Mayor",Q70="Posible"),AND(AA70="Mayor",Q70="Probable"),AND(AA70="Mayor",Q70="Casi Seguro"),AND(AA70="Catastrófico",Q70="Rara Vez"),AND(AA70="Catastrófico",Q70="Improbable"),AND(AA70="Catastrófico",Q70="Posible"),AND(AA70="Catastrófico",Q70="Casi Seguro"),AND(AA70="Catastrófico",Q70="Probable")),"Extremo")))) -> Alto | AC70: Reducir
B71: 62 | C71: ='3-IDENTIFICACIÓN DEL RIESGO'!B72 -> Administración de Bienes y Servicios | E71: ='3-IDENTIFICACIÓN DEL RIESGO'!E72 -> 1. Subdirección Administrativa y Financiera. 2. Secretaría General. | F71: ='3-IDENTIFICACIÓN DEL RIESGO'!G72 -> Desactualización del Sistema de Gestión Ambiental con requisitos legales ambientales. | H71: 1 | I71: 3 | N71: =COUNT(H71:M71) -> 2 | O71: =+SUM(H71:M71) -> 4 | P71: =O71/N71 -> 2 | Q71: =IF(P71<=1,"Rara vez",IF(P71<=2,"Improbable",IF(P71<=3,"Posible",IF(P71<=4,"Probable",IF(P71>4,"Casi seguro"))))) -> Improbable | R71: 5 | S71: 5 | X71: =COUNT(R71:W71) -> 2 | Y71: =+SUM(R71:W71) -> 10 | Z71: =Y71/X71 -> 5 | AA71: =IF(Z71<=1,"Insignificante",IF(Z71<=2,"Menor",IF(Z71<=3,"Moderado",IF(Z71<=4,"Mayor",IF(Z71>4,"Catastrófico"))))) -> Catastrófico | AB71: =IF(OR(AND(AA71="Insignificante",Q71="Rara Vez"),AND(AA71="Insignificante",Q71="Improbable"),AND(AA71="Insignificante",Q71="Posible"),AND(AA71="Menor",Q71="Rara Vez"),AND(AA71="Menor",Q71="Improbable")),"Bajo",IF(OR(AND(AA71="Insignificante",Q71="Probable"),AND(AA71="Menor",Q71="Posible"),AND(AA71="Moderado",Q71="Rara Vez"),AND(AA71="Moderado",Q71="Improbable")),"Moderado",IF(OR(AND(AA71="Menor",Q71="Probable"),AND(AA71="Menor",Q71="Casi Seguro"),AND(AA71="Mayor",Q71="Improbable"),AND(AA71="Mayor",Q71="Rara Vez"),AND(AA71="Moderado",Q71="Probable"),AND(AA71="Insignificante",Q71="Casi Seguro"),AND(AA71="Moderado",Q71="Posible")),"Alto",IF(OR(AND(AA71="Moderado",Q71="Casi Seguro"),AND(AA71="Mayor",Q71="Posible"),AND(AA71="Mayor",Q71="Probable"),AND(AA71="Mayor",Q71="Casi Seguro"),AND(AA71="Catastrófico",Q71="Rara Vez"),AND(AA71="Catastrófico",Q71="Improbable"),AND(AA71="Catastrófico",Q71="Posible"),AND(AA71="Catastrófico",Q71="Casi Seguro"),AND(AA71="Catastrófico",Q71="Probable")),"Extremo")))) -> Extremo | AC71: Reducir
B72: 63 | C72: ='3-IDENTIFICACIÓN DEL RIESGO'!B73 -> Administración de Bienes y Servicios | E72: ='3-IDENTIFICACIÓN DEL RIESGO'!E73 -> 1. Subdirección Administrativa y Financiera. 2. Secretaría General. | F72: ='3-IDENTIFICACIÓN DEL RIESGO'!G73 -> Disposición de residuos sin cumplir las prácticas establecidas en la entidad | H72: 5 | I72: 5 | N72: =COUNT(H72:M72) -> 2 | O72: =+SUM(H72:M72) -> 10 | P72: =O72/N72 -> 5 | Q72: =IF(P72<=1,"Rara vez",IF(P72<=2,"Improbable",IF(P72<=3,"Posible",IF(P72<=4,"Probable",IF(P72>4,"Casi seguro"))))) -> Casi seguro | R72: 3 | S72: 3 | X72: =COUNT(R72:W72) -> 2 | Y72: =+SUM(R72:W72) -> 6 | Z72: =Y72/X72 -> 3 | AA72: =IF(Z72<=1,"Insignificante",IF(Z72<=2,"Menor",IF(Z72<=3,"Moderado",IF(Z72<=4,"Mayor",IF(Z72>4,"Catastrófico"))))) -> Moderado | AB72: =IF(OR(AND(AA72="Insignificante",Q72="Rara Vez"),AND(AA72="Insignificante",Q72="Improbable"),AND(AA72="Insignificante",Q72="Posible"),AND(AA72="Menor",Q72="Rara Vez"),AND(AA72="Menor",Q72="Improbable")),"Bajo",IF(OR(AND(AA72="Insignificante",Q72="Probable"),AND(AA72="Menor",Q72="Posible"),AND(AA72="Moderado",Q72="Rara Vez"),AND(AA72="Moderado",Q72="Improbable")),"Moderado",IF(OR(AND(AA72="Menor",Q72="Probable"),AND(AA72="Menor",Q72="Casi Seguro"),AND(AA72="Mayor",Q72="Improbable"),AND(AA72="Mayor",Q72="Rara Vez"),AND(AA72="Moderado",Q72="Probable"),AND(AA72="Insignificante",Q72="Casi Seguro"),AND(AA72="Moderado",Q72="Posible")),"Alto",IF(OR(AND(AA72="Moderado",Q72="Casi Seguro"),AND(AA72="Mayor",Q72="Posible"),AND(AA72="Mayor",Q72="Probable"),AND(AA72="Mayor",Q72="Casi Seguro"),AND(AA72="Catastrófico",Q72="Rara Vez"),AND(AA72="Catastrófico",Q72="Improbable"),AND(AA72="Catastrófico",Q72="Posible"),AND(AA72="Catastrófico",Q72="Casi Seguro"),AND(AA72="Catastrófico",Q72="Probable")),"Extremo")))) -> Extremo | AC72: Reducir
B73: 64 | C73: ='3-IDENTIFICACIÓN DEL RIESGO'!B74 -> Gestión Financiera | E73: ='3-IDENTIFICACIÓN DEL RIESGO'!E74 -> 1. Secretaría General. 2. Subdirección Administrativa y Financiera. 3. Subdirección de Administración de Tierras de la Nación. 4. Oficina de Planeación | F73: ='3-IDENTIFICACIÓN DEL RIESGO'!G74 -> Registro de gastos y pagos sin cumplimiento de requisitos legales | H73: 2 | N73: =COUNT(H73:M73) -> 1 | O73: =+SUM(H73:M73) -> 2 | P73: =O73/N73 -> 2 | Q73: =IF(P73<=1,"Rara vez",IF(P73<=2,"Improbable",IF(P73<=3,"Posible",IF(P73<=4,"Probable",IF(P73>4,"Casi seguro"))))) -> Improbable | R73: 4 | X73: =COUNT(R73:W73) -> 1 | Y73: =+SUM(R73:W73) -> 4 | Z73: =Y73/X73 -> 4 | AA73: =IF(Z73<=1,"Insignificante",IF(Z73<=2,"Menor",IF(Z73<=3,"Moderado",IF(Z73<=4,"Mayor",IF(Z73>4,"Catastrófico"))))) -> Mayor | AB73: =IF(OR(AND(AA73="Insignificante",Q73="Rara Vez"),AND(AA73="Insignificante",Q73="Improbable"),AND(AA73="Insignificante",Q73="Posible"),AND(AA73="Menor",Q73="Rara Vez"),AND(AA73="Menor",Q73="Improbable")),"Bajo",IF(OR(AND(AA73="Insignificante",Q73="Probable"),AND(AA73="Menor",Q73="Posible"),AND(AA73="Moderado",Q73="Rara Vez"),AND(AA73="Moderado",Q73="Improbable")),"Moderado",IF(OR(AND(AA73="Menor",Q73="Probable"),AND(AA73="Menor",Q73="Casi Seguro"),AND(AA73="Mayor",Q73="Improbable"),AND(AA73="Mayor",Q73="Rara Vez"),AND(AA73="Moderado",Q73="Probable"),AND(AA73="Insignificante",Q73="Casi Seguro"),AND(AA73="Moderado",Q73="Posible")),"Alto",IF(OR(AND(AA73="Moderado",Q73="Casi Seguro"),AND(AA73="Mayor",Q73="Posible"),AND(AA73="Mayor",Q73="Probable"),AND(AA73="Mayor",Q73="Casi Seguro"),AND(AA73="Catastrófico",Q73="Rara Vez"),AND(AA73="Catastrófico",Q73="Improbable"),AND(AA73="Catastrófico",Q73="Posible"),AND(AA73="Catastrófico",Q73="Casi Seguro"),AND(AA73="Catastrófico",Q73="Probable")),"Extremo")))) -> Alto | AC73: Reducir
B74: 65 | C74: ='3-IDENTIFICACIÓN DEL RIESGO'!B75 -> Gestión Financiera | E74: ='3-IDENTIFICACIÓN DEL RIESGO'!E75 -> 1. Secretaría General. 2. Subdirección Administrativa y Financiera. 3. Subdirección de Administración de Tierras de la Nación. 4. Oficina de Planeación | F74: ='3-IDENTIFICACIÓN DEL RIESGO'!G75 -> Programación del PAC que no corresponde a las necesidades reales | H74: 1 | N74: =COUNT(H74:M74) -> 1 | O74: =+SUM(H74:M74) -> 1 | P74: =O74/N74 -> 1 | Q74: =IF(P74<=1,"Rara vez",IF(P74<=2,"Improbable",IF(P74<=3,"Posible",IF(P74<=4,"Probable",IF(P74>4,"Casi seguro"))))) -> Rara vez | R74: 4 | X74: =COUNT(R74:W74) -> 1 | Y74: =+SUM(R74:W74) -> 4 | Z74: =Y74/X74 -> 4 | AA74: =IF(Z74<=1,"Insignificante",IF(Z74<=2,"Menor",IF(Z74<=3,"Moderado",IF(Z74<=4,"Mayor",IF(Z74>4,"Catastrófico"))))) -> Mayor | AB74: =IF(OR(AND(AA74="Insignificante",Q74="Rara Vez"),AND(AA74="Insignificante",Q74="Improbable"),AND(AA74="Insignificante",Q74="Posible"),AND(AA74="Menor",Q74="Rara Vez"),AND(AA74="Menor",Q74="Improbable")),"Bajo",IF(OR(AND(AA74="Insignificante",Q74="Probable"),AND(AA74="Menor",Q74="Posible"),AND(AA74="Moderado",Q74="Rara Vez"),AND(AA74="Moderado",Q74="Improbable")),"Moderado",IF(OR(AND(AA74="Menor",Q74="Probable"),AND(AA74="Menor",Q74="Casi Seguro"),AND(AA74="Mayor",Q74="Improbable"),AND(AA74="Mayor",Q74="Rara Vez"),AND(AA74="Moderado",Q74="Probable"),AND(AA74="Insignificante",Q74="Casi Seguro"),AND(AA74="Moderado",Q74="Posible")),"Alto",IF(OR(AND(AA74="Moderado",Q74="Casi Seguro"),AND(AA74="Mayor",Q74="Posible"),AND(AA74="Mayor",Q74="Probable"),AND(AA74="Mayor",Q74="Casi Seguro"),AND(AA74="Catastrófico",Q74="Rara Vez"),AND(AA74="Catastrófico",Q74="Improbable"),AND(AA74="Catastrófico",Q74="Posible"),AND(AA74="Catastrófico",Q74="Casi Seguro"),AND(AA74="Catastrófico",Q74="Probable")),"Extremo")))) -> Alto | AC74: Reducir
B75: 66 | C75: ='3-IDENTIFICACIÓN DEL RIESGO'!B76 -> Gestión Financiera | E75: ='3-IDENTIFICACIÓN DEL RIESGO'!E76 -> 1. Secretaría General. 2. Subdirección Administrativa y Financiera. 3. Subdirección de Administración de Tierras de la Nación. 4. Oficina de Planeación | F75: ='3-IDENTIFICACIÓN DEL RIESGO'!G76 -> Generación de obligaciones con inconsistencias en la aplicación de las deducciones tributarias | H75: 1 | N75: =COUNT(H75:M75) -> 1 | O75: =+SUM(H75:M75) -> 1 | P75: =O75/N75 -> 1 | Q75: =IF(P75<=1,"Rara vez",IF(P75<=2,"Improbable",IF(P75<=3,"Posible",IF(P75<=4,"Probable",IF(P75>4,"Casi seguro"))))) -> Rara vez | R75: 4 | X75: =COUNT(R75:W75) -> 1 | Y75: =+SUM(R75:W75) -> 4 | Z75: =Y75/X75 -> 4 | AA75: =IF(Z75<=1,"Insignificante",IF(Z75<=2,"Menor",IF(Z75<=3,"Moderado",IF(Z75<=4,"Mayor",IF(Z75>4,"Catastrófico"))))) -> Mayor | AB75: =IF(OR(AND(AA75="Insignificante",Q75="Rara Vez"),AND(AA75="Insignificante",Q75="Improbable"),AND(AA75="Insignificante",Q75="Posible"),AND(AA75="Menor",Q75="Rara Vez"),AND(AA75="Menor",Q75="Improbable")),"Bajo",IF(OR(AND(AA75="Insignificante",Q75="Probable"),AND(AA75="Menor",Q75="Posible"),AND(AA75="Moderado",Q75="Rara Vez"),AND(AA75="Moderado",Q75="Improbable")),"Moderado",IF(OR(AND(AA75="Menor",Q75="Probable"),AND(AA75="Menor",Q75="Casi Seguro"),AND(AA75="Mayor",Q75="Improbable"),AND(AA75="Mayor",Q75="Rara Vez"),AND(AA75="Moderado",Q75="Probable"),AND(AA75="Insignificante",Q75="Casi Seguro"),AND(AA75="Moderado",Q75="Posible")),"Alto",IF(OR(AND(AA75="Moderado",Q75="Casi Seguro"),AND(AA75="Mayor",Q75="Posible"),AND(AA75="Mayor",Q75="Probable"),AND(AA75="Mayor",Q75="Casi Seguro"),AND(AA75="Catastrófico",Q75="Rara Vez"),AND(AA75="Catastrófico",Q75="Improbable"),AND(AA75="Catastrófico",Q75="Posible"),AND(AA75="Catastrófico",Q75="Casi Seguro"),AND(AA75="Catastrófico",Q75="Probable")),"Extremo")))) -> Alto | AC75: Reducir
B76: 67 | C76: ='3-IDENTIFICACIÓN DEL RIESGO'!B77 -> Gestión Financiera | E76: ='3-IDENTIFICACIÓN DEL RIESGO'!E77 -> 1. Secretaría General. 2. Subdirección Administrativa y Financiera. 3. Subdirección de Administración de Tierras de la Nación. 4. Oficina de Planeación | F76: ='3-IDENTIFICACIÓN DEL RIESGO'!G77 -> Generar Estados Financieros que no sean razonables | H76: 1 | N76: =COUNT(H76:M76) -> 1 | O76: =+SUM(H76:M76) -> 1 | P76: =O76/N76 -> 1 | Q76: =IF(P76<=1,"Rara vez",IF(P76<=2,"Improbable",IF(P76<=3,"Posible",IF(P76<=4,"Probable",IF(P76>4,"Casi seguro"))))) -> Rara vez | R76: 4 | X76: =COUNT(R76:W76) -> 1 | Y76: =+SUM(R76:W76) -> 4 | Z76: =Y76/X76 -> 4 | AA76: =IF(Z76<=1,"Insignificante",IF(Z76<=2,"Menor",IF(Z76<=3,"Moderado",IF(Z76<=4,"Mayor",IF(Z76>4,"Catastrófico"))))) -> Mayor | AB76: =IF(OR(AND(AA76="Insignificante",Q76="Rara Vez"),AND(AA76="Insignificante",Q76="Improbable"),AND(AA76="Insignificante",Q76="Posible"),AND(AA76="Menor",Q76="Rara Vez"),AND(AA76="Menor",Q76="Improbable")),"Bajo",IF(OR(AND(AA76="Insignificante",Q76="Probable"),AND(AA76="Menor",Q76="Posible"),AND(AA76="Moderado",Q76="Rara Vez"),AND(AA76="Moderado",Q76="Improbable")),"Moderado",IF(OR(AND(AA76="Menor",Q76="Probable"),AND(AA76="Menor",Q76="Casi Seguro"),AND(AA76="Mayor",Q76="Improbable"),AND(AA76="Mayor",Q76="Rara Vez"),AND(AA76="Moderado",Q76="Probable"),AND(AA76="Insignificante",Q76="Casi Seguro"),AND(AA76="Moderado",Q76="Posible")),"Alto",IF(OR(AND(AA76="Moderado",Q76="Casi Seguro"),AND(AA76="Mayor",Q76="Posible"),AND(AA76="Mayor",Q76="Probable"),AND(AA76="Mayor",Q76="Casi Seguro"),AND(AA76="Catastrófico",Q76="Rara Vez"),AND(AA76="Catastrófico",Q76="Improbable"),AND(AA76="Catastrófico",Q76="Posible"),AND(AA76="Catastrófico",Q76="Casi Seguro"),AND(AA76="Catastrófico",Q76="Probable")),"Extremo")))) -> Alto | AC76: Reducir
B77: 68 | C77: ='3-IDENTIFICACIÓN DEL RIESGO'!B78 -> Gestión Financiera | E77: ='3-IDENTIFICACIÓN DEL RIESGO'!E78 -> 1. Secretaría General. 2. Subdirección Administrativa y Financiera. 3. Subdirección de Administración de Tierras de la Nación. 4. Oficina de Planeación | F77: ='3-IDENTIFICACIÓN DEL RIESGO'!G78 -> Imprecisiones en la información oficial de la cartera a cargo de la ANT | H77: 2 | N77: =COUNT(H77:M77) -> 1 | O77: =+SUM(H77:M77) -> 2 | P77: =O77/N77 -> 2 | Q77: =IF(P77<=1,"Rara vez",IF(P77<=2,"Improbable",IF(P77<=3,"Posible",IF(P77<=4,"Probable",IF(P77>4,"Casi seguro"))))) -> Improbable | R77: 4 | X77: =COUNT(R77:W77) -> 1 | Y77: =+SUM(R77:W77) -> 4 | Z77: =Y77/X77 -> 4 | AA77: =IF(Z77<=1,"Insignificante",IF(Z77<=2,"Menor",IF(Z77<=3,"Moderado",IF(Z77<=4,"Mayor",IF(Z77>4,"Catastrófico"))))) -> Mayor | AB77: =IF(OR(AND(AA77="Insignificante",Q77="Rara Vez"),AND(AA77="Insignificante",Q77="Improbable"),AND(AA77="Insignificante",Q77="Posible"),AND(AA77="Menor",Q77="Rara Vez"),AND(AA77="Menor",Q77="Improbable")),"Bajo",IF(OR(AND(AA77="Insignificante",Q77="Probable"),AND(AA77="Menor",Q77="Posible"),AND(AA77="Moderado",Q77="Rara Vez"),AND(AA77="Moderado",Q77="Improbable")),"Moderado",IF(OR(AND(AA77="Menor",Q77="Probable"),AND(AA77="Menor",Q77="Casi Seguro"),AND(AA77="Mayor",Q77="Improbable"),AND(AA77="Mayor",Q77="Rara Vez"),AND(AA77="Moderado",Q77="Probable"),AND(AA77="Insignificante",Q77="Casi Seguro"),AND(AA77="Moderado",Q77="Posible")),"Alto",IF(OR(AND(AA77="Moderado",Q77="Casi Seguro"),AND(AA77="Mayor",Q77="Posible"),AND(AA77="Mayor",Q77="Probable"),AND(AA77="Mayor",Q77="Casi Seguro"),AND(AA77="Catastrófico",Q77="Rara Vez"),AND(AA77="Catastrófico",Q77="Improbable"),AND(AA77="Catastrófico",Q77="Posible"),AND(AA77="Catastrófico",Q77="Casi Seguro"),AND(AA77="Catastrófico",Q77="Probable")),"Extremo")))) -> Alto | AC77: Reducir
B78: 69 | C78: ='3-IDENTIFICACIÓN DEL RIESGO'!B79 -> Gestión Financiera | E78: ='3-IDENTIFICACIÓN DEL RIESGO'!E79 -> 1. Secretaría General. 2. Subdirección Administrativa y Financiera. 3. Subdirección de Administración de Tierras de la Nación. 4. Oficina de Planeación | F78: ='3-IDENTIFICACIÓN DEL RIESGO'!G79 -> Fallas en la constitución de la reserva presupuestal | H78: 2 | N78: =COUNT(H78:M78) -> 1 | O78: =+SUM(H78:M78) -> 2 | P78: =O78/N78 -> 2 | Q78: =IF(P78<=1,"Rara vez",IF(P78<=2,"Improbable",IF(P78<=3,"Posible",IF(P78<=4,"Probable",IF(P78>4,"Casi seguro"))))) -> Improbable | R78: 5 | X78: =COUNT(R78:W78) -> 1 | Y78: =+SUM(R78:W78) -> 5 | Z78: =Y78/X78 -> 5 | AA78: =IF(Z78<=1,"Insignificante",IF(Z78<=2,"Menor",IF(Z78<=3,"Moderado",IF(Z78<=4,"Mayor",IF(Z78>4,"Catastrófico"))))) -> Catastrófico | AB78: =IF(OR(AND(AA78="Insignificante",Q78="Rara Vez"),AND(AA78="Insignificante",Q78="Improbable"),AND(AA78="Insignificante",Q78="Posible"),AND(AA78="Menor",Q78="Rara Vez"),AND(AA78="Menor",Q78="Improbable")),"Bajo",IF(OR(AND(AA78="Insignificante",Q78="Probable"),AND(AA78="Menor",Q78="Posible"),AND(AA78="Moderado",Q78="Rara Vez"),AND(AA78="Moderado",Q78="Improbable")),"Moderado",IF(OR(AND(AA78="Menor",Q78="Probable"),AND(AA78="Menor",Q78="Casi Seguro"),AND(AA78="Mayor",Q78="Improbable"),AND(AA78="Mayor",Q78="Rara Vez"),AND(AA78="Moderado",Q78="Probable"),AND(AA78="Insignificante",Q78="Casi Seguro"),AND(AA78="Moderado",Q78="Posible")),"Alto",IF(OR(AND(AA78="Moderado",Q78="Casi Seguro"),AND(AA78="Mayor",Q78="Posible"),AND(AA78="Mayor",Q78="Probable"),AND(AA78="Mayor",Q78="Casi Seguro"),AND(AA78="Catastrófico",Q78="Rara Vez"),AND(AA78="Catastrófico",Q78="Improbable"),AND(AA78="Catastrófico",Q78="Posible"),AND(AA78="Catastrófico",Q78="Casi Seguro"),AND(AA78="Catastrófico",Q78="Probable")),"Extremo")))) -> Extremo | AC78: Reducir
